Workbook

Sheet Surveys
C3: Survey 2 | G3: Survey 3 | K3: Final
C4: FLDOE Report | D4: ESE Guar | E4: Transp | G4: FLDOE Report | H4: ESE Guar | I4: Transp | K4: Final Calculation
A7: FY 2016
A8: Release date | C8: 42342 | G8: 42459 | K8: 42629
A9: 1st month used | C9: 42339 | G9: 42491 | K9: 42675
A12: FY 2017
A13: Release date | C13: 42702 | G13: 42817 | K13: 42997
A14: 1st month used | C14: 42705 | G14: 42826 | K14: 43040
A17: FY 2018
A18: Release date | C18: 43046 | G18: 43218 | K18: 43343
A19: Received | K19: 43647
A20: 1st month used | C20: 43070 | G20: 43221 | K20: 43708
C21: Preliminary
A23: Release date | C23: 43102 | G23: --- | K23: ---
A24: 1st month used | C24: 43132 | G24: --- | K24: ---
C25: Final | G25: --- | K25: ---
A28: FY 2019
A29: Release date | C29: 43468 | D29: --- | G29: 43538 | H29: --- | K29: 43713
A30: Received | C30: 43476 | G30: 43595 | H30: 43726 | I30: 43648 | K30: 43773
A31: 1st month used | C31: 43497 | D31: 43525 | G31: 43617 | H31: 43770 | I31: 43656 | K31: 43770
H32: SR-0067373 | I32: SR-0067374
A34: FY 2020
A35: Release/Requested date | C35: 43775
A36: Received | C36: 43788
A37: 1st month used | C37: 43830
C38: Preliminary
A40: Release/Requested date | C40: 43833 | D40: 43853 | E40: 43853 | G40: 43895 | H40: 43906 | I40: 43906 | K40: 44028
A41: Received | C41: 43859 | D41: 43858 | E41: 43858 | G41: 43906 | H41: 43950 | I41: 43950 | K41: 44075
A42: 1st month used | C42: 43889 | D42: 43889 | E42: 43889 | G42: 43951 | H42: 43982 | I42: 43982 | K42: 44166
A43: Service Request # | C43: Final | D43: SR-0085635 | E43: SR0085639 | H43: SR-0089096 | I43: SR-0089100
A46: FY 2021
A48: Release/Requested date | C48: 44147 | D48: 44314 | E48: 44314 | G48: 44307 | H48: 44314 | I48: 44314 | K48: 44875
A49: Received | C49: 44151 | D49: 44316 | E49: 44316 | G49: 44314 | H49: 44319 | I49: 44319 | K49: 44565
A50: 1st month used | C50: 44317 | D50: 44347 | E50: 44347 | G50: 44347 | H50: 44347 | I50: 44347 | K50: 44613
A51: Service Request # | D51: SR-0125077 | E51: SR-0125081 | H51: SR-0125054 | I51: SR-0125055
A54: FY 2022
A56: Release/Requested date | C56: 44518 | D56: 01/07/2022, 08:49:15 | E56: 01/07/2022, 09:18:46 | G56: 44630 | H56: 05/03/2022, 12:14:36 | I56: 05/03/2022, 12:16:24 | K56: 44834
A57: Received | C57: 44565 | D57: 44580 | E57: 44580 | G57: 44684 | H57: 44691 | I57: 44691 | K57: 44893
A58: 1st month used | C58: 44562 | D58: 44620 | E58: 44620 | G58: 44712 | H58: 44742 | I58: 44742 | K58: 44926
A59: Service Request # | C59: --- | D59: SR-0156328 | E59: SR-0125081 | G59: --- | H59: SR-0171396 | I59: SR-0171397 | K59: ---
C60: Preliminary
A62: Release date | C62: 44574
A63: Received | C63: 44579
A64: 1st month used | C64: 44620
C65: Final
A67: FY 2023
A69: Release/Requested date | C69: 44874 | D69: 12/20/22, 09:31:04 | E69: 12/20/22, 09:37:14 | G69: 45008 | H69: 04/06/23, 07:25:38 | I69: 04/06/23, 07:27:58 | K69: 45199
A70: Received | C70: 44896 | D70: 44938 | E70: 44938 | G70: 45020 | H70: 45027 | I70: 45027 | K70: 45258
A71: 1st month used | C71: 44957 | D71: 44980 | E71: 44980 | G71: 45039 | H71: 45077 | I71: 45077 | K71: 45261
A72: Service Request # | C72: --- | D72: SR-0199712 | E72: SR-0199714 | G72: --- | H72: SR-0210986 | I72: SR-0210987
A75: FY 2024
A77: Release/Requested date | C77: 45239 | D77: 45295 | E77: 45295 | G77: Monday, 03/11/24 | H77: 45384 | I77: 45384 | K77: 45586
A78: Received | C78: 45261 | D78: 45302 | E78: 45302 | G78: Tue, 04/02/24 | H78: 45435 | I78: 45435 | K78: 45589
A79: 1st month used | C79: 45292 | D79: Feb 2025 | E79: Feb 2025 | G79: Apr 2024 | H79: June 2024 | I79: June 2024 | K79: 45597
A80: Service Request # | C80: --- | D80: SR-0243113 | E80: SR-0243112 | G80: --- | H80: SR-0251464 | I80: SR-0251467
A83: FY 2025
A85: Release/Requested date | C85: 45602 | D85: Friday, 01/04/25 | E85: Friday, 01/04/25
A86: Received | C86: 45614 | D86: 45674 | E86: 45674
A87: 1st month used | C87: December | D87: February | E87: February
A88: Service Request # | C88: --- | D88: SR-0283904 | E88: SR-0284903

Sheet Net Payment
B1: Final 2025 - FY 2025 Charter School FTE Payment
B2: ='1461'!A3 -> Based on the FLDOE 2024-25 Final Revenue Calculation Worksheet
B4: School # | C4: School Name | D4: Description | E4: FTE | F4: Adjustments | G4: Net | I4: NOTES TO ALL CHARTER SCHOOLS
A5: 1 | B5: 0040 | C5: Palm Beach Preparatory Middle School | D5: FTE June 2025 | E5: ='0040'!I$145 -> -4114.02 | G5: =SUBTOTAL(109,E5:F7) -> -4114.02
I7: Please go to the bottom of the page.
A8: 2 | B8: 0100 | C8: The Learning Center High School | D8: =D5 -> FTE June 2025 | E8: ='0100'!I$145 -> 49096.51 | G8: =SUBTOTAL(109,E8:F10) -> 49096.51
A12: 3 | B12: 1461 | C12: Inlet Grove Community High School | D12: FTE June 2025 | E12: ='1461'!I$145 -> -43892.07 | G12: =SUBTOTAL(109,E12:F36) -> -43892.07
D13: PY Final FEFP | I13: Please go to the bottom of the page.
D14: Sep Teacher Supplies Retract
D15: PY Digital C/R
D16: PY Dig C/R A/R
D17: PY Class Size Cat.
D18: Class Size Cat.
D19: Transportation
D20: School Police
D21: AT&T
D22: Avaya Maintenance
D23: LAN & Internet
C24: Ends June 2022 | D24: SWA Fees
D25: FY21 TSIA
D28: WPB-248085
D29: WPB-248086
D30: WPB-248087
D31: WPB-249234
D34: WPB-297918
D35: WPB-298449
D36: WPB-298447
A37: =1+A12 -> 4 | B37: 1571 | C37: South Tech Charter Academy | D37: =$D$12 -> FTE June 2025 | E37: ='1571'!I$145 -> -184087.4 | G37: =SUBTOTAL(109,E37:F52) -> -184087.4
D38: PY Final FEFP
D39: Sep Teacher Supplies Retract
D40: FY21 CSTAG Training
D41: PY Digital C/R | L41: 44630
D42: PY Dig C/R A/R | L42: =L41-60 -> 44570
D43: PY Class Size Cat.
D44: Class Size Cat.
D45: School Police
D46: AT&T
D47: Avaya Maintenance
D48: LAN & Internet
D49: FEFP Adj
D50: FY21 TSIA
D51: WPB
D52: WPB-271562
A53: =1+A37 -> 5 | B53: 2521 | C53: Ed Venture | D53: =$D$12 -> FTE June 2025 | E53: ='2521'!I$145 -> -31428.62 | G53: =SUBTOTAL(109,E53:F59) -> -31428.62
D54: PY Final FEFP
D55: PY Digital C/R
D56: PY Dig C/R A/R
D57: PY Class Size Cat.
D58: Class Size Cat.
D59: WPB-
A60: =1+A53 -> 6 | B60: 2531 | C60: Bodwell Academy | D60: =$D$12 -> FTE June 2025 | E60: ='2531'!I145 -> 38314.17 | G60: =SUBTOTAL(109,E60:F71) -> 38314.17
D61: PY Final FEFP
D62: PY Final FEFP
D63: Unused FY21 TSIA Funds
D64: FY21 CSTAG Training
D65: PY Digital C/R
D66: PY Dig C/R A/R
D67: PY Class Size Cat.
D68: Class Size Cat.
D69: FL AG - FY18
D70: FY21 TSIA
D71: WPB-
A72: =1+A60 -> 7 | B72: 2791 | C72: The Learning Center at The Els Center of Excellence | D72: =$D$12 -> FTE June 2025 | E72: ='2791'!I$145 -> 71313.19 | G72: =SUBTOTAL(109,E72:F79) -> 71313.19
D73: PY Final FEFP
D74: Sep Teacher Supplies Retract
D75: PY Digital C/R
D76: PY Dig C/R A/R
D78: Class Size Cat.
D79: WPB-
A80: =A72+1 -> 8 | B80: 2801 | C80: Palm Beach Maritime Academy Elementary | D80: =$D$12 -> FTE June 2025 | E80: ='2801'!I$145 -> 5817.12 | G80: =SUBTOTAL(109,E80:F89) -> 5817.12
D81: PY Final FEFP
D82: Sep Teacher Supplies Retract
D83: PY Digital C/R
D84: PY Safe Schl Alloc
D85: PY Class Size Cat.
D86: Class Size Cat.
D87: MS Course Recovery
D88: FL AG - FY18
D89: WPB-255421
A90: =A80+1 -> 9 | B90: 2911 | C90: Western Academy Charter School | D90: =$D$12 -> FTE June 2025 | E90: ='2911'!I$145 -> -34008.26 | G90: =SUBTOTAL(109,E90:F100) -> -34008.26
D91: PY Final FEFP
D92: FY21 CSTAG Training
D93: PY Digital C/R
D94: PY Dig C/R A/R
D95: PY Class Size Cat.
D96: Class Size Cat.
D97: MS Course Recovery
D98: WPB-292889
D99: WPB-260215
A101: =A90+1 -> 10 | B101: 2941 | C101: Palm Beach School for Autism | D101: =$D$12 -> FTE June 2025 | E101: ='2941'!I$145 -> 174701.34 | G101: =SUBTOTAL(109,E101:F109) -> 174701.34
D102: PY Final FEFP
D103: Sep Teacher Supplies Retract
D104: PY Digital C/R
D105: PY Dig C/R A/R
D106: PY Class Size Cat.
D107: Class Size Cat.
D108: FL AG - FY18
A110: =A101+1 -> 11 | B110: 3083 | C110: The Learning Academy at The Els Center of Excellence | D110: =$D$12 -> FTE June 2025 | E110: ='3083'!I$145 -> 67173.14 | G110: =SUBTOTAL(109,E110:F117) -> 67173.14
D111: PY Final FEFP
D112: Sep Teacher Supplies Retract
...

Sheet Annual Rev & Fees
E4: 0.75 | F4: Admin | G4: Fee % | I4: Annual | M4: Current | Q4: Sec 1 Rev/Fee per FTE | U4: Net Rev Per Sec 1 FTE
D5: H/P | E5: ESE | F5: Fee % | G5: W/O TSIA | I5: Revenue | J5: Rev - TSIA | K5: Admin Fee | L5: Net Revenue | M5: Mth's Pmt | O5: Sec 1 FTE | Q5: Rev | R5: Fee | S5: Net Rev | U5: H/P | V5: 75% ESE | W5: Other
A6: 1 | B6: 0040 | C6: Palm Beach Preparatory Middle School | D6: 0 | E6: ='0040'!H$133 | F6: =-K6/I6 -> 0.047752258 | G6: =-K6/J6 -> 0.05 | I6: ='0040'!I$128 -> 303811.39 | J6: =I6-'0040'!I$53 -> 290153.6 | K6: ='0040'!I$135 -> -14507.68 | L6: =I6+K6 -> 289303.71 | M6: ='0040'!I$145 -> -4114.02 | O6: ='0040'!E30 -> 35.4 | Q6: =I6/O6 -> 8582.2427 | R6: =K6/O6 -> -409.82147 | S6: =L6/O6 -> 8172.4212 | U6: =IF(D6="H",S6,0) -> 0 | V6: =ROUND(IF(E6=1,S6,0),2) -> 0 | W6: =IF(AND(U6=0,V6=0),S6,) -> 8172.4212
A7: 2 | B7: 0100 | C7: The Learning Center Highschool | D7: 0 | E7: ='0100'!H$133 -> 1 | F7: =-K7/I7 -> 0.012066484 | G7: =-K7/J7 -> 0.012577386 | I7: ='0100'!I$128 -> 320480.27 | J7: =I7-'0100'!I$53 -> 307462.13 | K7: ='0100'!I$135 -> -3867.07 | L7: =I7+K7 -> 316613.2 | M7: ='0100'!I$145 -> 49096.51 | O7: ='0100'!E30 -> 11.46 | Q7: =I7/O7 -> 27965.12 | R7: =K7/O7 -> -337.44066 | S7: =L7/O7 -> 27627.679 | U7: =IF(D7="H",S7,0) -> 0 | V7: =ROUND(IF(E7=1,S7,0),2) -> 27627.68 | W7: =IF(AND(U7=0,V7=0),S7,) -> 0
A8: 3 | B8: 1461 | C8: Inlet Grove Community High School | D8: ='1461'!G$135 -> H | E8: ='1461'!H$133 | F8: =-K8/I8 -> 0.0068015465 | G8: =-K8/J8 -> 0.0071576846 | I8: ='1461'!I$128 -> 5820476.3 | J8: =I8-'1461'!I$53 -> 5530872.4 | K8: ='1461'!I$135 -> -39588.24 | L8: =I8+K8 -> 5780888 | M8: ='1461'!I$145 -> -43892.07 | O8: ='1461'!E$30 -> 698.55 | Q8: =I8/O8 -> 8332.2257 | R8: =K8/O8 -> -56.672021 | S8: =L8/O8 -> 8275.5537 | U8: =IF(D8="H",S8,0) -> 8275.5537 | V8: =ROUND(IF(E8=1,S8,0),2) -> 0 | W8: =IF(AND(U8=0,V8=0),S8,) -> 0
A9: 4 | B9: 1571 | C9: South Tech Charter Academy | D9: ='1571'!G$135 -> H | E9: ='1571'!H$133 | F9: =-K9/I9 -> 0.0043684964 | G9: =-K9/J9 -> 0.0045569294 | I9: ='1571'!I$128 -> 9398950.2 | J9: =I9-'1571'!I$53 -> 9010295.4 | K9: ='1571'!I$135 -> -41059.28 | L9: =I9+K9 -> 9357890.9 | M9: ='1571'!I$145 -> -184087.4 | O9: ='1571'!E$30 -> 1097.23 | Q9: =I9/O9 -> 8566.0711 | R9: =K9/O9 -> -37.420851 | S9: =L9/O9 -> 8528.6502 | U9: =IF(D9="H",S9,0) -> 8528.6502 | V9: =ROUND(IF(E9=1,S9,0),2) -> 0 | W9: =IF(AND(U9=0,V9=0),S9,) -> 0
A10: 5 | B10: 2521 | C10: Ed Venture | D10: ='2521'!G$135 -> 0 | E10: ='2521'!H$133 -> 1 | F10: =-K10/I10 -> 0.020768488 | G10: =-K10/J10 -> 0.021341577 | I10: ='2521'!I$128 -> 1342867.1 | J10: =I10-'2521'!I$53 -> 1306806.9 | K10: ='2521'!I$135 -> -27889.32 | L10: =I10+K10 -> 1314977.8 | M10: ='2521'!I$145 -> -31428.62 | O10: ='2521'!E$30 -> 72.7 | Q10: =I10/O10 -> 18471.35 | R10: =K10/O10 -> -383.62201 | S10: =L10/O10 -> 18087.728 | U10: =IF(D10="H",S10,0) -> 0 | V10: =ROUND(IF(E10=1,S10,0),2) -> 18087.73 | W10: =IF(AND(U10=0,V10=0),S10,) -> 0
A11: 6 | B11: 2531 | C11: Potentials Charter School | D11: ='2531'!G$135 -> 0 | E11: ='2531'!H$133 -> 1 | F11: =-K11/I11 -> 0.010855889 | G11: =-K11/J11 -> 0.011346424 | I11: ='2531'!I$128 -> 1597238.2 | J11: =I11-'2531'!I$53 -> 1528185.4 | K11: ='2531'!I$135 -> -17339.44 | L11: =I11+K11 -> 1579898.8 | M11: ='2531'!I$145 -> 38314.17 | O11: ='2531'!E$30 -> 50.91 | Q11: =I11/O11 -> 31373.761 | R11: =K11/O11 -> -340.59006 | S11: =L11/O11 -> 31033.171 | U11: =IF(D11="H",S11,0) -> 0 | V11: =ROUND(IF(E11=1,S11,0),2) -> 31033.17 | W11: =IF(AND(U11=0,V11=0),S11,) -> 0
A12: 7 | B12: 2791 | C12: The Learning Center @ The Els Center of Excl | D12: ='2791'!G$135 -> 0 | E12: ='2791'!H$133 -> 1 | F12: =-K12/I12 -> 0.010015489 | G12: =-K12/J12 -> 0.010437148 | I12: ='2791'!I$128 -> 5408468 | J12: =I12-'2791'!I$53 -> 5189966.5 | K12: ='2791'!I$135 -> -54168.45 | L12: =I12+K12 -> 5354299.6 | M12: ='2791'!I$145 -> 71313.19 | O12: ='2791'!E$30 -> 164.59 | Q12: =I12/O12 -> 32860.247 | R12: =K12/O12 -> -329.11143 | S12: =L12/O12 -> 32531.135 | U12: =IF(D12="H",S12,0) -> 0 | V12: =ROUND(IF(E12=1,S12,0),2) -> 32531.14 | W12: =IF(AND(U12=0,V12=0),S12,) -> 0
A13: 8 | B13: 2801 | C13: Palm Beach Maritime Academy Elementary | D13: ='2801'!G$135 -> 0 | E13: ='2801'!H$133 | F13: =-K13/I13 -> 0.020509138 | G13: =-K13/J13 -> 0.0214784 | I13: ='2801'!I$128 -> 5320265.9 | J13: =I13-'2801'!I$53 -> 5080176.7 | K13: ='2801'!I$135 -> -109114.07 | L13: =I13+K13 -> 5211151.9 | M13: ='2801'!I$145 -> 5817.12 | O13: ='2801'!E$30 -> 581.98 | Q13: =I13/O13 -> 9141.6646 | R13: =K13/O13 -> -187.48766 | S13: =L13/O13 -> 8954.1769 | U13: =IF(D13="H",S13,0) -> 0 | V13: =ROUND(IF(E13=1,S13,0),2) -> 0 | W13: =IF(AND(U13=0,V13=0),S13,) -> 8954.1769
A14: 9 | B14: 2911 | C14: Western Academy Charter School | D14: ='2911'!G$135 -> H | E14: ='2911'!H$133 | F14: =-K14/I14 -> 0.0067857718 | G14: =-K14/J14 -> 0.00707614 | I14: ='2911'!I$128 -> 6070375 | J14: =I14-'2911'!I$53 -> 5821278.2 | K14: ='2911'!I$135 -> -41192.18 | L14: =I14+K14 -> 6029182.9 | M14: ='2911'!I$145 -> -34008.26 | O14: ='2911'!E$30 -> 706.6 | Q14: =I14/O14 -> 8590.9638 | R14: =K14/O14 -> -58.29632 | S14: =L14/O14 -> 8532.6675 | U14: =IF(D14="H",S14,0) -> 8532.6675 | V14: =ROUND(IF(E14=1,S14,0),2) -> 0 | W14: =IF(AND(U14=0,V14=0),S14,) -> 0
A15: 10 | B15: 2941 | C15: Palm Beach School for Autism | D15: ='2941'!G$135 -> 0 | E15: ='2941'!H$133 -> 1 | F15: =-K15/I15 -> 0.0078529121 | G15: =-K15/J15 -> 0.0082247811 | I15: ='2941'!I$128 -> 10564043 | J15: =I15-'2941'!I$53 -> 10086408 | K15: ='2941'!I$135 -> -82958.5 | L15: =I15+K15 -> 10481084 | M15: ='2941'!I$145 -> 174701.34 | O15: ='2941'!E$30 -> 376.88 | Q15: =I15/O15 -> 28030.256 | R15: =K15/O15 -> -220.11914 | S15: =L15/O15 -> 27810.137 | U15: =IF(D15="H",S15,0) -> 0 | V15: =ROUND(IF(E15=1,S15,0),2) -> 27810.14 | W15: =IF(AND(U15=0,V15=0),S15,) -> 0
A16: 11 | B16: 3083 | C16: The Learning Academy @ The Els Center of Excl | D16: ='3083'!G$135 -> 0 | E16: ='3083'!H$133 -> 1 | F16: =-K16/I16 -> 0.0088102833 | G16: =-K16/J16 -> 0.0091863075 | I16: ='3083'!I$128 -> 5937806.8 | J16: =I16-'3083'!I$53 -> 5694753.9 | K16: ='3083'!I$135 -> -52313.76 | L16: =I16+K16 -> 5885493.1 | M16: ='3083'!I$145 -> 67173.14 | O16: ='3083'!E$30 -> 163.28 | Q16: =I16/O16 -> 36365.794 | R16: =K16/O16 -> -320.39294 | S16: =L16/O16 -> 36045.401 | U16: =IF(D16="H",S16,0) -> 0 | V16: =ROUND(IF(E16=1,S16,0),2) -> 36045.4 | W16: =IF(AND(U16=0,V16=0),S16,) -> 0
A17: 12 | B17: 3345 | C17: Career Academy of the Palm Beaches | D17: ='3345'!G$135 -> 0 | E17: ='3345'!H$133 -> 1 | F17: =-K17/I17 -> 0.027890224 | G17: =-K17/J17 -> 0.028549183 | I17: ='3345'!I$128 -> 1134700.1 | J17: =I17-'3345'!I$53 -> 1108509.5 | K17: ='3345'!I$135 -> -31647.04 | L17: =I17+K17 -> 1103053.1 | M17: ='3345'!I$145 -> 18014.81 | O17: ='3345'!E$30 -> 78.47 | Q17: =I17/O17 -> 14460.305 | R17: =K17/O17 -> -403.30113 | S17: =L17/O17 -> 14057.004 | U17: =IF(D17="H",S17,0) -> 0 | V17: =ROUND(IF(E17=1,S17,0),2) -> 14057 | W17: =IF(AND(U17=0,V17=0),S17,) -> 0
A18: 13 | B18: 3381 | C18: Imagine Schools - Chancellor Campus | D18: ='3381'!G$135 -> H | E18: ='3381'!H$133 | F18: =-K18/I18 -> 0.0045500398 | G18: =-K18/J18 -> 0.0047656259 | I18: ='3381'!I$128 -> 9049668.2 | J18: =I18-'3381'!I$53 -> 8640281.6 | K18: ='3381'!I$135 -> -41176.35 | L18: =I18+K18 -> 9008491.8 | M18: ='3381'!I$145 -> -2236.23 | O18: ='3381'!E$30 -> 1049.18 | Q18: =I18/O18 -> 8625.4677 | R18: =K18/O18 -> -39.246221 | S18: =L18/O18 -> 8586.2214 | U18: =IF(D18="H",S18,0) -> 8586.2214 | V18: =ROUND(IF(E18=1,S18,0),2) -> 0 | W18: =IF(AND(U18=0,V18=0),S18,) -> 0
A19: 14 | B19: 3382 | C19: Glades Academy | D19: ='3382'!G$135 -> 0 | E19: ='3382'!H$133 | F19: =-K19/I19 -> 0.044886452 | G19: =-K19/J19 -> 0.046769184 | I19: ='3382'!I$128 -> 2456779.6 | J19: =I19-'3382'!I$53 -> 2357879.9 | K19: ='3382'!I$135 -> -110276.12 | L19: =I19+K19 -> 2346503.5 | M19: ='3382'!I$145 -> -47260.88 | O19: ='3382'!E$30 -> 267.27 | Q19: =I19/O19 -> 9192.1264 | R19: =K19/O19 -> -412.60194 | S19: =L19/O19 -> 8779.5245 | U19: =IF(D19="H",S19,0) -> 0 | V19: =ROUND(IF(E19=1,S19,0),2) -> 0 | W19: =IF(AND(U19=0,V19=0),S19,) -> 8779.5245
A20: 15 | B20: 3391 | C20: Seagull Academy for Independent Living | D20: ='3391'!G$135 -> 0 | F20: =-K20/I20 -> #DIV/0! | G20: =-K20/J20 -> #DIV/0! | I20: 0 | K20: ='3391'!I$135 -> 0 | L20: =I20+K20 -> 0 | M20: ='3391'!I$145 -> 0 | O20: ='3391'!E$30 -> 0 | Q20: 0 | R20: 0 | S20: 0 | U20: =IF(D20="H",S20,0) -> 0 | V20: =ROUND(IF(E20=1,S20,0),2) -> 0 | W20: =IF(AND(U20=0,V20=0),S20,) -> 0
A21: 16 | B21: 3394 | C21: Montessori Academy of Early Enrichment | D21: ='3394'!G$135 -> 0 | E21: ='3394'!H$133 | F21: =-K21/I21 -> 0.047562062 | G21: =-K21/J21 -> 0.050000001 | I21: ='3394'!I$128 -> 1704248.2 | J21: =I21-'3394'!I$53 -> 1621151.2 | K21: ='3394'!I$135 -> -81057.56 | L21: =I21+K21 -> 1623190.7 | M21: ='3394'!I$145 -> -16571.42 | O21: ='3394'!E$30 -> 190.99 | Q21: =I21/O21 -> 8923.2328 | R21: =K21/O21 -> -424.40735 | S21: =L21/O21 -> 8498.8254 | U21: =IF(D21="H",S21,0) -> 0 | V21: =ROUND(IF(E21=1,S21,0),2) -> 0 | W21: =IF(AND(U21=0,V21=0),S21,) -> 8498.8254
A22: 17 | B22: 3395 | C22: Somerset Academy Charter School | D22: ='3395'!G$135 -> 0 | E22: ='3395'!H$133 | F22: =-K22/I22 -> 0.023225877 | G22: =-K22/J22 -> 0.024371222 | I22: ='3395'!I$128 -> 4440007.7 | J22: =I22-'3395'!I$53 -> 4231346 | K22: ='3395'!I$135 -> -103123.07 | L22: =I22+K22 -> 4336884.6 | M22: ='3395'!I$145 -> -30669.84 | O22: ='3395'!E$30 -> 512.9 | Q22: =I22/O22 -> 8656.6732 | R22: =K22/O22 -> -201.05882 | S22: =L22/O22 -> 8455.6143 | U22: =IF(D22="H",S22,0) -> 0 | V22: =ROUND(IF(E22=1,S22,0),2) -> 0 | W22: =IF(AND(U22=0,V22=0),S22,) -> 8455.6143
A23: 18 | B23: 3396 | C23: G-Star School of the Arts | D23: ='3396'!G$135 -> H | E23: ='3396'!H$133 | F23: =-K23/I23 -> 0.0068626103 | G23: =-K23/J23 -> 0.0071729829 | I23: ='3396'!I$128 -> 5720460.3 | J23: =I23-'3396'!I$53 -> 5472937.9 | K23: ='3396'!I$135 -> -39257.29 | L23: =I23+K23 -> 5681203 | M23: ='3396'!I$145 -> -95042.81 | O23: ='3396'!E$30 -> 697.06 | Q23: =I23/O23 -> 8206.5537 | R23: =K23/O23 -> -56.31838 | S23: =L23/O23 -> 8150.2353 | U23: =IF(D23="H",S23,0) -> 8150.2353 | V23: =ROUND(IF(E23=1,S23,0),2) -> 0 | W23: =IF(AND(U23=0,V23=0),S23,) -> 0
A24: 19 | B24: 3398 | C24: Everglades Preparatory Academy | D24: ='3398'!G$135 -> 0 | E24: ='3398'!H$133 | F24: =-K24/I24 -> 0.047677729 | G24: =-K24/J24 -> 0.050000005 | I24: ='3398'!I$128 -> 960539.46 | J24: =I24-'3398'!I$53 -> 915926.7 | K24: ='3398'!I$135 -> -45796.34 | L24: =I24+K24 -> 914743.12 | M24: ='3398'!I$145 -> 10301.35 | O24: ='3398'!E$30 -> 114.65 | Q24: =I24/O24 -> 8378.0154 | R24: =K24/O24 -> -399.44474 | S24: =L24/O24 -> 7978.5706 | U24: =IF(D24="H",S24,0) -> 0 | V24: =ROUND(IF(E24=1,S24,0),2) -> 0 | W24: =IF(AND(U24=0,V24=0),S24,) -> 7978.5706
A25: 20 | B25: 3400 | C25: Believers Academy | D25: ='3400'!G$135 -> 0 | E25: ='3400'!H$133 -> 1 | F25: =-K25/I25 -> 0.032294385 | G25: =-K25/J25 -> 0.033226348 | I25: ='3400'!I$128 -> 1207932.6 | J25: =I25-'3400'!I$53 -> 1174051.4 | K25: ='3400'!I$135 -> -39009.44 | L25: =I25+K25 -> 1168923.1 | M25: ='3400'!I$145 -> 46433.98 | O25: ='3400'!E$30 -> 100.2 | Q25: =I25/O25 -> 12055.215 | R25: =K25/O25 -> -389.31577 | S25: =L25/O25 -> 11665.9 | U25: =IF(D25="H",S25,0) -> 0 | V25: =ROUND(IF(E25=1,S25,0),2) -> 11665.9 | W25: =IF(AND(U25=0,V25=0),S25,) -> 0
A26: 21 | B26: 3401 | C26: Quantum High School | D26: ='3401'!G$135 -> 0 | E26: ='3401'!H$133 -> 0 | F26: =-K26/I26 -> 0.027554984 | G26: =-K26/J26 -> 0.028645414 | I26: ='3401'!I$128 -> 3674943.2 | J26: =I26-'3401'!I$53 -> 3535051 | K26: ='3401'!I$135 -> -101263 | L26: =I26+K26 -> 3573680.2 | M26: ='3401'!I$145 -> 76861.53 | O26: ='3401'!E$30 -> 436.37 | Q26: =I26/O26 -> 8421.6219 | R26: =K26/O26 -> -232.05766 | S26: =L26/O26 -> 8189.5643 | U26: =IF(D26="H",S26,0) -> 0 | V26: =ROUND(IF(E26=1,S26,0),2) -> 0 | W26: =IF(AND(U26=0,V26=0),S26,) -> 8189.5643
A27: 22 | B27: 3413 | C27: Somerset Academy Boca | D27: ='3413'!G$135 -> H | E27: ='3413'!H$133 | F27: =-K27/I27 -> 0.012261593 | G27: =-K27/J27 -> 0.012820185 | I27: ='3413'!I$128 -> 3429801.6 | J27: =I27-'3413'!I$53 -> 3280360.6 | K27: ='3413'!I$135 -> -42054.83 | L27: =I27+K27 -> 3387746.8 | M27: ='3413'!I$145 -> -5440.91 | O27: ='3413'!E$30 -> 390.01 | Q27: =I27/O27 -> 8794.1376 | R27: =K27/O27 -> -107.83013 | S27: =L27/O27 -> 8686.3075 | U27: =IF(D27="H",S27,0) -> 8686.3075 | V27: =ROUND(IF(E27=1,S27,0),2) -> 0 | W27: =IF(AND(U27=0,V27=0),S27,) -> 0
A28: 23 | B28: 3421 | C28: Worthington High School | D28: ='3421'!G$135 -> 0 | E28: ='3421'!H$133 | F28: =-K28/I28 -> 0.022963715 | G28: =-K28/J28 -> 0.023794114 | I28: ='3421'!I$128 -> 4262690 | J28: =I28-'3421'!I$53 -> 4113925 | K28: ='3421'!I$135 -> -97887.2 | L28: =I28+K28 -> 4164802.8 | M28: ='3421'!I$145 -> 340563.09 | O28: ='3421'!E$30 -> 525.34 | Q28: =I28/O28 -> 8114.1547 | R28: =K28/O28 -> -186.33114 | S28: =L28/O28 -> 7927.8236 | U28: =IF(D28="H",S28,0) -> 0 | V28: =ROUND(IF(E28=1,S28,0),2) -> 0 | W28: =IF(AND(U28=0,V28=0),S28,) -> 7927.8236
A29: 24 | B29: 3431 | C29: Renaissance Charter School at WPB | D29: ='3431'!G$135 -> H | E29: ='3431'!H$133 | F29: =-K29/I29 -> 0.004770452 | G29: =-K29/J29 -> 0.0049941068 | I29: ='3431'!I$128 -> 8628182.4 | J29: =I29-'3431'!I$53 -> 8241780.1 | K29: ='3431'!I$135 -> -41160.33 | L29: =I29+K29 -> 8587022.1 | M29: ='3431'!I$145 -> -140471.45 | O29: ='3431'!E$30 -> 1001.18 | Q29: =I29/O29 -> 8618.0131 | R29: =K29/O29 -> -41.111818 | S29: =L29/O29 -> 8576.9013 | U29: =IF(D29="H",S29,0) -> 8576.9013 | V29: =ROUND(IF(E29=1,S29,0),2) -> 0 | W29: =IF(AND(U29=0,V29=0),S29,) -> 0
A30: 25 | B30: 3441 | C30: South Tech Preparatory Academy (MS) | D30: ='3441'!G$135 -> 0 | E30: ='3441'!H$133 | F30: =-K30/I30 -> 0.022678255 | G30: =-K30/J30 -> 0.023711967 | I30: ='3441'!I$128 -> 4455154.4 | J30: =I30-'3441'!I$53 -> 4260934.2 | K30: ='3441'!I$135 -> -101035.13 | L30: =I30+K30 -> 4354119.3 | M30: ='3441'!I$145 -> -26501.95 | O30: ='3441'!E$30 -> 527.16 | Q30: =I30/O30 -> 8451.2376 | R30: =K30/O30 -> -191.65933 | S30: =L30/O30 -> 8259.5783 | U30: =IF(D30="H",S30,0) -> 0 | V30: =ROUND(IF(E30=1,S30,0),2) -> 0 | W30: =IF(AND(U30=0,V30=0),S30,) -> 8259.5783
A31: 26 | B31: 3924 | C31: Palm Beach Maritime Academy Secondary | D31: ='3924'!G$135 -> 0 | E31: ='3924'!H$133 | F31: =-K31/I31 -> 0.027423952 | G31: =-K31/J31 -> 0.028774661 | I31: ='3924'!I$128 -> 3701370.6 | J31: =I31-'3924'!I$53 -> 3527624.9 | K31: ='3924'!I$135 -> -101506.21 | L31: =I31+K31 -> 3599864.4 | M31: ='3924'!I$145 -> -37604.04 | O31: ='3924'!E$30 -> 434.41 | Q31: =I31/O31 -> 8520.4543 | R31: =K31/O31 -> -233.66453 | S31: =L31/O31 -> 8286.7898 | U31: =IF(D31="H",S31,0) -> 0 | V31: =ROUND(IF(E31=1,S31,0),2) -> 0 | W31: =IF(AND(U31=0,V31=0),S31,) -> 8286.7898
A32: 27 | B32: 3941 | C32: Ben Gamla Charter School | D32: ='3941'!G$135 -> H | E32: ='3941'!H$133 | F32: =-K32/I32 -> 0.019004988 | G32: =-K32/J32 -> 0.02 | I32: ='3941'!I$128 -> 2032799 | J32: =I32-'3941'!I$53 -> 1931666 | K32: ='3941'!I$135 -> -38633.32 | L32: =I32+K32 -> 1994165.7 | M32: ='3941'!I$145 -> -3878.68 | O32: ='3941'!E$30 -> 229.15 | Q32: =I32/O32 -> 8871.0408 | R32: =K32/O32 -> -168.59402 | S32: =L32/O32 -> 8702.4468 | U32: =IF(D32="H",S32,0) -> 8702.4468 | V32: =ROUND(IF(E32=1,S32,0),2) -> 0 | W32: =IF(AND(U32=0,V32=0),S32,) -> 0
A33: 28 | B33: 3961 | C33: Gardens School of Technology Arts | D33: ='3961'!G$135 -> 0 | E33: ='3961'!H$133 | F33: =-K33/I33 -> 0.042891855 | G33: =-K33/J33 -> 0.045339137 | I33: ='3961'!I$128 -> 2345573.5 | J33: =I33-'3961'!I$53 -> 2218965.9 | K33: ='3961'!I$135 -> -100606 | L33: =I33+K33 -> 2244967.5 | M33: ='3961'!I$145 -> -222662.62 | O33: ='3961'!E$30 -> 275.7 | Q33: =I33/O33 -> 8507.7023 | R33: =K33/O33 -> -364.91114 | S33: =L33/O33 -> 8142.7911 | U33: =IF(D33="H",S33,0) -> 0 | V33: =ROUND(IF(E33=1,S33,0),2) -> 0 | W33: =IF(AND(U33=0,V33=0),S33,) -> 8142.7911
A34: 29 | B34: 3971 | C34: Palm Beach Perparatory Charter Academy | D34: ='3971'!G$135 -> 0 | E34: ='3971'!H$133 | F34: =-K34/I34 -> 0.017568556 | G34: =-K34/J34 -> 0.018390196 | I34: ='3971'!I$128 -> 5487447.5 | J34: =I34-'3971'!I$53 -> 5242278.6 | K34: ='3971'!I$135 -> -96406.53 | L34: =I34+K34 -> 5391041 | M34: ='3971'!I$145 -> 372629.83 | O34: ='3971'!E$30 -> 679.71 | Q34: =I34/O34 -> 8073.2187 | R34: =K34/O34 -> -141.8348 | S34: =L34/O34 -> 7931.3839 | U34: =IF(D34="H",S34,0) -> 0 | V34: =ROUND(IF(E34=1,S34,0),2) -> 0 | W34: =IF(AND(U34=0,V34=0),S34,) -> 7931.3839
A35: 30 | B35: 4001 | C35: Renaissance Charter School at Wellington | D35: ='4001'!G$135 -> 0 | E35: ='4001'!H$133 | F35: =-K35/I35 -> 0.017502039 | G35: =-K35/J35 -> 0.018366957 | I35: ='4001'!I$128 -> 5919514.7 | J35: =I35-'4001'!I$53 -> 5640759 | K35: ='4001'!I$135 -> -103603.58 | L35: =I35+K35 -> 5815911.1 | M35: ='4001'!I$145 -> -16578.53 | O35: ='4001'!E$30 -> 680.57 | Q35: =I35/O35 -> 8697.8778 | R35: =K35/O35 -> -152.2306 | S35: =L35/O35 -> 8545.6472 | U35: =IF(D35="H",S35,0) -> 0 | V35: =ROUND(IF(E35=1,S35,0),2) -> 0 | W35: =IF(AND(U35=0,V35=0),S35,) -> 8545.6472
A36: 31 | B36: 4002 | C36: Renaissance Charter School at Summit | D36: ='4002'!G$135 -> 0 | E36: ='4002'!H$133 | F36: =-K36/I36 -> 0.012129257 | G36: =-K36/J36 -> 0.012779488 | I36: ='4002'!I$128 -> 8507541.1 | J36: =I36-'4002'!I$53 -> 8074670.4 | K36: ='4002'!I$135 -> -103190.15 | L36: =I36+K36 -> 8404350.9 | M36: ='4002'!I$145 -> -83571.71 | O36: ='4002'!E$30 -> 978.13 | Q36: =I36/O36 -> 8697.7611 | R36: =K36/O36 -> -105.49738 | S36: =L36/O36 -> 8592.2637 | U36: =IF(D36="H",S36,0) -> 0 | V36: =ROUND(IF(E36=1,S36,0),2) -> 0 | W36: =IF(AND(U36=0,V36=0),S36,) -> 8592.2637
A37: 32 | B37: 4012 | C37: Somerset Academy Canyons Middle School | D37: ='4012'!G$135 -> H | E37: ='4012'!H$133 | F37: =-K37/I37 -> 0.0079786139 | G37: =-K37/J37 -> 0.0084002546 | I37: ='4012'!I$128 -> 4829074.4 | J37: =I37-'4012'!I$53 -> 4586684.8 | K37: ='4012'!I$135 -> -38529.32 | L37: =I37+K37 -> 4790545.1 | M37: ='4012'!I$145 -> -25188.38 | O37: ='4012'!E$30 -> 595.22 | Q37: =I37/O37 -> 8113.0916 | R37: =K37/O37 -> -64.731225 | S37: =L37/O37 -> 8048.3604 | U37: =IF(D37="H",S37,0) -> 8048.3604 | V37: =ROUND(IF(E37=1,S37,0),2) -> 0 | W37: =IF(AND(U37=0,V37=0),S37,) -> 0
A38: 33 | B38: 4013 | C38: Somerset Academy Canyons High School | D38: ='4013'!G$135 -> H | E38: ='4013'!H$133 | F38: =-K38/I38 -> 0.0047144197 | G38: =-K38/J38 -> 0.0049408581 | I38: ='4013'!I$128 -> 7943978.8 | J38: =I38-'4013'!I$53 -> 7579908 | K38: ='4013'!I$135 -> -37451.25 | L38: =I38+K38 -> 7906527.5 | M38: ='4013'!I$145 -> -105259.46 | O38: ='4013'!E$30 -> 1011.97 | Q38: =I38/O38 -> 7850.0141 | R38: =K38/O38 -> -37.008261 | S38: =L38/O38 -> 7813.0058 | U38: =IF(D38="H",S38,0) -> 7813.0058 | V38: =ROUND(IF(E38=1,S38,0),2) -> 0 | W38: =IF(AND(U38=0,V38=0),S38,) -> 0
A39: 34 | B39: 4020 | C39: Franklin Academy - Boynton Beach | D39: ='4020'!G$135 -> 0 | E39: ='4020'!H$133 | F39: =-K39/I39 -> 0.0096651466 | G39: =-K39/J39 -> 0.010104195 | I39: ='4020'!I$128 -> 10716216 | J39: =I39-'4020'!I$53 -> 10250574 | K39: ='4020'!I$135 -> -103573.8 | L39: =I39+K39 -> 10612642 | M39: ='4020'!I$145 -> -100983.88 | O39: ='4020'!E$30 -> 1237.11 | Q39: =I39/O39 -> 8662.2985 | R39: =K39/O39 -> -83.722385 | S39: =L39/O39 -> 8578.5761 | U39: =IF(D39="H",S39,0) -> 0 | V39: =ROUND(IF(E39=1,S39,0),2) -> 0 | W39: =IF(AND(U39=0,V39=0),S39,) -> 8578.5761
A40: 35 | B40: 4030 | C40: Olympus International Academy | D40: ='4030'!G$135 -> 0 | E40: ='4030'!H$133 | F40: =-K40/I40 -> 0.039107471 | G40: =-K40/J40 -> 0.041129245 | I40: ='4030'!I$128 -> 2689489.2 | J40: =I40-'4030'!I$53 -> 2557283.1 | K40: ='4030'!I$135 -> -105179.12 | L40: =I40+K40 -> 2584310.1 | M40: ='4030'!I$145 -> -18238.12 | O40: ='4030'!E$30 -> 303.92 | Q40: =I40/O40 -> 8849.3327 | R40: =K40/O40 -> -346.07502 | S40: =L40/O40 -> 8503.2577 | U40: =IF(D40="H",S40,0) -> 0 | V40: =ROUND(IF(E40=1,S40,0),2) -> 0 | W40: =IF(AND(U40=0,V40=0),S40,) -> 8503.2577
A41: 36 | B41: 4031 | C41: Somerset Academy Wellington | D41: ='4031'!G$135 -> 0 | E41: ='4031'!H$133 | F41: =-K41/I41 -> 0.026160087 | G41: =-K41/J41 -> 0.027657314 | I41: ='4031'!I$128 -> 3899757.7 | J41: =I41-'4031'!I$53 -> 3688644.6 | K41: ='4031'!I$135 -> -102018 | L41: =I41+K41 -> 3797739.7 | M41: ='4031'!I$145 -> -72060.34 | O41: ='4031'!E$30 -> 451.96 | Q41: =I41/O41 -> 8628.5462 | R41: =K41/O41 -> -225.72352 | S41: =L41/O41 -> 8402.8227 | U41: =IF(D41="H",S41,0) -> 0 | V41: =ROUND(IF(E41=1,S41,0),2) -> 0 | W41: =IF(AND(U41=0,V41=0),S41,) -> 8402.8227
A42: 37 | B42: 4041 | C42: Somerset Academy Boca Middle School | D42: ='4041'!G$135 -> H | E42: ='4041'!H$133 | F42: =-K42/I42 -> 0.019130873 | G42: =-K42/J42 -> 0.019999996 | I42: ='4041'!I$128 -> 772754.61 | J42: =I42-'4041'!I$53 -> 739173.63 | K42: ='4041'!I$135 -> -14783.47 | L42: =I42+K42 -> 757971.14 | M42: ='4041'!I$145 -> -3894.05 | O42: ='4041'!E$30 -> 94.46 | Q42: =I42/O42 -> 8180.7602 | R42: =K42/O42 -> -156.50508 | S42: =L42/O42 -> 8024.2551 | U42: =IF(D42="H",S42,0) -> 8024.2551 | V42: =ROUND(IF(E42=1,S42,0),2) -> 0 | W42: =IF(AND(U42=0,V42=0),S42,) -> 0
A43: 38 | B43: 4050 | C43: Renaissance Charter School at Cypress | D43: ='4050'!G$135 -> 0 | E43: ='4050'!H$133 | F43: =-K43/I43 -> 0.016522973 | G43: =-K43/J43 -> 0.017391062 | I43: ='4050'!I$128 -> 6154463.9 | J43: =I43-'4050'!I$53 -> 5847258.9 | K43: ='4050'!I$135 -> -101690.04 | L43: =I43+K43 -> 6052773.9 | M43: ='4050'!I$145 -> -94758.16 | O43: ='4050'!E$30 -> 718.76 | Q43: =I43/O43 -> 8562.6133 | R43: =K43/O43 -> -141.47983 | S43: =L43/O43 -> 8421.1335 | U43: =IF(D43="H",S43,0) -> 0 | V43: =ROUND(IF(E43=1,S43,0),2) -> 0 | W43: =IF(AND(U43=0,V43=0),S43,) -> 8421.1335
A44: 39 | B44: 4051 | C44: Renaissance Charter School at Central Palm | D44: ='4051'!G$135 -> 0 | E44: ='4051'!H$133 | F44: =-K44/I44 -> 0.01581338 | G44: =-K44/J44 -> 0.016683572 | I44: ='4051'!I$128 -> 6443919.2 | J44: =I44-'4051'!I$53 -> 6107813.1 | K44: ='4051'!I$135 -> -101900.14 | L44: =I44+K44 -> 6342019 | M44: ='4051'!I$145 -> -152058.89 | O44: ='4051'!E$30 -> 749.24 | Q44: =I44/O44 -> 8600.6075 | R44: =K44/O44 -> -136.00467 | S44: =L44/O44 -> 8464.6028 | U44: =IF(D44="H",S44,0) -> 0 | V44: =ROUND(IF(E44=1,S44,0),2) -> 0 | W44: =IF(AND(U44=0,V44=0),S44,) -> 8464.6028
A45: 40 | B45: 4061 | C45: Franklin Academy - Palm Beach Gardens | D45: ='4061'!G$135 -> 0 | E45: ='4061'!H$133 | F45: =-K45/I45 -> 0.012401625 | G45: =-K45/J45 -> 0.01298526 | I45: ='4061'!I$128 -> 8315896.4 | J45: =I45-'4061'!I$53 -> 7942130.8 | K45: ='4061'!I$135 -> -103130.63 | L45: =I45+K45 -> 8212765.8 | M45: ='4061'!I$145 -> -23338.22 | O45: ='4061'!E$30 -> 962.63 | Q45: =I45/O45 -> 8638.7256 | R45: =K45/O45 -> -107.13424 | S45: =L45/O45 -> 8531.5914 | U45: =IF(D45="H",S45,0) -> 0 | V45: =ROUND(IF(E45=1,S45,0),2) -> 0 | W45: =IF(AND(U45=0,V45=0),S45,) -> 8531.5914
A46: 41 | B46: 4080 | C46: University Preparatory Academy | D46: ='4080'!G$135 -> 0 | E46: ='4080'!H$133 | F46: =-K46/I46 -> 0.047394026 | G46: =-K46/J46 -> 0.050000001 | I46: ='4080'!I$128 -> 2074819.3 | J46: =I46-'4080'!I$53 -> 1966680.8 | K46: ='4080'!I$135 -> -98334.04 | L46: =I46+K46 -> 1976485.3 | M46: ='4080'!I$145 -> -16233.16 | O46: ='4080'!E$30 -> 242.47 | Q46: =I46/O46 -> 8557.0145 | R46: =K46/O46 -> -405.55137 | S46: =L46/O46 -> 8151.4632 | U46: =IF(D46="H",S46,0) -> 0 | V46: =ROUND(IF(E46=1,S46,0),2) -> 0 | W46: =IF(AND(U46=0,V46=0),S46,) -> 8151.4632
A47: 42 | B47: 4081 | C47: Florida Futures Academy - North Campus | D47: ='4081'!G$135 -> 0 | E47: ='4081'!H$133 | F47: =-K47/I47 -> 0.047853067 | G47: =-K47/J47 -> 0.050000001 | I47: ='4081'!I$128 -> 1062698.7 | J47: =I47-'4081'!I$53 -> 1017067.8 | K47: ='4081'!I$135 -> -50853.39 | L47: =I47+K47 -> 1011845.3 | M47: ='4081'!I$145 -> 9174.91 | O47: ='4081'!E$30 -> 129.96 | Q47: =I47/O47 -> 8177.1211 | R47: =K47/O47 -> -391.30032 | S47: =L47/O47 -> 7785.8208 | U47: =IF(D47="H",S47,0) -> 0 | V47: =ROUND(IF(E47=1,S47,0),2) -> 0 | W47: =IF(AND(U47=0,V47=0),S47,) -> 7785.8208
A48: 43 | B48: 4090 | C48: Sports Leadership Academy (SLAM) | D48: ='4090'!G$135 -> 0 | E48: ='4090'!H$133 | F48: =-K48/I48 -> 0.038923447 | G48: =-K48/J48 -> 0.041025305 | I48: ='4090'!I$128 -> 2489113.8 | J48: =I48-'4090'!I$53 -> 2361588.5 | K48: ='4090'!I$135 -> -96884.89 | L48: =I48+K48 -> 2392228.9 | M48: ='4090'!I$145 -> 207087.16 | O48: ='4090'!E$30 -> 304.69 | Q48: =I48/O48 -> 8169.3322 | R48: =K48/O48 -> -317.97857 | S48: =L48/O48 -> 7851.3536 | U48: =IF(D48="H",S48,0) -> 0 | V48: =ROUND(IF(E48=1,S48,0),2) -> 0 | W48: =IF(AND(U48=0,V48=0),S48,) -> 7851.3536
A49: 44 | B49: 4091 | C49: Somerset Academy Lakes | D49: ='4091'!G$135 -> 0 | E49: ='4091'!H$133 | F49: =-K49/I49 -> 0.030164107 | G49: =-K49/J49 -> 0.031717034 | I49: ='4091'!I$128 -> 3481946.6 | J49: =I49-'4091'!I$53 -> 3311463.8 | K49: ='4091'!I$135 -> -105029.81 | L49: =I49+K49 -> 3376916.8 | M49: ='4091'!I$145 -> -54976.35 | O49: ='4091'!E$30 -> 394.11 | Q49: =I49/O49 -> 8834.9613 | R49: =K49/O49 -> -266.49872 | S49: =L49/O49 -> 8568.4626 | U49: =IF(D49="H",S49,0) -> 0 | V49: =ROUND(IF(E49=1,S49,0),2) -> 0 | W49: =IF(AND(U49=0,V49=0),S49,) -> 8568.4626
A50: 45 | B50: 4100 | C50: Connections Education Center of the PBs | D50: ='4100'!G$135 -> 0 | E50: ='4100'!H$133 -> 1 | F50: =-K50/I50 -> 0.0084584334 | G50: =-K50/J50 -> 0.0088646536 | I50: ='4100'!I$128 -> 3386076.2 | J50: =I50-'4100'!I$53 -> 3230910.2 | K50: ='4100'!I$135 -> -28640.9 | L50: =I50+K50 -> 3357435.3 | M50: ='4100'!I$145 -> 45241.06 | O50: ='4100'!E$30 -> 92 | Q50: =I50/O50 -> 36805.176 | R50: =K50/O50 -> -311.31413 | S50: =L50/O50 -> 36493.862 | U50: =IF(D50="H",S50,0) -> 0 | V50: =ROUND(IF(E50=1,S50,0),2) -> 36493.86 | W50: =IF(AND(U50=0,V50=0),S50,) -> 0
A51: 46 | B51: 4102 | C51: BridgePrep Academy of Palm Beach | D51: ='4102'!G$135 -> 0 | E51: ='4102'!H$133 | F51: =-K51/I51 -> #DIV/0! | G51: =-K51/J51 -> #DIV/0! | I51: ='4102'!I$128 -> 0 | K51: ='4102'!I$135 -> 0 | L51: 0 | M51: ='4102'!I$145 -> 0 | O51: ='4102'!E$30 -> 0 | Q51: 0 | R51: 0 | S51: 0 | U51: =IF(D51="H",S51,0) -> 0 | V51: =ROUND(IF(E51=1,S51,0),2) -> 0 | W51: =IF(AND(U51=0,V51=0),S51,) -> 0
A52: 47 | B52: 4103 | C52: SLAM Boca | D52: ='4103'!G$135 -> 0 | E52: ='4103'!H$133 | F52: =IF(I52=0,0,-K52/I52) -> 0.012242843 | G52: =-K52/J52 -> 0.012876509 | I52: ='4103'!I$128 -> 7968190 | J52: =I52-'4103'!I$53 -> 7576067.7 | K52: ='4103'!I$135 -> -97553.3 | L52: =I52+K52 -> 7870636.7 | M52: ='4103'!I$145 -> -57339.57 | O52: ='4103'!E$30 -> 970.76 | Q52: =IF(O52=0,0,I52/O52) -> 8208.1977 | R52: =IF(O52=0,0,K52/O52) -> -100.49168 | S52: =IF(O52=0,0,L52/O52) -> 8107.706 | U52: =IF(D52="H",S52,0) -> 0 | V52: =ROUND(IF(E52=1,S52,0),2) -> 0 | W52: =IF(AND(U52=0,V52=0),S52,) -> 8107.706
A53: 48 | B53: 4111 | C53: SLAM HS Palm Beach | D53: ='4111'!G$135 -> 0 | E53: ='4111'!H$133 | F53: =IF(I53=0,0,-K53/I53) -> 0.038811143 | G53: =-K53/J53 -> 0.040699377 | I53: ='4111'!I$128 -> 2494476.9 | J53: =I53-'4111'!I$53 -> 2378746.5 | K53: ='4111'!I$135 -> -96813.5 | L53: =I53+K53 -> 2397663.4 | M53: ='4111'!I$145 -> -5084.51 | O53: ='4111'!E$30 -> 307.13 | Q53: =IF(O53=0,0,I53/O53) -> 8121.8926 | R53: =IF(O53=0,0,K53/O53) -> -315.21994 | S53: =IF(O53=0,0,L53/O53) -> 7806.6727 | U53: =IF(D53="H",S53,0) -> 0 | V53: =ROUND(IF(E53=1,S53,0),2) -> 0 | W53: =IF(AND(U53=0,V53=0),S53,) -> 7806.6727
A54: 49 | B54: 4131 | C54: Somerset Academy Wellington HS | D54: ='4103'!G$135 -> 0 | E54: ='4103'!H$133 | F54: =IF(I54=0,0,-K54/I54) -> 0.048453615 | G54: =-K54/J54 -> 0.049999997 | I54: ='4131'!I$128 -> 829122.45 | J54: =I54-'4131'!I$53 -> 803479.65 | K54: ='4131'!I$135 -> -40173.98 | L54: =I54+K54 -> 788948.47 | M54: ='4131'!I$145 -> -4400.35 | O54: ='4131'!E$30 -> 102.78 | Q54: =IF(O54=0,0,I54/O54) -> 8066.9629 | R54: =IF(O54=0,0,K54/O54) -> -390.87352 | S54: =IF(O54=0,0,L54/O54) -> 7676.0894 | U54: =IF(D54="H",S54,0) -> 0 | V54: =ROUND(IF(E54=1,S54,0),2) -> 0 | W54: =IF(AND(U54=0,V54=0),S54,) -> 7676.0894
D56: =COUNTIF(D6:D55,"H") -> 11 | E56: =SUM(E6:E55) -> 9 | F56: =-K56/I56 -> 0.015599185 | G56: =-K56/J56 -> 0.016340032 | I56: =SUM(I6:I55) -> 2.0675613e+08 | J56: =SUM(J6:J55) -> 1.9738194e+08 | K56: =SUM(K6:K55) -> -3225227.1 | L56: =SUM(L6:L55) -> 2.035309e+08 | M56: =SUM(M6:M55) -> -227111.69 | O56: =SUM(O6:O55) -> 21797.2 | Q56: =SUM(Q6:Q55) -> 561571.15 | R56: =K56/O56 -> -147.9652 | S56: =L56/O56 -> 9337.4793 | U56: =AVERAGEIF(U8:U53,"<>0") -> 8356.7823 | V56: =AVERAGEIF(V8:V53,"<>0") -> 25965.542 | W56: =AVERAGEIF(W8:W53,"<>0") -> 8308.6407
O57: =O56-Consolidated!E32 -> 0
C58: Consolidated tab totals | I58: =Consolidated!I129 -> 2.0675613e+08 | J58: =Consolidated!I131 -> 1.9738194e+08 | K58: =Consolidated!I136 -> -3225227.1 | L58: =I58+K58 -> 2.035309e+08 | M58: =Consolidated!I146 -> -227111.69
C60: Difference | I60: =I58-I56 -> 0 | J60: =J58-J56 -> 0 | K60: =K58-K56 -> 0 | L60: =L58-L56 -> 0 | M60: =M58-M56 -> 0
L61: 66663.93 | M61: *Revenue related to first two payments to 3391 Seagull Academy
L63: =L61+L58 -> 2.0359757e+08 | M63: Ties to Cummulative Payment Tabs Column D

Sheet Charter Schools
B1: Palm Beach County Charter Schools
B3: Sorted by School Number | E3: Sorted by School Name
B4: Dept # | C4: Charter School Name | E4: Dept # | F4: Charter School Name
A5: 1 | B5: 0040 | C5: PALM BEACH PREPARATORY ACADEMY MS | E5: 3400 | F5: Believers Academy
A6: 2 | B6: 0100 | C6: THE LEARNING CENTER HS | E6: 3941 | F6: Ben Gamla Charter School
A7: 3 | B7: 1461 | C7: Inlet Grove Community High School | E7: 4102 | F7: BridgePrep Academy of PB
A8: 4 | B8: 1571 | C8: South Tech Charter Academy | E8: 4100 | F8: Connections Education Center of the Palm Beaches
A9: 5 | B9: 2521 | C9: Ed Venture | E9: 2521 | F9: Ed Venture
A10: 6 | B10: 2531 | C10: Potentials Charter School | E10: 3398 | F10: Everglades Preparatory Academy
A11: 7 | B11: 2791 | C11: The Learning Center at The Els Center of Excellence | E11: 4081 | F11: Florida Futures Academy - North Campus
A12: 8 | B12: 2801 | C12: Palm Beach Maritime Academy Elementary | E12: 4020 | F12: Franklin Academy - Boynton Beach
A13: 9 | B13: 2911 | C13: Western Academy Charter School | E13: 4061 | F13: Franklin Academy - Palm Beach Gardens
A14: 10 | B14: 2941 | C14: Palm Beach School for Autism | E14: 3961 | F14: Gardens School of Technology Arts
A15: 11 | B15: 3083 | C15: The Learning Academy at The Els Center of Excellence | E15: 3382 | F15: Glades Academy
A16: 12 | B16: 3345 | C16: Career Academy of the Palm Beaches | E16: 3396 | F16: G-Star School of the Arts for Motion Pictures and Television
... A34: 30 | B34: 4001 | C34: Renaissance Charter School at Wellington | E34: 3391 | F34: Seagull Academy for Independent Living
A35: 31 | B35: 4002 | C35: Renaissance Charter School at Summit | E35: 4111 | F35: SLAM HS Palm Beach
A36: 32 | B36: 4012 | C36: Somerset Academy Canyons Middle School | E36: 3413 | F36: Somerset Academy Boca
A37: 33 | B37: 4013 | C37: Somerset Academy Canyons High School | E37: 4041 | F37: Somerset Academy Boca Middle School
A38: 34 | B38: 4020 | C38: Franklin Academy - Boynton Beach | E38: 4013 | F38: Somerset Academy Canyons High School
A39: 35 | B39: 4030 | C39: Olympus International Academy | E39: 4012 | F39: Somerset Academy Canyons Middle School
A40: 36 | B40: 4031 | C40: Somerset Academy Wellington | E40: 3395 | F40: Somerset Academy JFK Charter School
A41: 37 | B41: 4041 | C41: Somerset Academy Boca Middle School | E41: 4091 | F41: Somerset Academy Lakes
A42: 38 | B42: 4050 | C42: Renaissance Charter School at Cypress | E42: 4031 | F42: Somerset Academy Wellington
A43: 39 | B43: 4051 | C43: Renaissance Charter School at Central Palm | E43: 4131 | F43: Somerset Academy Wellington HS
A44: 40 | B44: 4061 | C44: Franklin Academy - Palm Beach Gardens | E44: 1571 | F44: South Tech Charter Academy
A45: 41 | B45: 4080 | C45: University Prep Palm Beach | E45: 3441 | F45: South Tech Preparatory Academy (Middle School)
A46: 42 | B46: 4081 | C46: Florida Futures Academy - North Campus | E46: 4090 | F46: Sports Leadership & Management (SLAM) MS
A47: 43 | B47: 4090 | C47: Sports Leadership & Management (SLAM) MS | E47: 4103 | F47: Sports Leadership Arts Management (SLAM) Acdemy MHS (Boca)
A48: 44 | B48: 4091 | C48: Somerset Academy Lakes | E48: 3083 | F48: The Learning Academy at The Els Center of Excellence
A49: 45 | B49: 4100 | C49: Connections Education Center of the Palm Beaches | E49: 0100 | F49: The Learning Center High School
A50: 46 | B50: 4102 | C50: BridgePrep Academy of PB | E50: 2791 | F50: The Learning Center at The Els Center of Excellence
A51: 47 | B51: 4103 | C51: Sports Leadership Arts Management (SLAM) Acdemy MHS (Boca) | E51: 4080 | F51: University Prep Palm Beach
A52: 48 | B52: 4111 | C52: SLAM HS Palm Beach | E52: 2911 | F52: Western Academy Charter School
A53: 49 | B53: 4131 | C53: Somerset Academy Wellington HS | E53: 3421 | F53: Worthington High School

Sheet Consolidated
B1: (Insert district number in cell A1, enter, then strike F9. Your district data then pulls from Calculation Detail Sheets)
A2: Revenue Estimate Worksheet: All Charter Schools (Consolidated Tab)
A3: ='1461'!A3 -> Based on the FLDOE 2024-25 Final Revenue Calculation Worksheet
A4: School District: | C4: Palm Beach | F4: June 2025
A7: ='1461'!A7:I7 -> 1A. 2023-24 FEFP State and Local Funding
B8: Base Student Allocation: | C8: ='1461'!C8 -> 5330.98 | G8: District Cost Differential: | H8: ='1461'!H8 -> 1.0408
G9: Small District Factor: | H9: ='1461'!H9 -> 1
I10: ='1461'!I10 -> 2024-25
C11: ='1461'!C11 -> Oct 2024 | D11: ='1461'!D11 -> Feb 2025 | E11: Total | F11: Program | H11: Weighted FTE | I11: Base Funding
A12: Program | C12: ='1461'!C12 -> FTE | D12: ='1461'!D12 -> FTE | E12: FTE | F12: Cost Factor | H12: (2) x (3) | I12: (WFTE x BSA x CWF x SDF)
A13: (1) | E13: (2) | F13: (3) | H13: (4) | I13: (5)
A14: 101 Basic K-3 | C14: =SUM('0040:4131'!C14) -> 2083.74 | D14: =SUM('0040:4131'!D14) -> 2033.84 | E14: =SUM('0040:4131'!E14) -> 4117.58 | F14: ='1461'!F14:G14 -> 1.118 | H14: =SUM('1461:4131'!H14) -> 4603.4545 | I14: =SUM('0040:4131'!I14) -> 25542194
A15: 111 Basic K-3 with ESE Services | C15: =SUM('0040:4131'!C15) -> 295.65 | D15: =SUM('0040:4131'!D15) -> 313.76 | E15: =SUM('0040:4131'!E15) -> 609.41 | F15: ='1461'!F15:G15 -> 1.118 | H15: =SUM('1461:4131'!H15) -> 681.3203 | I15: =SUM('0040:4131'!I15) -> 3780294.8
A16: 102 Basic 4-8 | C16: =SUM('0040:4131'!C16) -> 3334.33 | D16: =SUM('0040:4131'!D16) -> 3332.72 | E16: =SUM('0040:4131'!E16) -> 6667.05 | F16: ='1461'!F16:G16 -> 1 | H16: =SUM('1461:4131'!H16) -> 6648.1 | I16: =SUM('0040:4131'!I16) -> 36992020
A17: 112 Basic 4-8 with ESE Services | C17: =SUM('0040:4131'!C17) -> 595.47 | D17: =SUM('0040:4131'!D17) -> 604.73 | E17: =SUM('0040:4131'!E17) -> 1200.2 | F17: ='1461'!F17:G17 -> 1 | H17: =SUM('1461:4131'!H17) -> 1188.02 | I17: =SUM('0040:4131'!I17) -> 6659290.4
A18: 103 Basic 9-12 | C18: =SUM('0040:4131'!C18) -> 2243.09 | D18: =SUM('0040:4131'!D18) -> 2289.49 | E18: =SUM('0040:4131'!E18) -> 4532.58 | F18: ='1461'!F18:G18 -> 0.978 | H18: =SUM('1461:4131'!H18) -> 4432.8633 | I18: =SUM('0040:4131'!I18) -> 24595671
A19: 113 Basic 9-12 with ESE Services | C19: =SUM('0040:4131'!C19) -> 626.39 | D19: =SUM('0040:4131'!D19) -> 635.27 | E19: =SUM('0040:4131'!E19) -> 1261.66 | F19: ='1461'!F19:G19 -> 0.978 | H19: =SUM('1461:4131'!H19) -> 1231.9279 | I19: =SUM('0040:4131'!I19) -> 6846293.8
A20: 254 ESE Level 4 (Grade Level PK-3) | C20: =SUM('0040:4131'!C20) -> 88.99 | D20: =SUM('0040:4131'!D20) -> 85.04 | E20: =SUM('0040:4131'!E20) -> 174.03 | F20: ='1461'!F20:G20 -> 3.697 | H20: =SUM('1461:4131'!H20) -> 643.389 | I20: =SUM('0040:4131'!I20) -> 3569833.6
A21: 254 ESE Level 4 (Grade Level 4-8) | C21: =SUM('0040:4131'!C21) -> 78.01 | D21: =SUM('0040:4131'!D21) -> 75.42 | E21: =SUM('0040:4131'!E21) -> 153.43 | F21: ='1461'!F21:G21 -> 3.697 | H21: =SUM('1461:4131'!H21) -> 567.2306 | I21: =SUM('0040:4131'!I21) -> 3147269.9
A22: 254 ESE Level 4 (Grade Level 9-12) | C22: =SUM('0040:4131'!C22) -> 61.08 | D22: =SUM('0040:4131'!D22) -> 62.11 | E22: =SUM('0040:4131'!E22) -> 123.19 | F22: ='1461'!F22:G22 -> 3.697 | H22: =SUM('1461:4131'!H22) -> 426.0793 | I22: =SUM('0040:4131'!I22) -> 2526965.5
A23: 255 ESE Level 5 (Grade Level PK-3) | C23: =SUM('0040:4131'!C23) -> 46.01 | D23: =SUM('0040:4131'!D23) -> 52.32 | E23: =SUM('0040:4131'!E23) -> 98.33 | F23: ='1461'!F23:G23 -> 5.992 | H23: =SUM('1461:4131'!H23) -> 589.1934 | I23: =SUM('0040:4131'!I23) -> 3269130.1
A24: 255 ESE Level 5 (Grade Level 4-8) | C24: =SUM('0040:4131'!C24) -> 49.48 | D24: =SUM('0040:4131'!D24) -> 55.69 | E24: =SUM('0040:4131'!E24) -> 105.17 | F24: ='1461'!F24:G24 -> 5.992 | H24: =SUM('1461:4131'!H24) -> 630.1787 | I24: =SUM('0040:4131'!I24) -> 3496536.4
A25: 255 ESE Level 5 (Grade Level 9-12) | C25: =SUM('0040:4131'!C25) -> 40.94 | D25: =SUM('0040:4131'!D25) -> 43.53 | E25: =SUM('0040:4131'!E25) -> 84.47 | F25: ='1461'!F25:G25 -> 5.992 | H25: =SUM('1461:4131'!H25) -> 497.1562 | I25: =SUM('0040:4131'!I25) -> 2808333
... A29: 300 Career Education (Grades 9-12) | C29: =SUM('0040:4131'!C29) -> 286.93 | D29: =SUM('0040:4131'!D29) -> 293.68 | E29: =SUM('0040:4131'!E29) -> 580.61 | F29: ='1461'!F29:G29 -> 1.079 | H29: =SUM('1461:4131'!H29) -> 626.4782 | I29: =SUM('0040:4131'!I29) -> 3476004.3
A30: Totals non-virtual schools | C30: =SUM(C14:C29) -> 10891.49 | D30: =SUM(D14:D29) -> 10905.71 | E30: =SUM(E14:E29) -> 21797.2 | H30: =SUM(H14:H29) -> 25250.974 | I30: =SUM(I14:I29) -> 1.4052929e+08
A31: Virtual schools ($5,476.28/FTE) | C31: =Virtual!E22 -> 0 | D31: =Virtual!E23 -> 0 | E31: =IF(D$30=0,C31*2,C31+D31) -> 0 | F31: 0.7 | H31: =ROUND(E31*F31,4) -> 0 | I31: =Virtual!E28 -> 0
A32: Totals all schools | C32: =SUM(C30:C31) -> 10891.49 | D32: =SUM(D30:D31) -> 10905.71 | E32: =SUM(E30:E31) -> 21797.2 | I32: =SUM(I30:I31) -> 1.4052929e+08 | J32: =I32+I68+I86+I91+I93+I95+I97+I99+I108+J115 -> 2.0675613e+08
A34: Letters in Parentheses Refer to Notes at Bottom of Worksheet:
I36: 2018-19
C37: =C11 -> Oct 2024 | D37: =D11 -> Feb 2025 | E37: Total | I37: Base Funding
A38: Additional FTE (a) | C38: FTE | D38: FTE | E38: FTE | I38: (WFTE x BSA x DCD)
A39: Advanced Placement | C39: =SUM('1461:4111'!C38) -> 0 | D39: =SUM('1461:4111'!D38) -> 0 | E39: =SUM('1461:4111'!E38) -> 0 | I39: =SUM('1461:4111'!I38) -> 0
A40: International Baccalaureate | C40: =SUM('1461:4111'!C39) -> 0 | D40: =SUM('1461:4111'!D39) -> 0 | E40: =SUM('1461:4111'!E39) -> 0 | I40: =SUM('1461:4111'!I39) -> 0
A41: Advanced International Certificate | C41: =SUM('1461:4111'!C40) -> 0 | D41: =SUM('1461:4111'!D40) -> 0 | E41: =SUM('1461:4111'!E40) -> 0 | I41: =SUM('1461:4111'!I40) -> 0
A42: Industry Certified Career Education | C42: =SUM('1461:4111'!C41) -> 0 | D42: =SUM('1461:4111'!D41) -> 0 | E42: =SUM('1461:4111'!E41) -> 0 | I42: =SUM('1461:4111'!I41) -> 0
A43: Early High School Graduation | C43: =SUM('1461:4111'!C42) -> 0 | D43: =SUM('1461:4111'!D42) -> 0 | E43: =SUM('1461:4111'!E42) -> 0 | I43: =SUM('1461:4111'!I42) -> 0
A44: Small District ESE Supplement | C44: =SUM('1461:4111'!C43) -> 0 | D44: =SUM('1461:4111'!D43) -> 0 | E44: =SUM('1461:4111'!E43) -> 0 | I44: =SUM('1461:4111'!I43) -> 0
B45: Total Additional FTE | C45: =SUM(C39:C44) -> 0 | D45: =SUM(D39:D44) -> 0 | E45: =SUM(E39:E44) -> 0 | H45: Additional Base Funds | I45: =SUM(I39:I44) -> 0
B47: Total Funded Weighted FTE | E47: =H30+E45 -> 25250.974 | H47: Total Base Funding | I47: =SUM(I45,I32) -> 1.4052929e+08
A50: 1B. Classroom Teacher & Other Instructional Personnel Salary Increase
A51: Maintenance and Growth Portions of the Salary Increase funds are part of the total Base Funding and are not treated as a separate allocation.
A52: Amounts are split out here for informative purposes and for the purposes of providing a total that may be used for calculating the adminstrative fee.
B53: Maintenance Portion (5.59% of Base Funding) | E53: (g) (k) | F53: =SUM('1461:4131'!F51) -> 1.4124991e+08 | G53: x | H53: ='1461'!H51 -> 0.0559 | I53: =SUM('0040:4131'!I51) -> 7868130.8
B54: Growth Portion (1.07% of Base Funding) | E54: (g) (k) | F54: =SUM('1461:4131'!F52) -> 1.4124991e+08 | G54: x | H54: ='1461'!H52 -> 0.0107 | I54: =SUM('0040:4131'!I52) -> 1506064.4
B55: Total Salary Increase | I55: =SUM(I53:I54) -> 9374195.2
C57: =C11 -> Oct 2024 | D57: =D11 -> Feb 2025 | E57: Total | F57: Grade | G57: Matrix | H57: Guarantee
A58: 2. ESE Guaranteed Allocation: | C58: =C12 -> FTE | D58: =D12 -> FTE | E58: FTE | F58: Level | G58: Level | H58: Per Student
A59: Additional Funding from the ESE Guaranteed Allocation. Enter the FTE from 111,112 and 113 by grade and matrix level. Students who do not have a matrix level should be considered 251. This total should equal all FTE from programs 111, 112 and 113 above. | C59: =SUM('0040:4131'!C57) -> 229.09 | D59: =SUM('0040:4131'!D57) -> 246.36 | E59: =SUM('0040:4131'!E57) -> 475.45 | F59: PK-3 | G59: 251 | H59: ='1461'!H57 -> 1047 | I59: =SUM('0040:4131'!I57) -> 497796.15
C60: =SUM('0040:4131'!C58) -> 50.03 | D60: =SUM('0040:4131'!D58) -> 53.79 | E60: =SUM('0040:4131'!E58) -> 103.82 | F60: PK-3 | G60: 252 | H60: ='1461'!H58 -> 3380 | I60: =SUM('0040:4131'!I58) -> 350911.6
C61: =SUM('0040:4131'!C59) -> 16.53 | D61: =SUM('0040:4131'!D59) -> 13.61 | E61: =SUM('0040:4131'!E59) -> 30.14 | F61: PK-3 | G61: 253 | H61: ='1461'!H59 -> 6896 | I61: =SUM('0040:4131'!I59) -> 207845.44
C62: =SUM('0040:4131'!C60) -> 517.53 | D62: =SUM('0040:4131'!D60) -> 529.31 | E62: =SUM('0040:4131'!E60) -> 1046.84 | F62: 4-8 | G62: 251 | H62: ='1461'!H60 -> 1173 | I62: =SUM('0040:4131'!I60) -> 1227943.3
C63: =SUM('0040:4131'!C61) -> 65 | D63: =SUM('0040:4131'!D61) -> 64.25 | E63: =SUM('0040:4131'!E61) -> 129.25 | F63: 4-8 | G63: 252 | H63: ='1461'!H61 -> 3506 | I63: =SUM('0040:4131'!I61) -> 453150.5
C64: =SUM('0040:4131'!C62) -> 12.94 | D64: =SUM('0040:4131'!D62) -> 11.17 | E64: =SUM('0040:4131'!E62) -> 24.11 | F64: 4-8 | G64: 253 | H64: ='1461'!H62 -> 7023 | I64: =SUM('0040:4131'!I62) -> 169324.53
C65: =SUM('0040:4131'!C63) -> 430.47 | D65: =SUM('0040:4131'!D63) -> 436.79 | E65: =SUM('0040:4131'!E63) -> 867.26 | F65: 9-12 | G65: 251 | H65: ='1461'!H63 -> 835 | I65: =SUM('0040:4131'!I63) -> 724162.1
C66: =SUM('0040:4131'!C64) -> 80.77 | D66: =SUM('0040:4131'!D64) -> 84.22 | E66: =SUM('0040:4131'!E64) -> 164.99 | F66: 9-12 | G66: 252 | H66: ='1461'!H64 -> 3168 | I66: =SUM('0040:4131'!I64) -> 522688.32
C67: =SUM('0040:4131'!C65) -> 115.15 | D67: =SUM('0040:4131'!D65) -> 114.26 | E67: =SUM('0040:4131'!E65) -> 229.41 | F67: 9-12 | G67: 253 | H67: ='1461'!H65 -> 6685 | I67: =SUM('0040:4131'!I65) -> 1533605.9
C68: =SUM(C59:C67) -> 1517.51 | D68: =SUM(D59:D67) -> 1553.76 | E68: =SUM(E59:E67) -> 3071.27 | F68: Total ESE Guarantee | I68: =SUM(I59:I67) -> 5687427.8
A70: 3A. Divide school's Unweighted FTE (UFTE) total computed in Section 1, cell E30 above by the district's total UFTE to obtain school's
A71: UFTE share. CS UFTE: | C71: =SUM('0040:4131'!C69) -> 21797.2 | D71: ÷ District's total UFTE | H71: ='1461'!H69 -> 210166.87
G72: = | H72: =ROUND(C71/H71,6) -> 0.103714
A73: 3B. Divide school's Weighted FTE (WFTE) total computed in Section 1, cell H30 above by the district's total WFTE to obtain school's
A74: WFTE share. CS WFTE: | C74: =SUM('0040:4131'!C72) -> 25327.511 | D74: ÷ District's total WFTE | H74: ='1461'!H72 -> 237198.6
G75: = | H75: =ROUND(C74/H74,6) -> 0.106778
A76: 3C. Divide school's Unweighted FTE (UFTE) total computed in Section 1, cell E30 above by the District's total non-scholarship UFTE to obtain school's
A77: UFTE share. CS UFTE: | C77: =SUM('0040:4131'!C75) -> 21797.2 | D77: ÷ District's total non-scholarship UFTE | H77: ='1461'!H75 -> 185588.37
G78: = | H78: =ROUND(C77/H77,6) -> 0.117449
A79: 3D. Divide school's Unweighted FTE (UFTE) total computed in Section 1, cell E30 above by the District's total non-virtual UFTE to obtain school's
A80: UFTE share. CS UFTE: | C80: =SUM('0040:4131'!C78) -> 21797.2 | D80: ÷ District's total non-virtual UFTE | H80: ='1461'!H78 -> 209834.86
G81: = | H81: =ROUND(C80/H80,6) -> 0.103878
A82: 3E. Divide school's Unweighted FTE (UFTE) total computed in Section 1, cell E30 above by the district's total non-scholarship/virtual UFTE to obtain
A83: school's UFTE share. CS UFTE: | C83: =SUM('0040:4131'!C81) -> 21797.2 | D83: ÷ Dististict's total non-scholarship/virtual UFTE | H83: ='1461'!H81 -> 185256.36
G84: = | H84: =ROUND(C83/H83,6) -> 0.11766
A86: 4. Educational Enrichment Share (Non-virtual UFTE share) | E86: (e) | F86: ='1461'!F85 -> 46151079 | G86: x | H86: =H81 -> 0.103878 | I86: =SUM('0040:4131'!I85) -> 4794081.8
A88: 5. Discretionary Millage Compression Allocation
A89: .748 Mills (UFTE share) | E89: (b) | F89: ='1461'!F88 -> 0 | G89: x | H89: =H72 -> 0.103714 | I89: =SUM('0040:4131'!I88) -> 0
A91: 6. Safe Schools Allocation (Non-scholarship/virtual UFTE share) | E91: (f) | F91: ='1461'!F90 -> 19094340 | G91: x | H91: =H84 -> 0.11766 | I91: =SUM('0040:4131'!I90) -> 2246678.2
A93: 7. Mental Health Assistance Allocation (Non-scholarship UFTE share) | E93: (b) | F93: ='1461'!F92 -> 11461928 | G93: x | H93: =H78 -> 0.117449 | I93: =SUM('0040:4131'!I92) -> 1346214.9
A95: 8. Discretionary Local Effort (WFTE share) | E95: (c) | F95: ='1461'!F94 -> 255756816 | G95: x | H95: =H75 -> 0.106778 | I95: =SUM('0040:4131'!I94) -> 27308946
I96: =SUM('0040:4131'!I95) -> 0
A97: 9. Proration to Funds Available (WFTE share) | E97: (c) | F97: ='1461'!F96 -> -16705366 | G97: x | H97: =H75 -> 0.106778 | I97: =SUM('0040:4131'!I96) -> -1783748.8
A99: 10. Educational Enrollment Stabilization Program (UFTE Share) | E99: (b) | F99: 5621424 | G99: x | H99: =H72 -> 0.103714 | I99: =SUM('0040:4131'!I98) -> 21142.93
A102: 11. Class Size Reduction Funds:
C103: Weighted FTE | F103: Allocation
C104: (not including Add-On) | E104: X CWF X | F104: Factors
B105: PK - 3 | C105: =SUM('1461:4131'!C104) -> 7863.4946 | D105: =SUM('1461:4131'!D101) -> 0 | E105: ='1461'!E104 -> 1.0408 | F105: ='1461'!F104 -> 950.92 | G105: = | H105: =SUM('0040:4131'!H104) -> 7782638.5
B106: 4-8 | C106: =SUM('1461:4131'!C105) -> 9796.481 | D106: =SUM('1461:4131'!D102) -> 0 | E106: ='1461'!E105 -> 1.0408 | F106: ='1461'!F105 -> 907.92 | G106: = | H106: =SUM('0040:4131'!H105) -> 9291539.8
B107: 9-12 | C107: =SUM('1461:4131'!C106) -> 7590.9981 | D107: =SUM('1461:4131'!D103) -> 0 | E107: ='1461'!E106 -> 1.0408 | F107: ='1461'!F106 -> 910.12 | G107: = | H107: =SUM('0040:4131'!H106) -> 7228786.1
B108: Total * | C108: =SUM(C105:C107) -> 25250.974 | H108: Total Class Size Reduction Funds | I108: =SUM('0040:4131'!I107) -> 24302964
A109: (*Total FTE should equal total in Section 1, column (4) and should not include any additional FTE from Section 1.)
A111: 12. Student Transportation | E111: (h)
C112: Oct 2024 | D112: Feb 2025 | E112: Average
C113: FTE | D113: FTE | E113: FTE
A114: All Adjusted Fundable Riders | C114: =SUM('0040:4131'!C113) -> 3895 | D114: =SUM('0040:4131'!D113) -> 3983 | E114: =SUM('0040:4131'!E113) -> 3939 | F114: x | G114: ='1461'!G113 -> 584 | I114: =SUM('0040:4131'!I113) -> 2300376
A115: All Adjusted ESE Riders (Member Cat L) | C115: =SUM('0040:4131'!C114) -> 2 | D115: =SUM('0040:4131'!D114) -> 1 | E115: =SUM('0040:4131'!E114) -> 1.5 | F115: x | G115: ='1461'!G114 -> 1838 | I115: =SUM('0040:4131'!I114) -> 2757 | J115: =SUM(I114:I115) -> 2303133
A118: 12. Federally Connected Student Supplement | E118: (i)
C119: Number of Students | H119: Impact Aide
C120: =C112 -> Oct 2024 | D120: =D112 -> Feb 2025 | E120: Total | F120: Exempt Property | H120: Student
A121: Impact Aid Student Type | C121: FTE | D121: FTE | E121: FTE | F121: Allocation | H121: Allocation | I121: Total
A122: Military and Indian Lands | C122: 0 | D122: 0 | E122: =IF(D31=0,C122*2,C122+D122) -> 0 | F122: 0 | H122: =IF(C122=0,0,125) -> 0 | I122: =ROUND((H122+F122)*E122,2) -> 0
A123: Civilians on Federal Lands | C123: 0 | D123: 0 | E123: =IF(D32=0,C123*2,C123+D123) -> 0 | F123: =ROUND(F122/2,2) -> 0 | H123: =IF(C123=0,0,62.5) -> 0 | I123: =ROUND((H123+F123)*E123,2) -> 0
...

Sheet Cumulative Payments
A1: Cumulative Payments
D4: Net Revenue | E4: July | F4: August | G4: Sept | H4: Oct | I4: Nov | J4: Dec | K4: Jan | L4: Feb | M4: March | N4: April | O4: May | P4: June | Q4: Total | R4: Payments excluding current month
A5: 1 | B5: 0040 | C5: Palm Beach Preparatory Middle School | D5: 292508.5 | H5: 22026.35 | I5: 22018.93 | J5: 38571.97 | K5: 38571.97 | L5: 34661.77 | M5: 34164.38 | N5: 34164.38 | O5: 34618.99 | P5: 34618.99 | Q5: =SUM(E5:P5) -> 293417.73 | R5: =SUM(E5:O5) -> 258798.74
A6: 2 | B6: 0100 | C6: The Learning Center Highschool | D6: 267225.58 | H6: 26461.7 | I6: 26461.7 | J6: 32140.48 | K6: 32140.48 | L6: 30503.88 | M6: 29879.34 | N6: 29879.33 | O6: 30024.89 | P6: 30024.89 | Q6: =SUM(E6:P6) -> 267516.69 | R6: =SUM(E6:O6) -> 237491.8
A7: 3 | B7: 1461 | C7: Inlet Grove Community High School | D7: 5806353.1 | E7: 543134.93 | F7: 544837.4 | G7: 544837.4 | H7: 544837.4 | I7: 544837.4 | J7: 452087.81 | K7: 452087.81 | L7: 442547.57 | M7: 434286.35 | N7: 434286.34 | O7: 443499.84 | P7: 443499.84 | Q7: =SUM(E7:P7) -> 5824780.1 | R7: =SUM(E7:O7) -> 5381280.2
A8: 4 | B8: 1571 | C8: South Tech Charter Academy | D8: 9512536.4 | E8: 744106.29 | F8: 746335.74 | G8: 746356.02 | H8: 746356.02 | I8: 746356.02 | J8: 824241.24 | K8: 824241.24 | L8: 836014.93 | M8: 824632.23 | N8: 824632.22 | O8: 839353.17 | P8: 839353.18 | Q8: =SUM(E8:P8) -> 9541978.3 | R8: =SUM(E8:O8) -> 8702625.1
A9: 5 | B9: 2521 | C9: Ed Venture | D9: 1344435.9 | E9: 96199.14 | F9: 96422.86 | G9: 96437.43 | H9: 96437.43 | I9: 96437.44 | J9: 122776.57 | K9: 122776.57 | L9: 124850.17 | M9: 123024.56 | N9: 123024.56 | O9: 124009.85 | P9: 124009.85 | Q9: =SUM(E9:P9) -> 1346406.4 | R9: =SUM(E9:O9) -> 1222396.6
A10: 6 | B10: 2531 | C10: Bodwell Academy | D10: 1540285.8 | E10: 79086.62 | F10: 79408.67 | G10: =79413.53+33368.87 -> 112782.4 | H10: 112782.4 | I10: 112782.4 | J10: 141539.98 | K10: 141539.98 | L10: 154523.73 | M10: 151459.91 | N10: 151459.91 | O10: 152109.29 | P10: 152109.29 | Q10: =SUM(E10:P10) -> 1541584.6 | R10: =SUM(E10:O10) -> 1389475.3
A11: 7 | B11: 2791 | C11: The Learning Center @ The Els Center of Excl | D11: ='Annual Rev & Fees'!L12 -> 5354299.6 | E11: 373318.84 | F11: 374880.45 | G11: 374908.37 | H11: 374908.37 | I11: 374908.37 | J11: 493269.72 | K11: 493269.72 | L11: 493203.62 | M11: 481492.28 | N11: 481492.27 | O11: 483667.18 | P11: 483667.18 | Q11: =SUM(E11:P11) -> 5282986.4 | R11: =SUM(E11:O11) -> 4799319.2
A12: 8 | B12: 2801 | C12: Palm Beach Maritime Academy Elementary | D12: 5190302.7 | E12: 438241.71 | F12: 439779.53 | G12: 439835.38 | H12: 439835.38 | I12: 439835.38 | J12: 430636.58 | K12: 430636.58 | L12: 433305.67 | M12: 424549.11 | N12: 424549.11 | O12: 432065.16 | P12: 432065.16 | Q12: =SUM(E12:P12) -> 5205334.8 | R12: =SUM(E12:O12) -> 4773269.6
A13: 9 | B13: 2911 | C13: Western Academy Charter School | D13: 6044517.9 | E13: 458554.15 | F13: 460340.26 | G13: 460361.47 | H13: 460361.47 | I13: 460361.47 | J13: 542615.68 | K13: 542615.68 | L13: 542100.03 | M13: 529301.92 | N13: 529301.91 | O13: 538638.55 | P13: 538638.54 | Q13: =SUM(E13:P13) -> 6063191.1 | R13: =SUM(E13:O13) -> 5524552.6
A14: 10 | B14: 2941 | C14: Palm Beach School for Autism | D14: 10296273 | E14: 866760.71 | F14: 870181.98 | G14: 870232.61 | H14: 870232.61 | I14: 870232.61 | J14: 864585.46 | K14: 864585.46 | L14: 861472.91 | M14: 839497.25 | N14: 839497.25 | O14: 844552.06 | P14: 844552.07 | Q14: =SUM(E14:P14) -> 10306383 | R14: =SUM(E14:O14) -> 9461830.9
A15: 11 | B15: 3083 | C15: The Learning Academy @ The Els Center of Excl | D15: 5814048.5 | E15: 418062.5 | F15: 419801.64 | G15: 419829.87 | H15: 419829.87 | I15: 419829.87 | J15: 538568.26 | K15: 538568.27 | L15: 538568.26 | M15: 525247.48 | N15: 525247.48 | O15: 527383.21 | P15: 527383.21 | Q15: =SUM(E15:P15) -> 5818319.9 | R15: =SUM(E15:O15) -> 5290936.7
A16: 12 | B16: 3345 | C16: Career Academy of the Palm Beaches | D16: 1082994.9 | E16: 85480.95 | F16: 85606.82 | G16: 85621.5 | H16: 85621.5 | I16: 85621.5 | J16: 98560.43 | K16: 98560.43 | L16: 92162.42 | M16: 91439.84 | N16: 91439.84 | O16: 92461.52 | P16: 92461.52 | Q16: =SUM(E16:P16) -> 1085038.3 | R16: =SUM(E16:O16) -> 992576.75
A17: 13 | B17: 3381 | C17: Imagine Schools - Chancellor Campus | D17: 8983077.2 | E17: 752379.59 | F17: 755267.04 | G17: 755288.45 | H17: 755288.45 | I17: 755288.46 | J17: 752295.59 | K17: 752295.59 | L17: 755542.99 | M17: 737357.75 | N17: 737357.75 | O17: 751183.18 | P17: 751183.19 | Q17: =SUM(E17:P17) -> 9010728 | R17: =SUM(E17:O17) -> 8259544.8
A18: 14 | B18: 3382 | C18: Glades Academy | D18: 2386904 | E18: 183876.95 | F18: 184363.53 | G18: 184416.79 | H18: 184416.79 | I18: 184416.79 | J18: 207711.94 | K18: 207711.94 | L18: 211779.12 | M18: 209552.53 | N18: 209552.53 | O18: 212982.74 | P18: 212982.73 | Q18: =SUM(E18:P18) -> 2393764.4 | R18: =SUM(E18:O18) -> 2180781.7
A19: 15 | B19: 3391 | C19: Seagull Academy for Independent Living | D19: =E19+F19 -> 66663.93 | E19: 33300.01 | F19: 33363.92 | G19: 0 | I19: 0 | J19: 0 | K19: 0 | L19: 0 | O19: 0 | P19: 0 | Q19: =SUM(E19:P19) -> 66663.93 | R19: =SUM(E19:O19) -> 66663.93
A20: 16 | B20: 3394 | C20: Montessori Academy of Early Enrichment | D20: 1634923.5 | E20: 144251.51 | F20: 144800.1 | G20: 144845.64 | H20: 144845.64 | I20: 144845.64 | J20: 133747.97 | K20: 133747.97 | L20: 131505.39 | M20: 128083.41 | N20: 128083.41 | O20: 130502.71 | P20: 130502.7 | Q20: =SUM(E20:P20) -> 1639762.1 | R20: =SUM(E20:O20) -> 1509259.4
A21: 17 | B21: 3395 | C21: Somerset Academy Charter School | D21: 4354218.3 | E21: 370530.88 | F21: 371985.33 | G21: 372039.83 | H21: 372039.83 | I21: 372039.83 | J21: 361457.36 | K21: 361457.36 | L21: 361912.76 | M21: 352688.78 | N21: 352688.77 | O21: 359356.86 | P21: 359356.85 | Q21: =SUM(E21:P21) -> 4367554.4 | R21: =SUM(E21:O21) -> 4008197.6
A22: 18 | B22: 3396 | C22: G-Star School of the Arts | D22: 5757622.9 | E22: 457612.31 | F22: 459102.47 | G22: 465112.24 | H22: 465112.24 | I22: 465112.24 | J22: 506201.79 | K22: 506201.79 | L22: 494399.69 | M22: 484692.04 | N22: 484692.04 | O22: 494003.49 | P22: 494003.49 | Q22: =SUM(E22:P22) -> 5776245.8 | R22: =SUM(E22:O22) -> 5282242.3
A23: 19 | B23: 3398 | C23: Everglades Preparatory Academy | D23: 901586.45 | E23: 82429.48 | F23: 82658.69 | G23: 82683.14 | H23: 82683.14 | I23: 82683.14 | J23: 72136.72 | K23: 72136.73 | L23: 69725.15 | M23: 68612.57 | N23: 68612.56 | O23: 70040.23 | P23: 70040.22 | Q23: =SUM(E23:P23) -> 904441.77 | R23: =SUM(E23:O23) -> 834401.55
A24: 20 | B24: 3400 | C24: Believers Academy | D24: 1119947.6 | E24: 93468.86 | F24: 93648.32 | G24: 93667.31 | H24: 93667.3 | I24: 93667.31 | J24: 95159.11 | K24: 95159.11 | L24: 93255.37 | M24: 92063.72 | N24: 92063.72 | O24: 93334.52 | P24: 93334.51 | Q24: =SUM(E24:P24) -> 1122489.2 | R24: =SUM(E24:O24) -> 1029154.6
A25: 21 | B25: 3401 | C25: Quantum High School | D25: 3485855.6 | E25: 261804.23 | F25: 262560.39 | G25: 262610.42 | H25: 262610.42 | I25: 262610.42 | J25: 313466.47 | K25: 313466.48 | L25: 312882.6 | M25: 308461.03 | N25: 308461.03 | O25: 313942.58 | P25: 313942.57 | Q25: =SUM(E25:P25) -> 3496818.6 | R25: =SUM(E25:O25) -> 3182876.1
A26: 22 | B26: 3413 | C26: Somerset Academy Boca | D26: 3382971.5 | E26: 271329 | F26: 272395.59 | G26: 272417.49 | H26: 272417.49 | I26: 272417.49 | J26: 293048.83 | K26: 293048.84 | L26: 292984.35 | M26: 285728.11 | N26: 285728.1 | O26: 290836.2 | P26: 290836.19 | Q26: =SUM(E26:P26) -> 3393187.7 | R26: =SUM(E26:O26) -> 3102351.5
A27: 23 | B27: 3421 | C27: Worthington High School | D27: 3811855.1 | E27: 269507.72 | F27: 270454.28 | G27: 270504.44 | H27: 270504.44 | I27: 270504.44 | J27: 351143.65 | K27: 351143.65 | L27: 356804.56 | M27: 350321.97 | N27: 350321.97 | O27: 356514.32 | P27: 356514.31 | Q27: =SUM(E27:P27) -> 3824239.7 | R27: =SUM(E27:O27) -> 3467725.4
A28: 24 | B28: 3431 | C28: Renaissance Charter School at WPB | D28: 8700721.4 | E28: 702850.13 | F28: 705612.5 | G28: 705634.01 | H28: 705634.01 | I28: 705634.01 | J28: 745453.32 | K28: 745453.33 | L28: 751384.91 | M28: 733266.29 | N28: 733266.29 | O28: 746652.36 | P28: 746652.35 | Q28: =SUM(E28:P28) -> 8727493.5 | R28: =SUM(E28:O28) -> 7980841.2
A29: 25 | B29: 3441 | C29: South Tech Preparatory Academy (MS) | D29: 4366954.8 | E29: 362240.2 | F29: 363336.93 | G29: 363387.69 | H29: 363387.68 | I29: 363387.69 | J29: 367176.42 | K29: 367176.42 | L29: 367790.18 | M29: 362267.89 | N29: 362267.89 | O29: 369101.12 | P29: 369101.12 | Q29: =SUM(E29:P29) -> 4380621.2 | R29: =SUM(E29:O29) -> 4011520.1
A30: 26 | B30: 3924 | C30: Palm Beach Maritime Academy Secondary | D30: 3626197.5 | E30: 321097.51 | F30: 322121.01 | G30: 322172.35 | H30: 322172.35 | I30: 322172.36 | J30: 292239.55 | K30: 292239.55 | L30: 290536.23 | M30: 285361.66 | N30: 285361.66 | O30: 290997.09 | P30: 290997.08 | Q30: =SUM(E30:P30) -> 3637468.4 | R30: =SUM(E30:O30) -> 3346471.3
A31: 27 | B31: 3941 | C31: Ben Gamla Charter School | D31: 1992087.6 | E31: 183588.24 | F31: 184304.2 | G31: 184326.33 | H31: 184326.33 | I31: 184326.33 | J31: 155101.01 | K31: 155101.01 | L31: 155623.69 | M31: 151347.61 | N31: 151347.6 | O31: 154326.01 | P31: 154326 | Q31: =SUM(E31:P31) -> 1998044.4 | R31: =SUM(E31:O31) -> 1843718.4
A32: 28 | B32: 3961 | C32: Gardens School of Technology Arts | D32: 2459958.1 | E32: 227226.19 | F32: 228128.07 | G32: 222052.75 | H32: 222052.75 | I32: 222052.75 | J32: 192742.05 | K32: 192742.06 | L32: 194781.58 | M32: 189544.97 | N32: 189544.97 | O32: 193381 | P32: 193381 | Q32: =SUM(E32:P32) -> 2467630.1 | R32: =SUM(E32:O32) -> 2274249.1
A33: 29 | B33: 3971 | C33: Palm Beach Perparatory Charter Academy | D33: 5001996.6 | E33: 458603.06 | F33: 459980.77 | G33: 460031.21 | H33: 460031.21 | I33: 460031.21 | J33: 422865.75 | K33: 422865.75 | L33: 379686.32 | M33: 369475.33 | N33: 369475.33 | O33: 377682.61 | P33: 377682.6 | Q33: =SUM(E33:P33) -> 5018411.1 | R33: =SUM(E33:O33) -> 4640728.5
A34: 30 | B34: 4001 | C34: Renaissance Charter School at Wellington | D34: 5814726.2 | E34: 501572.04 | F34: 503475.79 | G34: 503529.61 | H34: 503529.6 | I34: 503529.61 | J34: 476778.75 | K34: 476778.75 | L34: 478450.35 | M34: 466770.43 | N34: 466770.42 | O34: 475652.15 | P34: 475652.15 | Q34: =SUM(E34:P34) -> 5832489.7 | R34: =SUM(E34:O34) -> 5356837.5
A35: 31 | B35: 4002 | C35: Renaissance Charter School at Summit | D35: 8462138.7 | E35: 777532.13 | F35: 780625.73 | G35: 780680.65 | H35: 780680.65 | I35: 780680.66 | J35: 662598.02 | K35: 662598.02 | L35: 661991.35 | M35: 643687.88 | N35: 643687.87 | O35: 656579.85 | P35: 656579.84 | Q35: =SUM(E35:P35) -> 8487922.6 | R35: =SUM(E35:O35) -> 7831342.8
A36: 32 | B36: 4012 | C36: Somerset Academy Canyons Middle School | D36: 4800049 | E36: 442138 | F36: 443875.95 | G36: 443896.27 | H36: 443896.27 | I36: 443896.27 | J36: 375074.97 | K36: 375074.97 | L36: 374624.01 | M36: 364393.07 | N36: 364393.07 | O36: 372235.31 | P36: 372235.3 | Q36: =SUM(E36:P36) -> 4815733.5 | R36: =SUM(E36:O36) -> 4443498.2
A37: 33 | B37: 4013 | C37: Somerset Academy Canyons High School | D37: 7984818.9 | E37: 654398.58 | F37: 657017.1 | G37: 657037.07 | H37: 657037.07 | I37: 657037.07 | J37: 680253.26 | K37: 680253.26 | L37: 682191.99 | M37: 664898.38 | N37: 664898.38 | O37: 678382.41 | P37: 678382.4 | Q37: =SUM(E37:P37) -> 8011787 | R37: =SUM(E37:O37) -> 7333404.6
A38: 34 | B38: 4020 | C38: Franklin Academy - Boynton Beach | D38: 10680913 | E38: 848921.99 | F38: 852093.97 | G38: 852147.55 | H38: 852147.55 | I38: 852147.55 | J38: 925462.84 | K38: 925462.84 | L38: 930732.55 | M38: 910449.09 | N38: 910449.08 | O38: 926805.61 | P38: 926805.6 | Q38: =SUM(E38:P38) -> 10713626 | R38: =SUM(E38:O38) -> 9786820.6
A39: 35 | B39: 4030 | C39: Olympus International Academy | D39: 2594814.5 | E39: 227815.64 | F39: 228733.02 | G39: 228790.53 | H39: 228790.53 | I39: 228790.53 | J39: 210714 | K39: 210714.01 | L39: 210605.27 | M39: 204965.25 | N39: 204965.25 | O39: 208832.09 | P39: 208832.08 | Q39: =SUM(E39:P39) -> 2602548.2 | R39: =SUM(E39:O39) -> 2393716.1
A40: 36 | B40: 4031 | C40: Somerset Academy Wellington | D40: 3857975.1 | E40: 375586.71 | F40: 377076.81 | G40: 377131.17 | H40: 377131.17 | I40: 377131.18 | J40: 284716.4 | K40: 284716.4 | L40: 287538.09 | M40: 279236.79 | N40: 279236.79 | O40: 285149.29 | P40: 285149.28 | Q40: =SUM(E40:P40) -> 3869800.1 | R40: =SUM(E40:O40) -> 3584650.8
A41: 37 | B41: 4041 | C41: Somerset Academy Boca Middle School | D41: 759402.41 | E41: 60968.85 | F41: 61206.94 | G41: 61214.31 | H41: 61214.31 | I41: 61214.31 | J41: 65401.79 | K41: 65401.79 | L41: 65859.06 | M41: 64230.26 | N41: 64230.26 | O41: 65461.66 | P41: 65461.65 | Q41: =SUM(E41:P41) -> 761865.19 | R41: =SUM(E41:O41) -> 696403.54
A42: 38 | B42: 4050 | C42: Renaissance Charter School at Cypress | D42: 6128565.2 | E42: 547951.48 | F42: 550135.93 | G42: 550189.84 | H42: 550189.83 | I42: 550189.84 | J42: 489528.4 | K42: 489528.4 | L42: 490763.47 | M42: 477522.02 | N42: 477522.01 | O42: 487005.43 | P42: 487005.42 | Q42: =SUM(E42:P42) -> 6147532.1 | R42: =SUM(E42:O42) -> 5660526.6
A43: 39 | B43: 4051 | C43: Renaissance Charter School at Central Palm | D43: 6474165.2 | E43: 601326.9 | F43: 603719.79 | G43: 603774.15 | H43: 603774.14 | I43: 603774.15 | J43: 501859.92 | K43: 501859.92 | L43: 501996.96 | M43: 488019.82 | N43: 488019.82 | O43: 497976.17 | P43: 497976.17 | Q43: =SUM(E43:P43) -> 6494077.9 | R43: =SUM(E43:O43) -> 5996101.7
A44: 40 | B44: 4061 | C44: Franklin Academy - Palm Beach Gardens | D44: 8210913.4 | E44: 685584.55 | F44: 688138.52 | G44: 681940.1 | H44: 681940.1 | I44: 681940.1 | J44: 692271.49 | K44: 692271.5 | L44: 693895.59 | M44: 678232.86 | N44: 678232.85 | O44: 690828.19 | P44: 690828.18 | Q44: =SUM(E44:P44) -> 8236104 | R44: =SUM(E44:O44) -> 7545275.8
A45: 41 | B45: 4080 | C45: University Preparatory Academy | D45: 1986550.5 | E45: 191555.8 | F45: 192257.13 | G45: 192310.43 | H45: 192310.42 | I45: 192310.43 | J45: 150128.91 | K45: 150128.91 | L45: 148225.36 | M45: 144330.79 | N45: 144330.79 | O45: 147414.73 | P45: 147414.73 | Q45: =SUM(E45:P45) -> 1992718.4 | R45: =SUM(E45:O45) -> 1845303.7
A46: 42 | B46: 4081 | C46: Florida Futures Academy - North Campus | D46: 999437.53 | E46: 80762.73 | F46: 81046.89 | G46: 81071.9 | H46: 81071.9 | I46: 81071.9 | J46: 85463.93 | K46: 85463.93 | L46: 86189.39 | M46: 84323.74 | N46: 84323.74 | O46: 85940.16 | P46: 85940.15 | Q46: =SUM(E46:P46) -> 1002670.4 | R46: =SUM(E46:O46) -> 916730.21
... A49: 45 | B49: 4100 | C49: Connections Education Center of the PBs | D49: 3309753.4 | E49: 267680.53 | F49: 268790.57 | G49: 268808.69 | H49: 268808.69 | I49: 268808.69 | J49: 285464.21 | K49: 285464.21 | L49: 285228.24 | M49: 277674.9 | N49: 277674.9 | O49: 278895.31 | P49: 278895.31 | Q49: =SUM(E49:P49) -> 3312194.2 | R49: =SUM(E49:O49) -> 3033298.9
A50: 46 | B50: 4102 | C50: BridgePrep Academy of Palm Beach | D50: 0 | E50: 0 | F50: 0 | G50: 0 | H50: 0 | I50: 0 | J50: 0 | K50: 0 | L50: 0 | O50: 0 | P50: 0 | Q50: =SUM(E50:P50) -> 0 | R50: =SUM(E50:O50) -> 0
A51: 47 | B51: 4103 | C51: SLAM Boca | D51: 7902449.8 | E51: 703538.19 | F51: 706336.97 | G51: 706388.95 | H51: 706388.94 | I51: 706388.95 | J51: 633708.1 | K51: 633708.1 | L51: 634835.62 | M51: 617788.99 | N51: 617788.99 | O51: 630552.24 | P51: 630552.23 | Q51: =SUM(E51:P51) -> 7927976.3 | R51: =SUM(E51:O51) -> 7297424
A52: 48 | B52: 4111 | C52: SLAM HS Palm Beach | D52: 2394930.4 | E52: 202038.36 | F52: 202840.7 | G52: 202891.8 | H52: 202891.8 | I52: 202891.8 | J52: 200498.24 | K52: 200498.24 | L52: 200210.41 | M52: 195042.27 | N52: 195042.27 | O52: 198951 | P52: 198951 | Q52: =SUM(E52:P52) -> 2402747.9 | R52: =SUM(E52:O52) -> 2203796.9
A53: 49 | B53: 4131 | C53: Somerset Academy Wellington HS | D53: 790754.06 | E53: 44299.33 | F53: 44475.26 | G53: 44489.32 | H53: 44489.32 | I53: 44489.32 | J53: 82625.43 | K53: 82625.43 | L53: 82013.72 | M53: 80311.73 | N53: 80311.73 | O53: 81609.12 | P53: 81609.11 | Q53: =SUM(E53:P53) -> 793348.82 | R53: =SUM(E53:O53) -> 711739.71
R54: =SUM(E54:M54) -> 0
D55: =SUM(D5:D54) -> 2.0333142e+08 | E55: =SUM(E7:E54) -> 17016582 | F55: =SUM(F7:F54) -> 17079478 | G55: =SUM(G7:G54) -> 17074744 | H55: =SUM(H5:H54) -> 17123232 | I55: =SUM(I5:I54) -> 17123225 | J55: =SUM(J5:J54) -> 17074911 | K55: =SUM(K5:K54) -> 17074911 | L55: =SUM(L5:L54) -> 17051540 | M55: =SUM(M5:M54) -> 16659283 | N55: =SUM(N5:N54) -> 16659283 | O55: =SUM(O5:O54) -> 16943745 | ... Q55: =SUM(Q5:Q54) -> 2.0382468e+08 | R55: =SUM(E55:O55) -> 1.8688093e+08
I57: Net Revenue | J57: ='Annual Rev & Fees'!L63 -> 2.0359757e+08
I58: Net Revenue - Previous Pmts | J58: =J57-R55 -> 16716633
I59: Calculated Current Payment | J59: =J58/1 -> 16716633
I60: Actual Current Payment | J60: =P55 -> 16943744
J61: =J59-J60 -> -227111.69 | K61: rounding diff
N67: *Use this for each tab in worksheet, current month is excluded for calc.
D69: Net Revenue | E69: July | F69: August | G69: Sept | H69: Oct | I69: Nov | J69: Dec | K69: Jan | L69: Feb | M69: March | N69: April | O69: May | P69: June | Q69: Total | R69: Payments excluding current month
C70: Palm Beach Preparatory Middle School | H70: 22026.35 | I70: 22018.93 | J70: 38571.97 | K70: 38571.97 | L70: 34661.77 | M70: 34164.38 | N70: 34164.38 | O70: 34618.99 | P70: 34618.99 | Q70: =SUM(E70:P70) -> 293417.73 | R70: =SUM(E70:P70) -> 293417.73
C71: The Learning Center Highschool | H71: 26461.7 | I71: 26461.7 | J71: 32140.48 | K71: 32140.48 | L71: 30503.88 | M71: 29879.34 | N71: 29879.33 | O71: 30024.89 | P71: 30024.89 | Q71: =SUM(E71:P71) -> 267516.69 | R71: =SUM(E71:P71) -> 267516.69
A72: 1 | B72: 1461 | C72: Inlet Grove Community High School | D72: 6536346.3 | E72: 543134.93 | F72: 544837.4 | G72: 544837.4 | H72: 544837.4 | I72: 544837.4 | J72: 452087.81 | K72: 452087.81 | L72: 442547.57 | M72: 434286.35 | N72: 434286.34 | O72: 443499.84 | P72: 443499.84 | Q72: =SUM(E72:P72) -> 5824780.1 | R72: =SUM(E72:P72) -> 5824780.1
A73: 2 | B73: 1571 | C73: South Tech Charter Academy | D73: 8953799.4 | E73: 744106.29 | F73: 746335.74 | G73: 746356.02 | H73: 746356.02 | I73: 746356.02 | J73: 824241.24 | K73: 824241.24 | L73: 836014.93 | M73: 824632.23 | N73: 824632.22 | O73: 839353.17 | P73: 839353.18 | Q73: =SUM(E73:P73) -> 9541978.3 | R73: =SUM(E73:P73) -> 9541978.3
A74: 3 | B74: 2521 | C74: Ed Venture | D74: 1156850.6 | E74: 96199.14 | F74: 96422.86 | G74: 96437.43 | H74: 96437.43 | I74: 96437.44 | J74: 122776.57 | K74: 122776.57 | L74: 124850.17 | M74: 123024.56 | N74: 123024.56 | O74: 124009.85 | P74: 124009.85 | Q74: =SUM(E74:P74) -> 1346406.4 | R74: =SUM(E74:P74) -> 1346406.4
A75: 4 | B75: 2531 | C75: Potentials Charter School | D75: 952582.03 | E75: 79086.62 | F75: 79408.67 | G75: 112782.4 | H75: 112782.4 | I75: 112782.4 | J75: 141539.98 | K75: 141539.98 | L75: 154523.73 | M75: 151459.91 | N75: 151459.91 | O75: 152109.29 | P75: 152109.29 | Q75: =SUM(E75:P75) -> 1541584.6 | R75: =SUM(E75:P75) -> 1541584.6
A76: 5 | B76: 2791 | C76: The Learning Center @ The Els Center of Excl | D76: 4497003.8 | E76: 373318.84 | F76: 374880.45 | G76: 374908.37 | H76: 374908.37 | I76: 374908.37 | J76: 493269.72 | K76: 493269.72 | L76: 493203.62 | M76: 481492.28 | N76: 481492.27 | O76: 483667.18 | P76: 483667.18 | Q76: =SUM(E76:P76) -> 5282986.4 | R76: =SUM(E76:P76) -> 5282986.4
A77: 6 | B77: 2801 | C77: Palm Beach Maritime Academy Elementary | D77: 5275816.5 | E77: 438241.71 | F77: 439779.53 | G77: 439835.38 | H77: 439835.38 | I77: 439835.38 | J77: 430636.58 | K77: 430636.58 | L77: 433305.67 | M77: 424549.11 | N77: 424549.11 | O77: 432065.16 | P77: 432065.16 | Q77: =SUM(E77:P77) -> 5205334.8 | R77: =SUM(E77:P77) -> 5205334.8
A78: 7 | B78: 2911 | C78: Western Academy Charter School | D78: 5522297 | E78: 458554.15 | F78: 460340.26 | G78: 460361.47 | H78: 460361.47 | I78: 460361.47 | J78: 542615.68 | K78: 542615.68 | L78: 542100.03 | M78: 529301.92 | N78: 529301.91 | O78: 538638.55 | P78: 538638.54 | Q78: =SUM(E78:P78) -> 6063191.1 | R78: =SUM(E78:P78) -> 6063191.1
A79: 8 | B79: 2941 | C79: Palm Beach School for Autism | D79: 10438762 | E79: 866760.71 | F79: 870181.98 | G79: 870232.61 | H79: 870232.61 | I79: 870232.61 | J79: 864585.46 | K79: 864585.46 | L79: 861472.91 | M79: 839497.25 | N79: 839497.25 | O79: 844552.06 | P79: 844552.07 | Q79: =SUM(E79:P79) -> 10306383 | R79: =SUM(E79:P79) -> 10306383
A80: 9 | B80: 3083 | C80: The Learning Academy @ The Els Center of Excl | D80: 5035880.5 | E80: 418062.5 | F80: 419801.64 | G80: 419829.87 | H80: 419829.87 | I80: 419829.87 | J80: 538568.26 | K80: 538568.27 | L80: 538568.26 | M80: 525247.48 | N80: 525247.48 | O80: 527383.21 | P80: 527383.21 | Q80: =SUM(E80:P80) -> 5818319.9 | R80: =SUM(E80:P80) -> 5818319.9
A81: 10 | B81: 3345 | C81: Career Academy of the Palm Beaches | D81: 1027156 | E81: 85480.95 | F81: 85606.82 | G81: 85621.5 | H81: 85621.5 | I81: 85621.5 | J81: 98560.43 | K81: 98560.43 | L81: 92162.42 | M81: 91439.84 | N81: 91439.84 | O81: 92461.52 | P81: 92461.52 | Q81: =SUM(E81:P81) -> 1085038.3 | R81: =SUM(E81:P81) -> 1085038.3
A82: 11 | B82: 3381 | C82: Imagine Schools - Chancellor Campus | D82: 9060317 | E82: 752379.59 | F82: 755267.04 | G82: 755288.45 | H82: 755288.45 | I82: 755288.46 | J82: 752295.59 | K82: 752295.59 | L82: 755542.99 | M82: 737357.75 | N82: 737357.75 | O82: 751183.18 | P82: 751183.19 | Q82: =SUM(E82:P82) -> 9010728 | R82: =SUM(E82:P82) -> 9010728
A83: 12 | B83: 3382 | C83: Glades Academy | D83: 2211875.8 | E83: 183876.95 | F83: 184363.53 | G83: 184416.79 | H83: 184416.79 | I83: 184416.79 | J83: 207711.94 | K83: 207711.94 | L83: 211779.12 | M83: 209552.53 | N83: 209552.53 | O83: 212982.74 | P83: 212982.73 | Q83: =SUM(E83:P83) -> 2393764.4 | R83: =SUM(E83:P83) -> 2393764.4
A84: 13 | B84: 3391 | C84: Seagull Academy for Independent Living | D84: 400303.13 | E84: 33300.01 | F84: 33363.92 | G84: 0 | H84: 0 | I84: 0 | K84: 0 | L84: 0 | O84: 0 | P84: 0 | Q84: =SUM(E84:P84) -> 66663.93 | R84: =SUM(E84:P84) -> 66663.93
A85: 14 | B85: 3394 | C85: Montessori Academy of Early Enrichment | D85: 1737052.6 | E85: 144251.51 | F85: 144800.1 | G85: 144845.64 | H85: 144845.64 | I85: 144845.64 | J85: 133747.97 | K85: 133747.97 | L85: 131505.39 | M85: 128083.41 | N85: 128083.41 | O85: 130502.71 | P85: 130502.7 | Q85: =SUM(E85:P85) -> 1639762.1 | R85: =SUM(E85:P85) -> 1639762.1
A86: 15 | B86: 3395 | C86: Somerset Academy Charter School | D86: 4462369.5 | E86: 370530.88 | F86: 371985.33 | G86: 372039.83 | H86: 372039.83 | I86: 372039.83 | J86: 361457.36 | K86: 361457.36 | L86: 361912.76 | M86: 352688.78 | N86: 352688.77 | O86: 359356.86 | P86: 359356.85 | Q86: =SUM(E86:P86) -> 4367554.4 | R86: =SUM(E86:P86) -> 4367554.4
A87: 16 | B87: 3396 | C87: G-Star School of the Arts | D87: 5507739.5 | E87: 457612.31 | F87: 459102.47 | G87: 465112.24 | H87: 465112.24 | I87: 465112.24 | J87: 506201.79 | K87: 506201.79 | L87: 494399.69 | M87: 484692.04 | N87: 484692.04 | O87: 494003.49 | P87: 494003.49 | Q87: =SUM(E87:P87) -> 5776245.8 | R87: =SUM(E87:P87) -> 5776245.8
A88: 17 | B88: 3398 | C88: Everglades Preparatory Academy | D88: 991675.07 | E88: 82429.48 | F88: 82658.69 | G88: 82683.14 | H88: 82683.14 | I88: 82683.14 | J88: 72136.72 | K88: 72136.73 | L88: 69725.15 | M88: 68612.57 | N88: 68612.56 | O88: 70040.23 | P88: 70040.22 | Q88: =SUM(E88:P88) -> 904441.77 | R88: =SUM(E88:P88) -> 904441.77
A89: 18 | B89: 3400 | C89: Believers Academy | D89: 1123600.4 | E89: 93468.86 | F89: 93648.32 | G89: 93667.31 | H89: 93667.3 | I89: 93667.31 | J89: 95159.11 | K89: 95159.11 | L89: 93255.37 | M89: 92063.72 | N89: 92063.72 | O89: 93334.52 | P89: 93334.51 | Q89: =SUM(E89:P89) -> 1122489.2 | R89: =SUM(E89:P89) -> 1122489.2
A90: 19 | B90: 3401 | C90: Quantum High School | D90: 3149968.5 | E90: 261804.23 | F90: 262560.39 | G90: 262610.42 | H90: 262610.42 | I90: 262610.42 | J90: 313466.47 | K90: 313466.48 | L90: 312882.6 | M90: 308461.03 | N90: 308461.03 | O90: 313942.58 | P90: 313942.57 | Q90: =SUM(E90:P90) -> 3496818.6 | R90: =SUM(E90:P90) -> 3496818.6
A91: 20 | B91: 3413 | C91: Somerset Academy Boca | D91: 3267680.5 | E91: 271329 | F91: 272395.59 | G91: 272417.49 | H91: 272417.49 | I91: 272417.49 | J91: 293048.83 | K91: 293048.84 | L91: 292984.35 | M91: 285728.11 | N91: 285728.1 | O91: 290836.2 | P91: 290836.19 | Q91: =SUM(E91:P91) -> 3393187.7 | R91: =SUM(E91:P91) -> 3393187.7
A92: 21 | B92: 3421 | C92: Worthington High School | D92: 3244504.9 | E92: 269507.72 | F92: 270454.28 | G92: 270504.44 | H92: 270504.44 | I92: 270504.44 | J92: 351143.65 | K92: 351143.65 | L92: 356804.56 | M92: 350321.97 | N92: 350321.97 | O92: 356514.32 | P92: 356514.31 | Q92: =SUM(E92:P92) -> 3824239.7 | R92: =SUM(E92:P92) -> 3824239.7
A93: 22 | B93: 3431 | C93: Renaissance Charter School at WPB | D93: 8464587.6 | E93: 702850.13 | F93: 705612.5 | G93: 705634.01 | H93: 705634.01 | I93: 705634.01 | J93: 745453.32 | K93: 745453.33 | L93: 751384.91 | M93: 733266.29 | N93: 733266.29 | O93: 746652.36 | P93: 746652.35 | Q93: =SUM(E93:P93) -> 8727493.5 | R93: =SUM(E93:P93) -> 8727493.5
A94: 23 | B94: 3441 | C94: South Tech Preparatory Academy (MS) | D94: 4358946.4 | E94: 362240.2 | F94: 363336.93 | G94: 363387.69 | H94: 363387.68 | I94: 363387.69 | J94: 367176.42 | K94: 367176.42 | L94: 367790.18 | M94: 362267.89 | N94: 362267.89 | O94: 369101.12 | P94: 369101.12 | Q94: =SUM(E94:P94) -> 4380621.2 | R94: =SUM(E94:P94) -> 4380621.2
A95: 24 | B95: 3924 | C95: Palm Beach Maritime Academy Secondary | D95: 3864428.7 | E95: 321097.51 | F95: 322121.01 | G95: 322172.35 | H95: 322172.35 | I95: 322172.36 | J95: 292239.55 | K95: 292239.55 | L95: 290536.23 | M95: 285361.66 | N95: 285361.66 | O95: 290997.09 | P95: 290997.08 | Q95: =SUM(E95:P95) -> 3637468.4 | R95: =SUM(E95:P95) -> 3637468.4
A96: 25 | B96: 3941 | C96: Ben Gamla Charter School | D96: 2210934.4 | E96: 183588.24 | F96: 184304.2 | G96: 184326.33 | H96: 184326.33 | I96: 184326.33 | J96: 155101.01 | K96: 155101.01 | L96: 155623.69 | M96: 151347.61 | N96: 151347.6 | O96: 154326.01 | P96: 154326 | Q96: =SUM(E96:P96) -> 1998044.4 | R96: =SUM(E96:P96) -> 1998044.4
A97: 26 | B97: 3961 | C97: Gardens School of Technology Arts | D97: 2736635 | E97: 227226.19 | F97: 228128.07 | G97: 222052.75 | H97: 222052.75 | I97: 222052.75 | J97: 192742.05 | K97: 192742.06 | L97: 194781.58 | M97: 189544.97 | N97: 189544.97 | O97: 193381 | P97: 193381 | Q97: =SUM(E97:P97) -> 2467630.1 | R97: =SUM(E97:P97) -> 2467630.1
A98: 27 | B98: 3971 | C98: Palm Beach Perparatory Charter Academy | D98: 5518391.6 | E98: 458603.06 | F98: 459980.77 | G98: 460031.21 | H98: 460031.21 | I98: 460031.21 | J98: 422865.75 | K98: 422865.75 | L98: 379686.32 | M98: 369475.33 | N98: 369475.33 | O98: 377682.61 | P98: 377682.6 | Q98: =SUM(E98:P98) -> 5018411.1 | R98: =SUM(E98:P98) -> 5018411.1
A99: 28 | B99: 4001 | C99: Renaissance Charter School at Wellington | D99: 6039805.7 | E99: 501572.04 | F99: 503475.79 | G99: 503529.61 | H99: 503529.6 | I99: 503529.61 | J99: 476778.75 | K99: 476778.75 | L99: 478450.35 | M99: 466770.43 | N99: 466770.42 | O99: 475652.15 | P99: 475652.15 | Q99: =SUM(E99:P99) -> 5832489.7 | R99: =SUM(E99:P99) -> 5832489.7
A100: 29 | B100: 4002 | C100: Renaissance Charter School at Summit | D100: 9364415.1 | E100: 777532.13 | F100: 780625.73 | G100: 780680.65 | H100: 780680.65 | I100: 780680.66 | J100: 662598.02 | K100: 662598.02 | L100: 661991.35 | M100: 643687.88 | N100: 643687.87 | O100: 656579.85 | P100: 656579.84 | Q100: =SUM(E100:P100) -> 8487922.6 | R100: =SUM(E100:P100) -> 8487922.6
A101: 30 | B101: 4012 | C101: Somerset Academy Canyons Middle School | D101: 5324773.5 | E101: 442138 | F101: 443875.95 | G101: 443896.27 | H101: 443896.27 | I101: 443896.27 | J101: 375074.97 | K101: 375074.97 | L101: 374624.01 | M101: 364393.07 | N101: 364393.07 | O101: 372235.31 | P101: 372235.3 | Q101: =SUM(E101:P101) -> 4815733.5 | R101: =SUM(E101:P101) -> 4815733.5
A102: 31 | B102: 4013 | C102: Somerset Academy Canyons High School | D102: 7881586.6 | E102: 654398.58 | F102: 657017.1 | G102: 657037.07 | H102: 657037.07 | I102: 657037.07 | J102: 680253.26 | K102: 680253.26 | L102: 682191.99 | M102: 664898.38 | N102: 664898.38 | O102: 678382.41 | P102: 678382.4 | Q102: =SUM(E102:P102) -> 8011787 | R102: =SUM(E102:P102) -> 8011787
A103: 32 | B103: 4020 | C103: Franklin Academy - Boynton Beach | D103: 10221956 | E103: 848921.99 | F103: 852093.97 | G103: 852147.55 | H103: 852147.55 | I103: 852147.55 | J103: 925462.84 | K103: 925462.84 | L103: 930732.55 | M103: 910449.09 | N103: 910449.08 | O103: 926805.61 | P103: 926805.6 | Q103: =SUM(E103:P103) -> 10713626 | R103: =SUM(E103:P103) -> 10713626
A104: 33 | B104: 4030 | C104: Olympus International Academy | D104: 2743878.8 | E104: 227815.64 | F104: 228733.02 | G104: 228790.53 | H104: 228790.53 | I104: 228790.53 | J104: 210714 | K104: 210714.01 | L104: 210605.27 | M104: 204965.25 | N104: 204965.25 | O104: 208832.09 | P104: 208832.08 | Q104: =SUM(E104:P104) -> 2602548.2 | R104: =SUM(E104:P104) -> 2602548.2
A105: 34 | B105: 4031 | C105: Somerset Academy Wellington | D105: 4523431.6 | E105: 375586.71 | F105: 377076.81 | G105: 377131.17 | H105: 377131.17 | I105: 377131.18 | J105: 284716.4 | K105: 284716.4 | L105: 287538.09 | M105: 279236.79 | N105: 279236.79 | O105: 285149.29 | P105: 285149.28 | Q105: =SUM(E105:P105) -> 3869800.1 | R105: =SUM(E105:P105) -> 3869800.1
A106: 35 | B106: 4041 | C106: Somerset Academy Boca Middle School | D106: 734245.24 | E106: 60968.85 | F106: 61206.94 | G106: 61214.31 | H106: 61214.31 | I106: 61214.31 | J106: 65401.79 | K106: 65401.79 | L106: 65859.06 | M106: 64230.26 | N106: 64230.26 | O106: 65461.66 | P106: 65461.65 | Q106: =SUM(E106:P106) -> 761865.19 | R106: =SUM(E106:P106) -> 761865.19
A107: 36 | B107: 4050 | C107: Renaissance Charter School at Cypress | D107: 6599446.7 | E107: 547951.48 | F107: 550135.93 | G107: 550189.84 | H107: 550189.83 | I107: 550189.84 | J107: 489528.4 | K107: 489528.4 | L107: 490763.47 | M107: 477522.02 | N107: 477522.01 | O107: 487005.43 | P107: 487005.42 | Q107: =SUM(E107:P107) -> 6147532.1 | R107: =SUM(E107:P107) -> 6147532.1
A108: 37 | B108: 4051 | C108: Renaissance Charter School at Central Palm | D108: 7242244.6 | E108: 601326.9 | F108: 603719.79 | G108: 603774.15 | H108: 603774.14 | I108: 603774.15 | J108: 501859.92 | K108: 501859.92 | L108: 501996.96 | M108: 488019.82 | N108: 488019.82 | O108: 497976.17 | P108: 497976.17 | Q108: =SUM(E108:P108) -> 6494077.9 | R108: =SUM(E108:P108) -> 6494077.9
A109: 38 | B109: 4061 | C109: Franklin Academy - Palm Beach Gardens | D109: 8255108.2 | E109: 685584.55 | F109: 688138.52 | G109: 681940.1 | H109: 681940.1 | I109: 681940.1 | J109: 692271.49 | K109: 692271.5 | L109: 693895.59 | M109: 678232.86 | N109: 678232.85 | O109: 690828.19 | P109: 690828.18 | Q109: =SUM(E109:P109) -> 8236104 | R109: =SUM(E109:P109) -> 8236104
A110: 39 | B110: 4080 | C110: University Preparatory Academy | D110: 2306384.2 | E110: 191555.8 | F110: 192257.13 | G110: 192310.43 | H110: 192310.42 | I110: 192310.43 | J110: 150128.91 | K110: 150128.91 | L110: 148225.36 | M110: 144330.79 | N110: 144330.79 | O110: 147414.73 | P110: 147414.73 | Q110: =SUM(E110:P110) -> 1992718.4 | R110: =SUM(E110:P110) -> 1992718.4
A111: 40 | B111: 4081 | C111: Florida Futures Academy - North Campus | D111: 972278.56 | E111: 80762.73 | F111: 81046.89 | G111: 81071.9 | H111: 81071.9 | I111: 81071.9 | J111: 85463.93 | K111: 85463.93 | L111: 86189.39 | M111: 84323.74 | N111: 84323.74 | O111: 85940.16 | P111: 85940.15 | Q111: =SUM(E111:P111) -> 1002670.4 | R111: =SUM(E111:P111) -> 1002670.4
...

Sheet 0040
A1: 50 | B1: (Insert district number in cell A1, enter, then strike F9. Your district data then pulls from Calculation Detail Sheets) | N1: =A1 -> 50 | O1: (Insert district number in cell A1, enter, then strike F9. Your district data then pulls from Calculation Detail Sheets)
A2: Revenue Estimate Worksheet: Palm Beach Preparatory Middle School 0040 | N2: Revenue Estimate Worksheet for___________Charter School
A3: ='1461'!A3 -> Based on the FLDOE 2024-25 Final Revenue Calculation Worksheet | N3: =A3 -> Based on the FLDOE 2024-25 Final Revenue Calculation Worksheet
A4: School District: | C4: Palm Beach | F4: FY 25 Final Payment | N4: School District: | P4: =C4 -> Palm Beach
A7: 1A. 2024-25 FEFP State and Local Funding | N7: =A7 -> 1A. 2024-25 FEFP State and Local Funding
B8: Base Student Allocation: | C8: 5330.98 | G8: Comparable Wage Factor: | H8: 1.0408 | N8: Base Student Allocation | P8: =C8 -> 5330.98 | R8: Comparable Wage Factor: | T8: =H8 -> 1.0408
G9: Small District Factor: | H9: 1 | R9: Small District Factor: | T9: =H9 -> 1
I10: 2024-25 | U10: =I10 -> 2024-25
C11: Oct 2024 | D11: Feb 2025 | E11: Total | F11: Program | H11: Weighted FTE | I11: Base Funding | R11: Program | T11: Weighted FTE | U11: Base Funding
A12: Program | C12: FTE | D12: FTE | E12: FTE | F12: Cost Factor | H12: (2) x (3) | I12: (WFTE x BSA x CWF x SDF) | N12: Program | P12: Number of FTE | R12: Cost Factor | T12: (2) x (3) | U12: =I12 -> (WFTE x BSA x CWF x SDF)
A13: (1) | E13: (2) | F13: (3) | H13: (4) | I13: (5) | N13: (1) | P13: (2) | R13: (3) | T13: (4) | U13: (5)
A14: 101 Basic K-3 | D14: 0 | E14: =IF(D$30=0,C14*2,C14+D14) -> 0 | F14: 1.118 | H14: =ROUND(E14*F14,4) -> 0 | I14: =ROUND(ROUND(ROUND(H14*$C$8,4)*($H$8),2)*(MAX($H$9,1)),2) -> 0 | N14: 101 Basic K-3 | P14: =IF($H$133=1,E14,0) -> 0 | R14: 1 | T14: =ROUND(P14*R14,4) -> 0 | U14: =ROUND(ROUND(ROUND(T14*$C$8,4)*($H$8),2)*(MAX($H$9,1)),2) -> 0
A15: 111 Basic K-3 with ESE Services | D15: 0 | E15: =IF(D$30=0,C15*2,C15+D15) -> 0 | F15: 1.118 | H15: =ROUND(E15*F15,4) -> 0 | I15: =ROUND(ROUND(ROUND(H15*$C$8,4)*($H$8),2)*(MAX($H$9,1)),2) -> 0 | J15: =IF(ROUND(E15,2)=ROUND(SUM(E57:E59),2)," ","CHECK PK-3 LINES BELOW") | N15: 111 Basic K-3 with ESE Services | P15: =IF($H$133=1,E15,0) -> 0 | R15: 1 | T15: =ROUND(P15*R15,4) -> 0 | U15: =ROUND(ROUND(ROUND(T15*$C$8,4)*($H$8),2)*(MAX($H$9,1)),2) -> 0
A16: 102 Basic 4-8 | C16: 10.53 | D16: 8.42 | E16: =IF(D$30=0,C16*2,C16+D16) -> 18.95 | F16: 1 | H16: =ROUND(E16*F16,4) -> 18.95 | I16: =ROUND(ROUND(ROUND(H16*$C$8,4)*($H$8),2)*(MAX($H$9,1)),2) -> 105143.77 | N16: 102 Basic 4-8 | P16: =IF($H$133=1,E16,0) -> 0 | R16: 1 | T16: =ROUND(P16*R16,4) -> 0 | U16: =ROUND(ROUND(ROUND(T16*$C$8,4)*($H$8),2)*(MAX($H$9,1)),2) -> 0
A17: 112 Basic 4-8 with ESE Services | C17: 5.1 | D17: 7.08 | E17: =IF(D$30=0,C17*2,C17+D17) -> 12.18 | F17: 1 | H17: =ROUND(E17*F17,4) -> 12.18 | I17: =ROUND(ROUND(ROUND(H17*$C$8,4)*($H$8),2)*(MAX($H$9,1)),2) -> 67580.53 | J17: =IF(ROUND(E17,2)=ROUND(SUM(E60:E62),2)," ","CHECK 4-8 LINES BELOW") | N17: 112 Basic 4-8 with ESE Services | P17: =IF($H$133=1,E17,0) -> 0 | R17: 1 | T17: =ROUND(P17*R17,4) -> 0 | U17: =ROUND(ROUND(ROUND(T17*$C$8,4)*($H$8),2)*(MAX($H$9,1)),2) -> 0
A18: 103 Basic 9-12 | D18: 0 | E18: =IF(D$30=0,C18*2,C18+D18) -> 0 | F18: 0.978 | H18: =ROUND(E18*F18,4) -> 0 | I18: =ROUND(ROUND(ROUND(H18*$C$8,4)*($H$8),2)*(MAX($H$9,1)),2) -> 0 | N18: 103 Basic 9-12 | P18: =IF($H$133=1,E18,0) -> 0 | R18: 1 | T18: =ROUND(P18*R18,4) -> 0 | U18: =ROUND(ROUND(ROUND(T18*$C$8,4)*($H$8),2)*(MAX($H$9,1)),2) -> 0
A19: 113 Basic 9-12 with ESE Services | D19: 0 | E19: =IF(D$30=0,C19*2,C19+D19) -> 0 | F19: 0.978 | H19: =ROUND(E19*F19,4) -> 0 | I19: =ROUND(ROUND(ROUND(H19*$C$8,4)*($H$8),2)*(MAX($H$9,1)),2) -> 0 | J19: =IF(ROUND(E19,2)=ROUND(SUM(E63:E65),2)," ","CHECK 4-8 LINES BELOW") | N19: 113 Basic 9-12 with ESE Services | P19: =IF($H$133=1,E19,0) -> 0 | R19: 1 | T19: =ROUND(P19*R19,4) -> 0 | U19: =ROUND(ROUND(ROUND(T19*$C$8,4)*($H$8),2)*(MAX($H$9,1)),2) -> 0
A20: 254 ESE Level 4 (Grade Level PK-3) | D20: 0 | E20: =IF(D$30=0,C20*2,C20+D20) -> 0 | F20: 3.697 | H20: =ROUND(E20*F20,4) -> 0 | I20: =ROUND(ROUND(ROUND(H20*$C$8,4)*($H$8),2)*(MAX($H$9,1)),2) -> 0 | N20: 254 ESE Level 4 (Grade Level PK-3) | P20: =IF($H$133=1,E20,0) -> 0 | R20: 1 | T20: =ROUND(P20*R20,4) -> 0 | U20: =ROUND(ROUND(ROUND(T20*$C$8,4)*($H$8),2)*(MAX($H$9,1)),2) -> 0
A21: 254 ESE Level 4 (Grade Level 4-8) | D21: 0 | E21: =IF(D$30=0,C21*2,C21+D21) -> 0 | F21: 3.697 | H21: =ROUND(E21*F21,4) -> 0 | I21: =ROUND(ROUND(ROUND(H21*$C$8,4)*($H$8),2)*(MAX($H$9,1)),2) -> 0 | N21: 254 ESE Level 4 (Grade Level 4-8) | P21: =IF($H$133=1,E21,0) -> 0 | R21: 1 | T21: =ROUND(P21*R21,4) -> 0 | U21: =ROUND(ROUND(ROUND(T21*$C$8,4)*($H$8),2)*(MAX($H$9,1)),2) -> 0
A22: 254 ESE Level 4 (Grade Level 9-12) | E22: =IF(D$30=0,C22*2,C22+D22) -> 0 | F22: 3.697 | H22: =ROUND(E22*F22,4) -> 0 | I22: =ROUND(ROUND(ROUND(H22*$C$8,4)*($H$8),2)*(MAX($H$9,1)),2) -> 0 | N22: 254 ESE Level 4 (Grade Level 9-12) | P22: =IF($H$133=1,E22,0) -> 0 | R22: 1 | T22: =ROUND(P22*R22,4) -> 0 | U22: =ROUND(ROUND(ROUND(T22*$C$8,4)*($H$8),2)*(MAX($H$9,1)),2) -> 0
A23: 255 ESE Level 5 (Grade Level PK-3) | D23: 0 | E23: =IF(D$30=0,C23*2,C23+D23) -> 0 | F23: 5.992 | H23: =ROUND(E23*F23,4) -> 0 | I23: =ROUND(ROUND(ROUND(H23*$C$8,4)*($H$8),2)*(MAX($H$9,1)),2) -> 0 | N23: 255 ESE Level 5 (Grade Level PK-3) | P23: =IF($H$133=1,E23,0) -> 0 | R23: 1 | T23: =ROUND(P23*R23,4) -> 0 | U23: =ROUND(ROUND(ROUND(T23*$C$8,4)*($H$8),2)*(MAX($H$9,1)),2) -> 0
A24: 255 ESE Level 5 (Grade Level 4-8) | D24: 0 | E24: =IF(D$30=0,C24*2,C24+D24) -> 0 | F24: 5.992 | H24: =ROUND(E24*F24,4) -> 0 | I24: =ROUND(ROUND(ROUND(H24*$C$8,4)*($H$8),2)*(MAX($H$9,1)),2) -> 0 | N24: 255 ESE Level 5 (Grade Level 4-8) | P24: =IF($H$133=1,E24,0) -> 0 | R24: 1 | T24: =ROUND(P24*R24,4) -> 0 | U24: =ROUND(ROUND(ROUND(T24*$C$8,4)*($H$8),2)*(MAX($H$9,1)),2) -> 0
A25: 255 ESE Level 5 (Grade Level 9-12) | E25: =IF(D$30=0,C25*2,C25+D25) -> 0 | F25: 5.992 | H25: =ROUND(E25*F25,4) -> 0 | I25: =ROUND(ROUND(ROUND(H25*$C$8,4)*($H$8),2)*(MAX($H$9,1)),2) -> 0 | N25: 255 ESE Level 5 (Grade Level 9-12) | P25: =IF($H$133=1,E25,0) -> 0 | R25: 1 | T25: =ROUND(P25*R25,4) -> 0 | U25: =ROUND(ROUND(ROUND(T25*$C$8,4)*($H$8),2)*(MAX($H$9,1)),2) -> 0
A26: 130 ESOL (Grade Level PK-3) | D26: 0 | E26: =IF(D$30=0,C26*2,C26+D26) -> 0 | F26: 1.192 | H26: =ROUND(E26*F26,4) -> 0 | I26: =ROUND(ROUND(ROUND(H26*$C$8,4)*($H$8),2)*(MAX($H$9,1)),2) -> 0 | N26: 130 ESOL (Grade Level PK-3) | P26: =IF($H$133=1,E26,0) -> 0 | R26: 1 | T26: =ROUND(P26*R26,4) -> 0 | U26: =ROUND(ROUND(ROUND(T26*$C$8,4)*($H$8),2)*(MAX($H$9,1)),2) -> 0
A27: 130 ESOL (Grade Level 4-8) | C27: 2.57 | D27: 1.7 | E27: =IF(D$30=0,C27*2,C27+D27) -> 4.27 | F27: 1.192 | H27: =ROUND(E27*F27,4) -> 5.0898 | I27: =ROUND(ROUND(ROUND(H27*$C$8,4)*($H$8),2)*(MAX($H$9,1)),2) -> 28240.67 | N27: 130 ESOL (Grade Level 4-8) | P27: =IF($H$133=1,E27,0) -> 0 | R27: 1 | T27: =ROUND(P27*R27,4) -> 0 | U27: =ROUND(ROUND(ROUND(T27*$C$8,4)*($H$8),2)*(MAX($H$9,1)),2) -> 0
A28: 130 ESOL (Grade Level 9-12) | D28: 0 | E28: =IF(D$30=0,C28*2,C28+D28) -> 0 | F28: 1.192 | H28: =ROUND(E28*F28,4) -> 0 | I28: =ROUND(ROUND(ROUND(H28*$C$8,4)*($H$8),2)*(MAX($H$9,1)),2) -> 0 | N28: 130 ESOL (Grade Level 9-12) | P28: =IF($H$133=1,E28,0) -> 0 | R28: 1 | T28: =ROUND(P28*R28,4) -> 0 | U28: =ROUND(ROUND(ROUND(T28*$C$8,4)*($H$8),2)*(MAX($H$9,1)),2) -> 0
A29: 300 Career Education (Grades 9-12) | D29: 0 | E29: =IF(D$30=0,C29*2,C29+D29) -> 0 | F29: 1.079 | H29: =ROUND(E29*F29,4) -> 0 | I29: =ROUND(ROUND(ROUND(H29*$C$8,4)*($H$8),2)*(MAX($H$9,1)),2) -> 0 | N29: 300 Career Education (Grades 9-12) | P29: =IF($H$133=1,E29,0) -> 0 | R29: 1 | T29: =ROUND(P29*R29,4) -> 0 | U29: =ROUND(ROUND(ROUND(T29*$C$8,4)*($H$8),2)*(MAX($H$9,1)),2) -> 0
A30: Totals | C30: =SUM(C14:C29) -> 18.2 | D30: =SUM(D14:D29) -> 17.2 | E30: =SUM(E14:E29) -> 35.4 | H30: =SUM(H14:H29) -> 36.2198 | I30: =SUM(I14:I29) -> 200964.97 | N30: Totals | P30: =SUM(P14:P29) -> 0 | T30: =SUM(T14:T29) -> 0 | U30: =SUM(U14:U29) -> 0
A32: Letters in Parentheses Refer to Notes at Bottom of Worksheet
F34: Charter schools should contact their school district sponsor regarding eligible FTE. Please note that “Number of FTE” is NOT equivalent to number of students enrolled in these courses or programs. Please refer to footnote (a) below.
I35: =I10 -> 2024-25 | N35: Letters Refer to Notes At Bottom: | U35: =I35 -> 2024-25
C36: Projected | E36: Total | I36: Base Funding | U36: Base Funding
A37: Additional FTE (a) | C37: FTE | E37: FTE | I37: (WFTE x BSA x CWF x SDF) | N37: Additional FTE (a) | P37: Number of FTE | U37: =I37 -> (WFTE x BSA x CWF x SDF)
A38: Advanced Placement | C38: 0 | D38: 0 | E38: =IF(D$44=0,C38*2,C38+D38) -> 0 | I38: =ROUND(ROUND(ROUND(E38*$C$8,4)*($H$8),2)*(MAX($H$9,1)),2) -> 0 | N38: Advanced Placement | P38: =IF($H$133=1,E38,0) -> 0 | U38: =ROUND(ROUND(ROUND(P38*$C$8,4)*($H$8),2)*(MAX($H$9,1)),2) -> 0
A39: International Baccalaureate | C39: 0 | D39: 0 | E39: =IF(D$44=0,C39*2,C39+D39) -> 0 | I39: =ROUND(ROUND(ROUND(E39*$C$8,4)*($H$8),2)*(MAX($H$9,1)),2) -> 0 | N39: International Baccalaureate | P39: =IF($H$133=1,E39,0) -> 0 | U39: =ROUND(ROUND(ROUND(P39*$C$8,4)*($H$8),2)*(MAX($H$9,1)),2) -> 0
A40: Advanced International Certificate | C40: 0 | D40: 0 | E40: =IF(D$44=0,C40*2,C40+D40) -> 0 | I40: =ROUND(ROUND(ROUND(E40*$C$8,4)*($H$8),2)*(MAX($H$9,1)),2) -> 0 | N40: Advanced International Certificate | P40: =IF($H$133=1,E40,0) -> 0 | U40: =ROUND(ROUND(ROUND(P40*$C$8,4)*($H$8),2)*(MAX($H$9,1)),2) -> 0
A41: Industry Certified Career Education | C41: 0 | D41: 0 | E41: =IF(D$44=0,C41*2,C41+D41) -> 0 | I41: =ROUND(ROUND(ROUND(E41*$C$8,4)*($H$8),2)*(MAX($H$9,1)),2) -> 0 | N41: Industry Certified Career Education | P41: =IF($H$133=1,E41,0) -> 0 | U41: =ROUND(ROUND(ROUND(P41*$C$8,4)*($H$8),2)*(MAX($H$9,1)),2) -> 0
A42: Early High School Graduation | C42: 0 | D42: 0 | E42: =IF(D$44=0,C42*2,C42+D42) -> 0 | I42: =ROUND(ROUND(ROUND(E42*$C$8,4)*($H$8),2)*(MAX($H$9,1)),2) -> 0 | N42: Early High School Graduation | P42: =IF($H$133=1,E42,0) -> 0 | U42: =ROUND(ROUND(ROUND(P42*$C$8,4)*($H$8),2)*(MAX($H$9,1)),2) -> 0
A43: Small District ESE Supplement | C43: 0 | D43: 0 | E43: =IF(D$44=0,C43*2,C43+D43) -> 0 | I43: =ROUND(ROUND(ROUND(E43*$C$8,4)*($H$8),2)*(MAX($H$9,1)),2) -> 0 | N43: Small District ESE Supplement | P43: =IF($H$133=1,E43,0) -> 0 | U43: =ROUND(ROUND(ROUND(P43*$C$8,4)*($H$8),2)*(MAX($H$9,1)),2) -> 0
B44: Total Additional FTE | C44: =SUM(C38:C43) -> 0 | D44: =SUM(D38:D43) -> 0 | E44: =SUM(E38:E43) -> 0 | H44: Additional Base Funds | I44: =SUM(I38:I43) -> 0 | N44: Total Additional FTE | R44: =SUM(P38:R43) -> 0 | S44: Additional Base Funds | U44: =SUM(U38:U43) -> 0
B46: Total Funded Weighted FTE | E46: =H30+E44 -> 36.2198 | H46: Total Base Funding | I46: =SUM(I44,I30) -> 200964.97 | N46: Total Funded Weighted FTE | R46: =R44+T30 -> 0 | S46: Total Base Funding | U46: =SUM(U44,U30) -> 0
A48: 1B. Classroom Teacher & Other Instructional Personnel Salary Increase | N48: 1B. Classroom Teacher & Other Instructional Personnel Salary Increase
A49: Maintenance and Growth Portions of the Salary Increase funds are part of the total Base Funding and are not treated as a separate allocation. | N49: Maintenance and Growth Portions of the Salary Increase funds are part of the total Base Funding and are not treated as a separate allocation.
A50: Amounts are split out here for informative purposes and for the purposes of providing a total that may be used for calculating the adminstrative fee. | N50: Amounts are split out here for informative purposes and for the purposes of providing a total that may be used for calculating the adminstrative fee.
B51: Maintenance Portion (5.59% of Conference Funding) | E51: (g) (k) | F51: 205071.96 | G51: x | H51: 0.0559 | I51: =ROUND(F51*H51,2) -> 11463.52 | O51: Maintenance Portion (5.59% of Base Funding) | Q51: (g) (k) | R51: =U30 -> 0 | S51: x | T51: 0.0559 | U51: =ROUND(R51*T51,2) -> 0
B52: Growth Portion (1.07% of Conference Funding) | E52: (g) (k) | F52: 205071.96 | G52: x | H52: 0.0107 | I52: =ROUND(F52*H52,2) -> 2194.27 | O52: Growth Portion (1.07% of Base Funding) | Q52: (g) (k) | R52: =U30 -> 0 | S52: x | T52: 0.0107 | U52: =ROUND(R52*T52,2) -> 0
B53: Total Salary Increase | I53: =SUM(I51:I52) -> 13657.79 | O53: Total Salary Increase | U53: =SUM(U51:U52) -> 0
C55: Oct 2024 | D55: Feb 2025 | E55: Total | F55: Grade | G55: Matrix | H55: Guarantee | S55: Matrix | T55: Guarantee
A56: 2. ESE Guaranteed Allocation: | C56: FTE | D56: FTE | E56: FTE | F56: Level | G56: Level | H56: Per Student | N56: 2. ESE Guaranteed Allocation: | P56: FTE | R56: Grade Level | S56: Level | T56: Per Student
A57: Additional Funding from the ESE Guaranteed Allocation. Enter the FTE from 111,112 and 113 by grade and matrix level. Students who do not have a matrix level should be considered 251. This total should equal all FTE from programs 111, 112 and 113 above. | C57: 0 | D57: 0 | E57: =IF(D$72=0,C57*2,C57+D57) -> 0 | F57: PK-3 | G57: 251 | H57: 1047 | I57: =ROUND(E57*H57,2) -> 0 | N57: Additional Funding from the ESE Guaranteed Allocation. Enter the FTE from 111,112 and 113 by grade and matrix level. Students who do not have a matrix level should be considered 251. This total should equal all FTE from programs 111, 112 and 113 above. | R57: PK-3 | S57: 251 | T57: =H57 -> 1047 | U57: =ROUND(P57*T57,2) -> 0
C58: 0 | D58: 0 | E58: =IF(D$72=0,C58*2,C58+D58) -> 0 | F58: PK-3 | G58: 252 | H58: 3380 | I58: =ROUND(E58*H58,2) -> 0 | R58: PK-3 | S58: 252 | T58: =H58 -> 3380 | U58: =ROUND(P58*T58,2) -> 0
C59: 0 | D59: 0 | E59: =IF(D$72=0,C59*2,C59+D59) -> 0 | F59: PK-3 | G59: 253 | H59: 6896 | I59: =ROUND(E59*H59,2) -> 0 | R59: PK-3 | S59: 253 | T59: =H59 -> 6896 | U59: =ROUND(P59*T59,2) -> 0
C60: 5.1 | D60: 7.08 | E60: =IF(D$66=0,C60*2,C60+D60) -> 12.18 | F60: 4-8 | G60: 251 | H60: 1173 | I60: =ROUND(E60*H60,2) -> 14287.14 | R60: 4-8 | S60: 251 | T60: =H60 -> 1173 | U60: =ROUND(P60*T60,2) -> 0
C61: 0 | D61: 0 | E61: =IF(D$66=0,C61*2,C61+D61) -> 0 | F61: 4-8 | G61: 252 | H61: 3506 | I61: =ROUND(E61*H61,2) -> 0 | R61: 4-8 | S61: 252 | T61: =H61 -> 3506 | U61: =ROUND(P61*T61,2) -> 0
C62: 0 | D62: 0 | E62: =IF(D$66=0,C62*2,C62+D62) -> 0 | F62: 4-8 | G62: 253 | H62: 7023 | I62: =ROUND(E62*H62,2) -> 0 | R62: 4-8 | S62: 253 | T62: =H62 -> 7023 | U62: =ROUND(P62*T62,2) -> 0
C63: 0 | D63: 0 | E63: =IF(D$66=0,C63*2,C63+D63) -> 0 | F63: 9-12 | G63: 251 | H63: 835 | I63: =ROUND(E63*H63,2) -> 0 | R63: 9-12 | S63: 251 | T63: =H63 -> 835 | U63: =ROUND(P63*T63,2) -> 0
C64: 0 | D64: 0 | E64: =IF(D$66=0,C64*2,C64+D64) -> 0 | F64: 9-12 | G64: 252 | H64: 3168 | I64: =ROUND(E64*H64,2) -> 0 | R64: 9-12 | S64: 252 | T64: =H64 -> 3168 | U64: =ROUND(P64*T64,2) -> 0
C65: 0 | D65: 0 | E65: =IF(D$66=0,C65*2,C65+D65) -> 0 | F65: 9-12 | G65: 253 | H65: 6685 | I65: =ROUND(E65*H65,2) -> 0 | R65: 9-12 | S65: 253 | T65: =H65 -> 6685 | U65: =ROUND(P65*T65,2) -> 0
C66: =SUM(C57:C65) -> 5.1 | D66: =SUM(D57:D65) -> 7.08 | E66: =SUM(E57:E65) -> 12.18 | F66: Total ESE Guarantee | I66: =SUM(I57:I65) -> 14287.14 | P66: =SUM(P57:P65) -> 0 | R66: Total ESE Guarantee | U66: =SUM(U57:U65) -> 0
A68: 3A. Divide school's Unweighted FTE (UFTE) total computed in Section 1, cell E30 above by the district's total UFTE to obtain school's | N68: 3A. Divide school's Unweighted FTE (UFTE) total computed in Section 1, cell E30 above by the District's total UFTE to obtain
A69: UFTE share. CS UFTE: | C69: =E30 -> 35.4 | D69: ÷ District's total UFTE | H69: 210166.87 | N69: school's UFTE share. CS UFTE: | P69: =P30 -> 0 | Q69: / District's total UFTE: | T69: =H69 -> 210166.87
G70: = | H70: =ROUND(C69/H69,6) -> 0.000168 | T70: =ROUND(P69/T69,6) -> 0
A71: 3B. Divide school's Weighted FTE (WFTE) total computed in Section 1, cell H30 above by the district's total WFTE to obtain school's | N71: 3B. Divide school's Weighted FTE (WFTE) total computed in Section 1, cell H30 above by the District's total WFTE to obtain
A72: WFTE share. CS WFTE: | C72: =H30 -> 36.2198 | D72: ÷ District's total WFTE | H72: 237198.6 | N72: school's WFTE share. CS WFTE: | P72: =T30 -> 0 | Q72: / District's total WFTE: | T72: =H72 -> 237198.6
G73: = | H73: =ROUND(C72/H72,6) -> 0.000153 | T73: =ROUND(P72/T72,6) -> 0
A74: 3C. Divide school's Unweighted FTE (UFTE) total computed in Section 1, cell E30 above by the District's total non-scholarship UFTE to obtain school's | N74: 3C. Divide school's Unweighted FTE (UFTE) total computed in Section 1, cell E30 above by the District's total non-scholarship UFTE to obtain
A75: UFTE share. CS UFTE: | C75: =E30 -> 35.4 | D75: ÷ District's total non-scholarship UFTE | H75: 185588.37 | N75: school's UFTE share. CS UFTE: | P75: =P30 -> 0 | Q75: / District's total non-scholarship UFTE: | T75: =H75 -> 185588.37
G76: = | H76: =ROUND(C75/H75,6) -> 0.000191 | T76: =ROUND(P75/T75,6) -> 0
A77: 3D. Divide school's Unweighted FTE (UFTE) total computed in Section 1, cell E30 above by the District's total non-virtual UFTE to obtain school's | N77: 3D. Divide school's Unweighted FTE (UFTE) total computed in Section 1, cell E30 above by the District's total non-virtual UFTE to obtain
A78: UFTE share. CS UFTE: | C78: =E30 -> 35.4 | D78: ÷ District's total non-virtual UFTE | H78: 209834.86 | N78: school's UFTE share. CS UFTE: | P78: =P30 -> 0 | Q78: / by district's total non-virtual UFTE: | T78: =H78 -> 209834.86
G79: = | H79: =ROUND(C78/H78,6) -> 0.000169 | T79: =ROUND(P78/T78,6) -> 0
A80: 3E. Divide school's Unweighted FTE (UFTE) total computed in Section 1, cell E30 above by the district's total non-scholarship/virtual UFTE to obtain | N80: 3E. Divide school's Unweighted FTE (UFTE) total computed in Section 1, cell E30 above by the District's total non-scholarship/virtual UFTE to
A81: school's UFTE share. CS UFTE: | C81: =E30 -> 35.4 | D81: ÷ Dististict's total non-scholarship/virtual UFTE | H81: 185256.36 | N81: obtain school's UFTE share. CS UFTE: | P81: =P30 -> 0 | Q81: / Dist total non-scholarship/virtual UFTE: | T81: =H81 -> 185256.36
G82: = | H82: =ROUND(C81/H81,6) -> 0.000191 | T82: =ROUND(P81/T81,6) -> 0
A85: 4. Educational Enrichment Share (Non-virtual UFTE share) | E85: (e) | F85: 46151079 | G85: x | H85: =H79 -> 0.000169 | I85: =ROUND(F85*H85,2) -> 7799.53 | N85: 4. Educational Enrichment Share (Non-virtual UFTE share) | R85: =F85 -> 46151079 | S85: x | T85: =T79 -> 0 | U85: =ROUND(R85*T85,2) -> 0
A87: 5. Discretionary Millage Compression Allocation | N87: 5. Discretionary Millage Compression Allocation (UFTE share)
A88: .748 Mills (UFTE share) | E88: (b) | F88: 0 | G88: x | H88: =H70 -> 0.000168 | I88: =ROUND(F88*H88,2) -> 0 | N88: .748 Mills (UFTE share) | R88: =F88 -> 0 | S88: x | T88: =T70 -> 0 | U88: =ROUND(R88*T88,2) -> 0
A90: 6. Safe Schools Allocation (Non-scholarship/virtual UFTE share) | E90: (f) | F90: 19094340 | G90: x | H90: =H82 -> 0.000191 | I90: =ROUND(F90*H90,2) -> 3647.02 | N90: 6. Safe Schools Allocation (Non-scholarship/virtual UFTE share) | R90: =F90 -> 19094340 | S90: x | T90: =T82 -> 0 | U90: =ROUND(R90*T90,2) -> 0
A92: 7. Mental Health Assistance Allocation (Non-scholarship UFTE share) | E92: (b) | F92: 11461928 | G92: x | H92: =H76 -> 0.000191 | I92: =ROUND(F92*H92,2) -> 2189.23 | N92: 7. Mental Health Assistance Allocation (Non-scholarship UFTE share) | R92: =F92 -> 11461928 | S92: x | T92: =T76 -> 0 | U92: =ROUND(R92*T92,2) -> 0
A94: 8. Discretionary Local Effort (WFTE share) | E94: (c) | F94: 255756816 | G94: x | H94: =H73 -> 0.000153 | I94: =ROUND(F94*H94,2) -> 39130.79 | N94: 8. Discretionary Local Effort (WFTE share) | R94: =F94 -> 255756816 | S94: x | T94: =T73 -> 0 | U94: =ROUND(R94*T94,2) -> 0
A96: 9. Proration to Funds Available (WFTE share) | E96: (c) | F96: -16705366 | G96: x | H96: =H73 -> 0.000153 | I96: =ROUND(F96*H96,2) -> -2555.92 | N96: 9. Proration to Funds Available (WFTE share) | R96: =F96 -> -16705366 | S96: x | T96: =T73 -> 0 | U96: =ROUND(R96*T96,2) -> 0
A98: 10. Educational Enrollment Stabilization Program (UFTE Share) | E98: (b) | F98: 203862 | G98: x | H98: =H70 -> 0.000168 | I98: =ROUND(F98*H98,2) -> 34.25 | N98: 10. Educational Enrollment Stabilization Program (UFTE Share) | R98: =F98 -> 203862 | S98: x | T98: =T70 -> 0 | U98: =ROUND(R98*T98,2) -> 0
A101: 11. Class Size Reduction Funds: | N101: 11. Class Size Reduction Funds:
C102: Weighted FTE | F102: Allocation
C103: (not including Add-On) | E103: X CWF X | F103: Factors | N103: Weighted FTE (not including Add-On) | P103: X CWF X | R103: Allocation factors
B104: PK - 3 | C104: =H14+H15+H20+H23+H26 -> 0 | E104: =H8 -> 1.0408 | F104: 950.92 | G104: = | H104: =ROUND(C104*E104*F104,2) -> 0 | N104: PK - 3 | O104: =T14+T15+T20+T23+T26 -> 0 | P104: =T8 -> 1.0408 | R104: =F104 -> 950.92 | S104: = | T104: =ROUND(O104*P104*R104,2) -> 0
B105: 4-8 | C105: =H16+H17+H21+H24+H27 -> 36.2198 | E105: =H8 -> 1.0408 | F105: 907.92 | G105: = | H105: =ROUND(C105*E105*F105,2) -> 34226.38 | N105: 4-8 | O105: =T16+T17+T21+T24+T27 -> 0 | P105: =T8 -> 1.0408 | R105: =F105 -> 907.92 | S105: = | T105: =ROUND(O105*P105*R105,2) -> 0
B106: 9-12 | C106: =H18+H19+H22+H25+H28+H29 -> 0 | E106: =H8 -> 1.0408 | F106: 910.12 | G106: = | H106: =ROUND(C106*E106*F106,2) -> 0 | N106: 9-12 | O106: =T18+T19+T22+T25+T28+T29 -> 0 | P106: =T8 -> 1.0408 | R106: =F106 -> 910.12 | S106: = | T106: =ROUND(O106*P106*R106,2) -> 0
B107: Total * | C107: =SUM(C104:C106) -> 36.2198 | H107: Total Class Size Reduction Funds | I107: =IF(A1=75,0,H106+H105+H104) -> 34226.38 | N107: Total * | O107: =SUM(O104:O106) -> 0 | P107: Total Class Size Reduction Funds | U107: =IF(N1=75,0,T106+T105+T104) -> 0
A108: (*Total FTE should equal total in Section 1, column (4) and should not include any additional FTE from Section 1.) | N108: (*Total FTE should equal total in Section 1, column (4) and should not include any additional FTE from Section 1.)
A110: 12. Student Transportation | E110: (h) | N110: 12. Student Transportation
C111: Oct 2024 | D111: Feb 2025 | E111: Average
C112: FTE | D112: FTE | E112: FTE
A113: All Adjusted Fundable Riders | C113: 7 | D113: 7 | E113: =C113 -> 7 | F113: x | G113: 584 | I113: =ROUND(G113*E113,2) -> 4088 | N113: Enter All Adjusted Fundable Riders | P113: =IF(H133=1,E113,0) -> 0 | S113: x | T113: =G113 -> 584 | U113: =ROUND(T113*P113,2) -> 0
A114: All Adjusted ESE Riders (Member Cat L) | C114: 0 | D114: 0 | E114: =(C114+D114)/2 -> 0 | F114: x | G114: 1838 | I114: =ROUND(G114*E114,2) -> 0 | N114: Enter All Adjusted ESE Riders | S114: x | T114: =G114 -> 1838 | U114: =ROUND(T114*P114,2) -> 0
A117: 13. Federally Connected Student Supplement | E117: (i) | N117: 13. Federally Connected Student Supplement (i)
C118: Number of Students | H118: Impact Aide
C119: Oct 2018 | D119: Feb 2018 | E119: Total | F119: Exempt Property | H119: Student
A120: Impact Aid Student Type | C120: FTE | D120: FTE | E120: FTE | F120: Allocation | H120: Allocation | I120: Total | N120: Impact Aide Student Type | P120: Number of Students | R120: Exempt Property Allocation | T120: Impact Aide Student Allocation | U120: Total
A121: Military and Indian Lands | C121: 0 | D121: 0 | E121: =IF(D30=0,C121*2,C121+D121) -> 0 | F121: 0 | H121: =IF(C121=0,0,125) -> 0 | I121: =ROUND((H121+F121)*E121,2) -> 0 | N121: Military and Indian Lands | P121: =IF(H$133=1,C121,0) -> 0 | R121: =F121 -> 0 | T121: =H121 -> 0 | U121: =ROUND((T121+R121)*P121,0) -> 0
...

Sheet 0100
A1: 50 | B1: (Insert district number in cell A1, enter, then strike F9. Your district data then pulls from Calculation Detail Sheets) | N1: =A1 -> 50 | O1: (Insert district number in cell A1, enter, then strike F9. Your district data then pulls from Calculation Detail Sheets)
A2: Revenue Estimate Worksheet: The Learning Center Highschool | N2: Revenue Estimate Worksheet for___________Charter School
A3: ='1461'!A3 -> Based on the FLDOE 2024-25 Final Revenue Calculation Worksheet | N3: =A3 -> Based on the FLDOE 2024-25 Final Revenue Calculation Worksheet
A4: School District: | C4: Palm Beach | F4: FY 25 Final Payment | N4: School District: | P4: =C4 -> Palm Beach
A7: 1A. 2023-24 FEFP State and Local Funding | N7: =A7 -> 1A. 2023-24 FEFP State and Local Funding
B8: Base Student Allocation: | C8: 5330.98 | G8: Comparable Wage Factor: | H8: 1.0408 | N8: Base Student Allocation | P8: =C8 -> 5330.98 | R8: Comparable Wage Factor: | T8: =H8 -> 1.0408
G9: Small District Factor: | H9: 1 | R9: Small District Factor: | T9: =H9 -> 1
I10: 2024-25 | U10: =I10 -> 2024-25
C11: Oct 2024 | D11: Feb 2025 | E11: Total | F11: Program | H11: Weighted FTE | I11: Base Funding | R11: Program | T11: Weighted FTE | U11: Base Funding
A12: Program | C12: FTE | D12: FTE | E12: FTE | F12: Cost Factor | H12: (2) x (3) | I12: (WFTE x BSA x CWF x SDF) | N12: Program | P12: Number of FTE | R12: Cost Factor | T12: (2) x (3) | U12: =I12 -> (WFTE x BSA x CWF x SDF)
A13: (1) | E13: (2) | F13: (3) | H13: (4) | I13: (5) | N13: (1) | P13: (2) | R13: (3) | T13: (4) | U13: (5)
A14: 101 Basic K-3 | C14: 0 | D14: 0 | E14: =IF(D$30=0,C14*2,C14+D14) -> 0 | F14: 1.118 | H14: =ROUND(E14*F14,4) -> 0 | I14: =ROUND(ROUND(ROUND(H14*$C$8,4)*($H$8),2)*(MAX($H$9,1)),2) -> 0 | N14: 101 Basic K-3 | P14: =IF($H$133=1,E14,0) -> 0 | R14: 1 | T14: =ROUND(P14*R14,4) -> 0 | U14: =ROUND(ROUND(ROUND(T14*$C$8,4)*($H$8),2)*(MAX($H$9,1)),2) -> 0
A15: 111 Basic K-3 with ESE Services | C15: 0 | D15: 0 | E15: =IF(D$30=0,C15*2,C15+D15) -> 0 | F15: 1.118 | H15: =ROUND(E15*F15,4) -> 0 | I15: =ROUND(ROUND(ROUND(H15*$C$8,4)*($H$8),2)*(MAX($H$9,1)),2) -> 0 | J15: =IF(ROUND(E15,2)=ROUND(SUM(E57:E59),2)," ","CHECK PK-3 LINES BELOW") | N15: 111 Basic K-3 with ESE Services | P15: =IF($H$133=1,E15,0) -> 0 | R15: 1 | T15: =ROUND(P15*R15,4) -> 0 | U15: =ROUND(ROUND(ROUND(T15*$C$8,4)*($H$8),2)*(MAX($H$9,1)),2) -> 0
A16: 102 Basic 4-8 | C16: 0 | D16: 0 | E16: =IF(D$30=0,C16*2,C16+D16) -> 0 | F16: 1 | H16: =ROUND(E16*F16,4) -> 0 | I16: =ROUND(ROUND(ROUND(H16*$C$8,4)*($H$8),2)*(MAX($H$9,1)),2) -> 0 | N16: 102 Basic 4-8 | P16: =IF($H$133=1,E16,0) -> 0 | R16: 1 | T16: =ROUND(P16*R16,4) -> 0 | U16: =ROUND(ROUND(ROUND(T16*$C$8,4)*($H$8),2)*(MAX($H$9,1)),2) -> 0
A17: 112 Basic 4-8 with ESE Services | C17: 0 | D17: 0 | E17: =IF(D$30=0,C17*2,C17+D17) -> 0 | F17: 1 | H17: =ROUND(E17*F17,4) -> 0 | I17: =ROUND(ROUND(ROUND(H17*$C$8,4)*($H$8),2)*(MAX($H$9,1)),2) -> 0 | J17: =IF(ROUND(E17,2)=ROUND(SUM(E60:E62),2)," ","CHECK 4-8 LINES BELOW") | N17: 112 Basic 4-8 with ESE Services | P17: =IF($H$133=1,E17,0) -> 0 | R17: 1 | T17: =ROUND(P17*R17,4) -> 0 | U17: =ROUND(ROUND(ROUND(T17*$C$8,4)*($H$8),2)*(MAX($H$9,1)),2) -> 0
A18: 103 Basic 9-12 | C18: 0 | D18: 0 | E18: =IF(D$30=0,C18*2,C18+D18) -> 0 | F18: 0.978 | H18: =ROUND(E18*F18,4) -> 0 | I18: =ROUND(ROUND(ROUND(H18*$C$8,4)*($H$8),2)*(MAX($H$9,1)),2) -> 0 | N18: 103 Basic 9-12 | P18: =IF($H$133=1,E18,0) -> 0 | R18: 1 | T18: =ROUND(P18*R18,4) -> 0 | U18: =ROUND(ROUND(ROUND(T18*$C$8,4)*($H$8),2)*(MAX($H$9,1)),2) -> 0
A19: 113 Basic 9-12 with ESE Services | C19: 1 | D19: 1.02 | E19: =IF(D$30=0,C19*2,C19+D19) -> 2.02 | F19: 0.978 | H19: =ROUND(E19*F19,4) -> 1.9756 | I19: =ROUND(ROUND(ROUND(H19*$C$8,4)*($H$8),2)*(MAX($H$9,1)),2) -> 10961.58 | J19: =IF(ROUND(E19,2)=ROUND(SUM(E63:E65),2)," ","CHECK 4-8 LINES BELOW") | N19: 113 Basic 9-12 with ESE Services | P19: =IF($H$133=1,E19,0) -> 2.02 | R19: 1 | T19: =ROUND(P19*R19,4) -> 2.02 | U19: =ROUND(ROUND(ROUND(T19*$C$8,4)*($H$8),2)*(MAX($H$9,1)),2) -> 11207.94
A20: 254 ESE Level 4 (Grade Level PK-3) | C20: 0 | D20: 0 | E20: =IF(D$30=0,C20*2,C20+D20) -> 0 | F20: 3.697 | H20: =ROUND(E20*F20,4) -> 0 | I20: =ROUND(ROUND(ROUND(H20*$C$8,4)*($H$8),2)*(MAX($H$9,1)),2) -> 0 | N20: 254 ESE Level 4 (Grade Level PK-3) | P20: =IF($H$133=1,E20,0) -> 0 | R20: 1 | T20: =ROUND(P20*R20,4) -> 0 | U20: =ROUND(ROUND(ROUND(T20*$C$8,4)*($H$8),2)*(MAX($H$9,1)),2) -> 0
A21: 254 ESE Level 4 (Grade Level 4-8) | C21: 0 | D21: 0 | E21: =IF(D$30=0,C21*2,C21+D21) -> 0 | F21: 3.697 | H21: =ROUND(E21*F21,4) -> 0 | I21: =ROUND(ROUND(ROUND(H21*$C$8,4)*($H$8),2)*(MAX($H$9,1)),2) -> 0 | N21: 254 ESE Level 4 (Grade Level 4-8) | P21: =IF($H$133=1,E21,0) -> 0 | R21: 1 | T21: =ROUND(P21*R21,4) -> 0 | U21: =ROUND(ROUND(ROUND(T21*$C$8,4)*($H$8),2)*(MAX($H$9,1)),2) -> 0
A22: 254 ESE Level 4 (Grade Level 9-12) | C22: 3.47 | D22: 4.47 | E22: =IF(D$30=0,C22*2,C22+D22) -> 7.94 | F22: 3.697 | H22: =ROUND(E22*F22,4) -> 29.3542 | I22: =ROUND(ROUND(ROUND(H22*$C$8,4)*($H$8),2)*(MAX($H$9,1)),2) -> 162871.31 | N22: 254 ESE Level 4 (Grade Level 9-12) | P22: =IF($H$133=1,E22,0) -> 7.94 | R22: 1 | T22: =ROUND(P22*R22,4) -> 7.94 | U22: =ROUND(ROUND(ROUND(T22*$C$8,4)*($H$8),2)*(MAX($H$9,1)),2) -> 44054.96
A23: 255 ESE Level 5 (Grade Level PK-3) | C23: 0 | D23: 0 | E23: =IF(D$30=0,C23*2,C23+D23) -> 0 | F23: 5.992 | H23: =ROUND(E23*F23,4) -> 0 | I23: =ROUND(ROUND(ROUND(H23*$C$8,4)*($H$8),2)*(MAX($H$9,1)),2) -> 0 | N23: 255 ESE Level 5 (Grade Level PK-3) | P23: =IF($H$133=1,E23,0) -> 0 | R23: 1 | T23: =ROUND(P23*R23,4) -> 0 | U23: =ROUND(ROUND(ROUND(T23*$C$8,4)*($H$8),2)*(MAX($H$9,1)),2) -> 0
A24: 255 ESE Level 5 (Grade Level 4-8) | C24: 0 | D24: 0 | E24: =IF(D$30=0,C24*2,C24+D24) -> 0 | F24: 5.992 | H24: =ROUND(E24*F24,4) -> 0 | I24: =ROUND(ROUND(ROUND(H24*$C$8,4)*($H$8),2)*(MAX($H$9,1)),2) -> 0 | N24: 255 ESE Level 5 (Grade Level 4-8) | P24: =IF($H$133=1,E24,0) -> 0 | R24: 1 | T24: =ROUND(P24*R24,4) -> 0 | U24: =ROUND(ROUND(ROUND(T24*$C$8,4)*($H$8),2)*(MAX($H$9,1)),2) -> 0
A25: 255 ESE Level 5 (Grade Level 9-12) | C25: 1 | D25: 0.5 | E25: =IF(D$30=0,C25*2,C25+D25) -> 1.5 | F25: 5.992 | H25: =ROUND(E25*F25,4) -> 8.988 | I25: =ROUND(ROUND(ROUND(H25*$C$8,4)*($H$8),2)*(MAX($H$9,1)),2) -> 49869.77 | N25: 255 ESE Level 5 (Grade Level 9-12) | P25: =IF($H$133=1,E25,0) -> 1.5 | R25: 1 | T25: =ROUND(P25*R25,4) -> 1.5 | U25: =ROUND(ROUND(ROUND(T25*$C$8,4)*($H$8),2)*(MAX($H$9,1)),2) -> 8322.73
A26: 130 ESOL (Grade Level PK-3) | C26: 0 | D26: 0 | E26: =IF(D$30=0,C26*2,C26+D26) -> 0 | F26: 1.192 | H26: =ROUND(E26*F26,4) -> 0 | I26: =ROUND(ROUND(ROUND(H26*$C$8,4)*($H$8),2)*(MAX($H$9,1)),2) -> 0 | N26: 130 ESOL (Grade Level PK-3) | P26: =IF($H$133=1,E26,0) -> 0 | R26: 1 | T26: =ROUND(P26*R26,4) -> 0 | U26: =ROUND(ROUND(ROUND(T26*$C$8,4)*($H$8),2)*(MAX($H$9,1)),2) -> 0
A27: 130 ESOL (Grade Level 4-8) | C27: 0 | D27: 0 | E27: =IF(D$30=0,C27*2,C27+D27) -> 0 | F27: 1.192 | H27: =ROUND(E27*F27,4) -> 0 | I27: =ROUND(ROUND(ROUND(H27*$C$8,4)*($H$8),2)*(MAX($H$9,1)),2) -> 0 | N27: 130 ESOL (Grade Level 4-8) | P27: =IF($H$133=1,E27,0) -> 0 | R27: 1 | T27: =ROUND(P27*R27,4) -> 0 | U27: =ROUND(ROUND(ROUND(T27*$C$8,4)*($H$8),2)*(MAX($H$9,1)),2) -> 0
A28: 130 ESOL (Grade Level 9-12) | C28: 0 | D28: 0 | E28: =IF(D$30=0,C28*2,C28+D28) -> 0 | F28: 1.192 | H28: =ROUND(E28*F28,4) -> 0 | I28: =ROUND(ROUND(ROUND(H28*$C$8,4)*($H$8),2)*(MAX($H$9,1)),2) -> 0 | N28: 130 ESOL (Grade Level 9-12) | P28: =IF($H$133=1,E28,0) -> 0 | R28: 1 | T28: =ROUND(P28*R28,4) -> 0 | U28: =ROUND(ROUND(ROUND(T28*$C$8,4)*($H$8),2)*(MAX($H$9,1)),2) -> 0
A29: 300 Career Education (Grades 9-12) | C29: 0 | D29: 0 | E29: =IF(D$30=0,C29*2,C29+D29) -> 0 | F29: 1.079 | H29: =ROUND(E29*F29,4) -> 0 | I29: =ROUND(ROUND(ROUND(H29*$C$8,4)*($H$8),2)*(MAX($H$9,1)),2) -> 0 | N29: 300 Career Education (Grades 9-12) | P29: =IF($H$133=1,E29,0) -> 0 | R29: 1 | T29: =ROUND(P29*R29,4) -> 0 | U29: =ROUND(ROUND(ROUND(T29*$C$8,4)*($H$8),2)*(MAX($H$9,1)),2) -> 0
A30: Totals | C30: =SUM(C14:C29) -> 5.47 | D30: =SUM(D14:D29) -> 5.99 | E30: =SUM(E14:E29) -> 11.46 | H30: =SUM(H14:H29) -> 40.3178 | I30: =SUM(I14:I29) -> 223702.66 | N30: Totals | P30: =SUM(P14:P29) -> 11.46 | T30: =SUM(T14:T29) -> 11.46 | U30: =SUM(U14:U29) -> 63585.63
A32: Letters in Parentheses Refer to Notes at Bottom of Worksheet
F34: Charter schools should contact their school district sponsor regarding eligible FTE. Please note that “Number of FTE” is NOT equivalent to number of students enrolled in these courses or programs. Please refer to footnote (a) below.
I35: =I10 -> 2024-25 | N35: Letters Refer to Notes At Bottom: | U35: =I35 -> 2024-25
C36: Projected | E36: Total | I36: Base Funding | U36: Base Funding
A37: Additional FTE (a) | C37: FTE | E37: FTE | I37: (WFTE x BSA x CWF x SDF) | N37: Additional FTE (a) | P37: Number of FTE | U37: =I37 -> (WFTE x BSA x CWF x SDF)
A38: Advanced Placement | C38: 0 | D38: 0 | E38: =IF(D$44=0,C38*2,C38+D38) -> 0 | I38: =ROUND(ROUND(ROUND(E38*$C$8,4)*($H$8),2)*(MAX($H$9,1)),2) -> 0 | N38: Advanced Placement | P38: =IF($H$133=1,E38,0) -> 0 | U38: =ROUND(ROUND(ROUND(P38*$C$8,4)*($H$8),2)*(MAX($H$9,1)),2) -> 0
A39: International Baccalaureate | C39: 0 | D39: 0 | E39: =IF(D$44=0,C39*2,C39+D39) -> 0 | I39: =ROUND(ROUND(ROUND(E39*$C$8,4)*($H$8),2)*(MAX($H$9,1)),2) -> 0 | N39: International Baccalaureate | P39: =IF($H$133=1,E39,0) -> 0 | U39: =ROUND(ROUND(ROUND(P39*$C$8,4)*($H$8),2)*(MAX($H$9,1)),2) -> 0
A40: Advanced International Certificate | C40: 0 | D40: 0 | E40: =IF(D$44=0,C40*2,C40+D40) -> 0 | I40: =ROUND(ROUND(ROUND(E40*$C$8,4)*($H$8),2)*(MAX($H$9,1)),2) -> 0 | N40: Advanced International Certificate | P40: =IF($H$133=1,E40,0) -> 0 | U40: =ROUND(ROUND(ROUND(P40*$C$8,4)*($H$8),2)*(MAX($H$9,1)),2) -> 0
A41: Industry Certified Career Education | C41: 0 | D41: 0 | E41: =IF(D$44=0,C41*2,C41+D41) -> 0 | I41: =ROUND(ROUND(ROUND(E41*$C$8,4)*($H$8),2)*(MAX($H$9,1)),2) -> 0 | N41: Industry Certified Career Education | P41: =IF($H$133=1,E41,0) -> 0 | U41: =ROUND(ROUND(ROUND(P41*$C$8,4)*($H$8),2)*(MAX($H$9,1)),2) -> 0
A42: Early High School Graduation | C42: 0 | D42: 0 | E42: =IF(D$44=0,C42*2,C42+D42) -> 0 | I42: =ROUND(ROUND(ROUND(E42*$C$8,4)*($H$8),2)*(MAX($H$9,1)),2) -> 0 | N42: Early High School Graduation | P42: =IF($H$133=1,E42,0) -> 0 | U42: =ROUND(ROUND(ROUND(P42*$C$8,4)*($H$8),2)*(MAX($H$9,1)),2) -> 0
A43: Small District ESE Supplement | C43: 0 | D43: 0 | E43: =IF(D$44=0,C43*2,C43+D43) -> 0 | I43: =ROUND(ROUND(ROUND(E43*$C$8,4)*($H$8),2)*(MAX($H$9,1)),2) -> 0 | N43: Small District ESE Supplement | P43: =IF($H$133=1,E43,0) -> 0 | U43: =ROUND(ROUND(ROUND(P43*$C$8,4)*($H$8),2)*(MAX($H$9,1)),2) -> 0
B44: Total Additional FTE | C44: =SUM(C38:C43) -> 0 | D44: =SUM(D38:D43) -> 0 | E44: =SUM(E38:E43) -> 0 | H44: Additional Base Funds | I44: =SUM(I38:I43) -> 0 | N44: Total Additional FTE | R44: =SUM(P38:R43) -> 0 | S44: Additional Base Funds | U44: =SUM(U38:U43) -> 0
B46: Total Funded Weighted FTE | E46: =H30+E44 -> 40.3178 | H46: Total Base Funding | I46: =SUM(I44,I30) -> 223702.66 | N46: Total Funded Weighted FTE | R46: =R44+T30 -> 11.46 | S46: Total Base Funding | U46: =SUM(U44,U30) -> 63585.63
A48: 1B. Classroom Teacher & Other Instructional Personnel Salary Increase | N48: 1B. Classroom Teacher & Other Instructional Personnel Salary Increase
A49: Maintenance and Growth Portions of the Salary Increase funds are part of the total Base Funding and are not treated as a separate allocation. | N49: Maintenance and Growth Portions of the Salary Increase funds are part of the total Base Funding and are not treated as a separate allocation.
A50: Amounts are split out here for informative purposes and for the purposes of providing a total that may be used for calculating the administrative fee. | N50: Amounts are split out here for informative purposes and for the purposes of providing a total that may be used for calculating the administrative fee.
B51: Maintenance Portion (5.59% of Conference Funding) | E51: (g) (k) | F51: 195467.54 | G51: x | H51: 0.0559 | I51: =ROUND(F51*H51,2) -> 10926.64 | O51: Maintenance Portion (5.59% of Base Funding) | Q51: (g) (k) | R51: =U30 -> 63585.63 | S51: x | T51: 0.0559 | U51: =I51 -> 10926.64
B52: Growth Portion (1.07% of Conference Funding) | E52: (g) (k) | F52: 195467.54 | G52: x | H52: 0.0107 | I52: =ROUND(F52*H52,2) -> 2091.5 | O52: Growth Portion (1.07% of Base Funding) | Q52: (g) (k) | R52: =U30 -> 63585.63 | S52: x | T52: 0.0107 | U52: =I52 -> 2091.5
B53: Total Salary Increase | I53: =SUM(I51:I52) -> 13018.14 | O53: Total Salary Increase | U53: =SUM(U51:U52) -> 13018.14
C55: Oct 2024 | D55: Feb 2025 | E55: Total | F55: Grade | G55: Matrix | H55: Guarantee | S55: Matrix | T55: Guarantee
A56: 2. ESE Guaranteed Allocation: | C56: FTE | D56: FTE | E56: FTE | F56: Level | G56: Level | H56: Per Student | N56: 2. ESE Guaranteed Allocation: | P56: FTE | R56: Grade Level | S56: Level | T56: Per Student
A57: Additional Funding from the ESE Guaranteed Allocation. Enter the FTE from 111,112 and 113 by grade and matrix level. Students who do not have a matrix level should be considered 251. This total should equal all FTE from programs 111, 112 and 113 above. | C57: 0 | D57: 0 | E57: =IF(D$72=0,C57*2,C57+D57) -> 0 | F57: PK-3 | G57: 251 | H57: 1047 | I57: =ROUND(E57*H57,2) -> 0 | N57: Additional Funding from the ESE Guaranteed Allocation. Enter the FTE from 111,112 and 113 by grade and matrix level. Students who do not have a matrix level should be considered 251. This total should equal all FTE from programs 111, 112 and 113 above. | R57: PK-3 | S57: 251 | T57: =H57 -> 1047 | U57: =ROUND(P57*T57,2) -> 0
C58: 0 | D58: 0 | E58: =IF(D$72=0,C58*2,C58+D58) -> 0 | F58: PK-3 | G58: 252 | H58: 3380 | I58: =ROUND(E58*H58,2) -> 0 | R58: PK-3 | S58: 252 | T58: =H58 -> 3380 | U58: =ROUND(P58*T58,2) -> 0
C59: 0 | D59: 0 | E59: =IF(D$72=0,C59*2,C59+D59) -> 0 | F59: PK-3 | G59: 253 | H59: 6896 | I59: =ROUND(E59*H59,2) -> 0 | R59: PK-3 | S59: 253 | T59: =H59 -> 6896 | U59: =ROUND(P59*T59,2) -> 0
C60: 0 | D60: 0 | E60: =IF(D$66=0,C60*2,C60+D60) -> 0 | F60: 4-8 | G60: 251 | H60: 1173 | I60: =ROUND(E60*H60,2) -> 0 | R60: 4-8 | S60: 251 | T60: =H60 -> 1173 | U60: =ROUND(P60*T60,2) -> 0
C61: 0 | D61: 0 | E61: =IF(D$66=0,C61*2,C61+D61) -> 0 | F61: 4-8 | G61: 252 | H61: 3506 | I61: =ROUND(E61*H61,2) -> 0 | R61: 4-8 | S61: 252 | T61: =H61 -> 3506 | U61: =ROUND(P61*T61,2) -> 0
C62: 0 | D62: 0 | E62: =IF(D$66=0,C62*2,C62+D62) -> 0 | F62: 4-8 | G62: 253 | H62: 7023 | I62: =ROUND(E62*H62,2) -> 0 | R62: 4-8 | S62: 253 | T62: =H62 -> 7023 | U62: =ROUND(P62*T62,2) -> 0
E63: =IF(D$66=0,C63*2,C63+D63) -> 0 | F63: 9-12 | G63: 251 | H63: 835 | I63: =ROUND(E63*H63,2) -> 0 | R63: 9-12 | S63: 251 | T63: =H63 -> 835 | U63: =ROUND(P63*T63,2) -> 0
C64: 0 | D64: 0 | E64: =IF(D$66=0,C64*2,C64+D64) -> 0 | F64: 9-12 | G64: 252 | H64: 3168 | I64: =ROUND(E64*H64,2) -> 0 | R64: 9-12 | S64: 252 | T64: =H64 -> 3168 | U64: =ROUND(P64*T64,2) -> 0
C65: 1 | D65: 1.02 | E65: =IF(D$66=0,C65*2,C65+D65) -> 2.02 | F65: 9-12 | G65: 253 | H65: 6685 | I65: =ROUND(E65*H65,2) -> 13503.7 | R65: 9-12 | S65: 253 | T65: =H65 -> 6685 | U65: =ROUND(P65*T65,2) -> 0
C66: =SUM(C57:C65) -> 1 | D66: =SUM(D57:D65) -> 1.02 | E66: =SUM(E57:E65) -> 2.02 | F66: Total ESE Guarantee | I66: =SUM(I57:I65) -> 13503.7 | P66: =SUM(P57:P65) -> 0 | R66: Total ESE Guarantee | U66: =SUM(U57:U65) -> 0
A68: 3A. Divide school's Unweighted FTE (UFTE) total computed in Section 1, cell E30 above by the district's total UFTE to obtain school's | N68: 3A. Divide school's Unweighted FTE (UFTE) total computed in Section 1, cell E30 above by the District's total UFTE to obtain
A69: UFTE share. CS UFTE: | C69: =E30 -> 11.46 | D69: ÷ District's total UFTE | H69: 210166.87 | N69: school's UFTE share. CS UFTE: | P69: =P30 -> 11.46 | Q69: / District's total UFTE: | T69: =H69 -> 210166.87
G70: = | H70: =ROUND(C69/H69,6) -> 5.5e-05 | T70: =ROUND(P69/T69,6) -> 5.5e-05
A71: 3B. Divide school's Weighted FTE (WFTE) total computed in Section 1, cell H30 above by the district's total WFTE to obtain school's | N71: 3B. Divide school's Weighted FTE (WFTE) total computed in Section 1, cell H30 above by the District's total WFTE to obtain
A72: WFTE share. CS WFTE: | C72: =H30 -> 40.3178 | D72: ÷ District's total WFTE | H72: 237198.6 | N72: school's WFTE share. CS WFTE: | P72: =T30 -> 11.46 | Q72: / District's total WFTE: | T72: =H72 -> 237198.6
G73: = | H73: =ROUND(C72/H72,6) -> 0.00017 | T73: =ROUND(P72/T72,6) -> 4.8e-05
A74: 3C. Divide school's Unweighted FTE (UFTE) total computed in Section 1, cell E30 above by the District's total non-scholarship UFTE to obtain school's | N74: 3C. Divide school's Unweighted FTE (UFTE) total computed in Section 1, cell E30 above by the District's total non-scholarship UFTE to obtain
A75: UFTE share. CS UFTE: | C75: =E30 -> 11.46 | D75: ÷ District's total non-scholarship UFTE | H75: 185588.37 | N75: school's UFTE share. CS UFTE: | P75: =P30 -> 11.46 | Q75: / District's total non-scholarship UFTE: | T75: =H75 -> 185588.37
G76: = | H76: =ROUND(C75/H75,6) -> 6.2e-05 | T76: =ROUND(P75/T75,6) -> 6.2e-05
A77: 3D. Divide school's Unweighted FTE (UFTE) total computed in Section 1, cell E30 above by the District's total non-virtual UFTE to obtain school's | N77: 3D. Divide school's Unweighted FTE (UFTE) total computed in Section 1, cell E30 above by the District's total non-virtual UFTE to obtain
A78: UFTE share. CS UFTE: | C78: =E30 -> 11.46 | D78: ÷ District's total non-virtual UFTE | H78: 209834.86 | N78: school's UFTE share. CS UFTE: | P78: =P30 -> 11.46 | Q78: / by district's total non-virtual UFTE: | T78: =H78 -> 209834.86
G79: = | H79: =ROUND(C78/H78,6) -> 5.5e-05 | T79: =ROUND(P78/T78,6) -> 5.5e-05
A80: 3E. Divide school's Unweighted FTE (UFTE) total computed in Section 1, cell E30 above by the district's total non-scholarship/virtual UFTE to obtain | N80: 3E. Divide school's Unweighted FTE (UFTE) total computed in Section 1, cell E30 above by the District's total non-scholarship/virtual UFTE to
A81: school's UFTE share. CS UFTE: | C81: =E30 -> 11.46 | D81: ÷ Dististict's total non-scholarship/virtual UFTE | H81: 185256.36 | N81: obtain school's UFTE share. CS UFTE: | P81: =P30 -> 11.46 | Q81: / Dist total non-scholarship/virtual UFTE: | T81: =H81 -> 185256.36
G82: = | H82: =ROUND(C81/H81,6) -> 6.2e-05 | T82: =ROUND(P81/T81,6) -> 6.2e-05
A85: 4. Educational Enrichment Share (Non-virtual UFTE share) | E85: (e) | F85: 46151079 | G85: x | H85: =H79 -> 5.5e-05 | I85: =ROUND(F85*H85,2) -> 2538.31 | N85: 4. Educational Enrichment Share (Non-virtual UFTE share) | R85: =F85 -> 46151079 | S85: x | T85: =T79 -> 5.5e-05 | U85: =ROUND(R85*T85,2) -> 2538.31
A87: 5. Discretionary Millage Compression Allocation | N87: 5. Discretionary Millage Compression Allocation (UFTE share)
A88: .748 Mills (UFTE share) | E88: (b) | F88: 0 | G88: x | H88: =H70 -> 5.5e-05 | I88: =ROUND(F88*H88,2) -> 0 | N88: .748 Mills (UFTE share) | R88: =F88 -> 0 | S88: x | T88: =T70 -> 5.5e-05 | U88: =ROUND(R88*T88,2) -> 0
A90: 6. Safe Schools Allocation (Non-scholarship/virtual UFTE share) | E90: (f) | F90: 19094340 | G90: x | H90: =H82 -> 6.2e-05 | I90: =ROUND(F90*H90,2) -> 1183.85 | N90: 6. Safe Schools Allocation (Non-scholarship/virtual UFTE share) | R90: =F90 -> 19094340 | S90: x | T90: =T82 -> 6.2e-05 | U90: =ROUND(R90*T90,2) -> 1183.85
A92: 7. Mental Health Assistance Allocation (Non-scholarship UFTE share) | E92: (b) | F92: 11461928 | G92: x | H92: =H76 -> 6.2e-05 | I92: =ROUND(F92*H92,2) -> 710.64 | N92: 7. Mental Health Assistance Allocation (Non-scholarship UFTE share) | R92: =F92 -> 11461928 | S92: x | T92: =T76 -> 6.2e-05 | U92: =ROUND(R92*T92,2) -> 710.64
A94: 8. Discretionary Local Effort (WFTE share) | E94: (c) | F94: 255756816 | G94: x | H94: =H73 -> 0.00017 | I94: =ROUND(F94*H94,2) -> 43478.66 | N94: 8. Discretionary Local Effort (WFTE share) | R94: =F94 -> 255756816 | S94: x | T94: =T73 -> 4.8e-05 | U94: =ROUND(R94*T94,2) -> 12276.33
A96: 9. Proration to Funds Available (WFTE share) | E96: (c) | F96: -16705366 | G96: x | H96: =H73 -> 0.00017 | I96: =ROUND(F96*H96,2) -> -2839.91 | N96: 9. Proration to Funds Available (WFTE share) | R96: =F96 -> -16705366 | S96: x | T96: =T73 -> 4.8e-05 | U96: =ROUND(R96*T96,2) -> -801.86
A98: 10. Educational Enrollment Stabilization Program (UFTE Share) | E98: (b) | F98: 203862 | G98: x | H98: =H70 -> 5.5e-05 | I98: =ROUND(F98*H98,2) -> 11.21 | N98: 10. Educational Enrollment Stabilization Program (UFTE Share) | R98: =F98 -> 203862 | S98: x | T98: =T70 -> 5.5e-05 | U98: =ROUND(R98*T98,2) -> 11.21
A101: 11. Class Size Reduction Funds: | N101: 11. Class Size Reduction Funds:
C102: Weighted FTE | F102: Allocation
C103: (not including Add-On) | E103: X CWF X | F103: Factors | N103: Weighted FTE (not including Add-On) | P103: X CWF X | R103: Allocation factors
B104: PK - 3 | C104: =H14+H15+H20+H23+H26 -> 0 | E104: =H8 -> 1.0408 | F104: 950.92 | G104: = | H104: =ROUND(C104*E104*F104,2) -> 0 | N104: PK - 3 | O104: =T14+T15+T20+T23+T26 -> 0 | P104: =T8 -> 1.0408 | R104: =F104 -> 950.92 | S104: = | T104: =ROUND(O104*P104*R104,2) -> 0
B105: 4-8 | C105: =H16+H17+H21+H24+H27 -> 0 | E105: =H8 -> 1.0408 | F105: 907.92 | G105: = | H105: =ROUND(C105*E105*F105,2) -> 0 | N105: 4-8 | O105: =T16+T17+T21+T24+T27 -> 0 | P105: =T8 -> 1.0408 | R105: =F105 -> 907.92 | S105: = | T105: =ROUND(O105*P105*R105,2) -> 0
B106: 9-12 | C106: =H18+H19+H22+H25+H28+H29 -> 40.3178 | E106: =H8 -> 1.0408 | F106: 910.12 | G106: = | H106: =ROUND(C106*E106*F106,2) -> 38191.15 | N106: 9-12 | O106: =T18+T19+T22+T25+T28+T29 -> 11.46 | P106: =T8 -> 1.0408 | R106: =F106 -> 910.12 | S106: = | T106: =ROUND(O106*P106*R106,2) -> 10855.52
B107: Total * | C107: =SUM(C104:C106) -> 40.3178 | H107: Total Class Size Reduction Funds | I107: =IF(A1=75,0,H106+H105+H104) -> 38191.15 | N107: Total * | O107: =SUM(O104:O106) -> 11.46 | P107: Total Class Size Reduction Funds | U107: =IF(N1=75,0,T106+T105+T104) -> 10855.52
A108: (*Total FTE should equal total in Section 1, column (4) and should not include any additional FTE from Section 1.) | N108: (*Total FTE should equal total in Section 1, column (4) and should not include any additional FTE from Section 1.)
A110: 12. Student Transportation | E110: (h) | N110: 12. Student Transportation
C111: Oct 2024 | D111: Feb 2025 | E111: Average
C112: FTE | D112: FTE | E112: FTE
A113: All Adjusted Fundable Riders | C113: 0 | D113: 0 | E113: =(C113+D113)/2 -> 0 | F113: x | G113: 584 | I113: =ROUND(G113*E113,2) -> 0 | N113: Enter All Adjusted Fundable Riders | P113: =IF(H133=1,E113,0) -> 0 | S113: x | T113: =G113 -> 584 | U113: =ROUND(T113*P113,2) -> 0
A114: All Adjusted ESE Riders (Member Cat L) | C114: 0 | D114: 0 | E114: =(C114+D114)/2 -> 0 | F114: x | G114: 1838 | I114: =ROUND(G114*E114,2) -> 0 | N114: Enter All Adjusted ESE Riders | S114: x | T114: =G114 -> 1838 | U114: =ROUND(T114*P114,2) -> 0
A117: 13. Federally Connected Student Supplement | E117: (i) | N117: 13. Federally Connected Student Supplement (i)
C118: Number of Students | H118: Impact Aide
C119: Oct 2018 | D119: Feb 2018 | E119: Total | F119: Exempt Property | H119: Student
A120: Impact Aid Student Type | C120: FTE | D120: FTE | E120: FTE | F120: Allocation | H120: Allocation | I120: Total | N120: Impact Aide Student Type | P120: Number of Students | R120: Exempt Property Allocation | T120: Impact Aide Student Allocation | U120: Total
A121: Military and Indian Lands | C121: 0 | D121: 0 | E121: =IF(D30=0,C121*2,C121+D121) -> 0 | F121: 0 | H121: =IF(C121=0,0,125) -> 0 | I121: =ROUND((H121+F121)*E121,2) -> 0 | N121: Military and Indian Lands | P121: =IF(H$133=1,C121,0) -> 0 | R121: =F121 -> 0 | T121: =H121 -> 0 | U121: =ROUND((T121+R121)*P121,0) -> 0
...

Sheet 1461
A1: 50 | B1: (Insert district number in cell A1, enter, then strike F9. Your district data then pulls from Calculation Detail Sheets) | N1: =A1 -> 50 | O1: (Insert district number in cell A1, enter, then strike F9. Your district data then pulls from Calculation Detail Sheets)
A2: Revenue Estimate Worksheet: Inlet Grove Community High School - 1461 | N2: Revenue Estimate Worksheet for___________Charter School
A3: Based on the FLDOE 2024-25 Final Revenue Calculation Worksheet | N3: =A3 -> Based on the FLDOE 2024-25 Final Revenue Calculation Worksheet
A4: School District: | C4: Palm Beach | F4: FY 25 Final Payment | N4: School District: | P4: =C4 -> Palm Beach
A7: 1A. 2023-24 FEFP State and Local Funding | N7: =A7 -> 1A. 2023-24 FEFP State and Local Funding
B8: Base Student Allocation: | C8: 5330.98 | G8: Comparable Wage Factor: | H8: 1.0408 | N8: Base Student Allocation | P8: =C8 -> 5330.98 | R8: Comparable Wage Factor: | T8: =H8 -> 1.0408
G9: Small District Factor: | H9: 1 | R9: Small District Factor: | T9: =H9 -> 1
I10: 2024-25 | U10: =I10 -> 2024-25
C11: Oct 2024 | D11: Feb 2025 | E11: Total | F11: Program | H11: Weighted FTE | I11: Base Funding | R11: Program | T11: Weighted FTE | U11: Base Funding
A12: Program | C12: FTE | D12: FTE | E12: FTE | F12: Cost Factor | H12: (2) x (3) | I12: (WFTE x BSA x CWF x SDF) | N12: Program | P12: Number of FTE | R12: Cost Factor | T12: (2) x (3) | U12: =I12 -> (WFTE x BSA x CWF x SDF)
A13: (1) | E13: (2) | F13: (3) | H13: (4) | I13: (5) | N13: (1) | P13: (2) | R13: (3) | T13: (4) | U13: (5)
A14: 101 Basic K-3 | C14: 0 | D14: 0 | E14: =IF(D$30=0,C14*2,C14+D14) -> 0 | F14: 1.118 | H14: =ROUND(E14*F14,4) -> 0 | I14: =ROUND(ROUND(ROUND(H14*$C$8,4)*($H$8),2)*(MAX($H$9,1)),2) -> 0 | N14: 101 Basic K-3 | P14: =IF($H$133=1,E14,0) -> 0 | R14: 1 | T14: =ROUND(P14*R14,4) -> 0 | U14: =ROUND(ROUND(ROUND(T14*$C$8,4)*($H$8),2)*(MAX($H$9,1)),2) -> 0
A15: 111 Basic K-3 with ESE Services | C15: 0 | D15: 0 | E15: =IF(D$30=0,C15*2,C15+D15) -> 0 | F15: 1.118 | H15: =ROUND(E15*F15,4) -> 0 | I15: =ROUND(ROUND(ROUND(H15*$C$8,4)*($H$8),2)*(MAX($H$9,1)),2) -> 0 | J15: =IF(ROUND(E15,2)=ROUND(SUM(E57:E59),2)," ","CHECK PK-3 LINES BELOW") | N15: 111 Basic K-3 with ESE Services | P15: =IF($H$133=1,E15,0) -> 0 | R15: 1 | T15: =ROUND(P15*R15,4) -> 0 | U15: =ROUND(ROUND(ROUND(T15*$C$8,4)*($H$8),2)*(MAX($H$9,1)),2) -> 0
A16: 102 Basic 4-8 | C16: 0 | D16: 0 | E16: =IF(D$30=0,C16*2,C16+D16) -> 0 | F16: 1 | H16: =ROUND(E16*F16,4) -> 0 | I16: =ROUND(ROUND(ROUND(H16*$C$8,4)*($H$8),2)*(MAX($H$9,1)),2) -> 0 | N16: 102 Basic 4-8 | P16: =IF($H$133=1,E16,0) -> 0 | R16: 1 | T16: =ROUND(P16*R16,4) -> 0 | U16: =ROUND(ROUND(ROUND(T16*$C$8,4)*($H$8),2)*(MAX($H$9,1)),2) -> 0
A17: 112 Basic 4-8 with ESE Services | C17: 0 | D17: 0 | E17: =IF(D$30=0,C17*2,C17+D17) -> 0 | F17: 1 | H17: =ROUND(E17*F17,4) -> 0 | I17: =ROUND(ROUND(ROUND(H17*$C$8,4)*($H$8),2)*(MAX($H$9,1)),2) -> 0 | J17: =IF(ROUND(E17,2)=ROUND(SUM(E60:E62),2)," ","CHECK 4-8 LINES BELOW") | N17: 112 Basic 4-8 with ESE Services | P17: =IF($H$133=1,E17,0) -> 0 | R17: 1 | T17: =ROUND(P17*R17,4) -> 0 | U17: =ROUND(ROUND(ROUND(T17*$C$8,4)*($H$8),2)*(MAX($H$9,1)),2) -> 0
A18: 103 Basic 9-12 | C18: 227.2 | D18: 228.67 | E18: =IF(D$30=0,C18*2,C18+D18) -> 455.87 | F18: 0.978 | H18: =ROUND(E18*F18,4) -> 445.8409 | I18: =ROUND(ROUND(ROUND(H18*$C$8,4)*($H$8),2)*(MAX($H$9,1)),2) -> 2473741.1 | N18: 103 Basic 9-12 | P18: =IF($H$133=1,E18,0) -> 0 | R18: 1 | T18: =ROUND(P18*R18,4) -> 0 | U18: =ROUND(ROUND(ROUND(T18*$C$8,4)*($H$8),2)*(MAX($H$9,1)),2) -> 0
A19: 113 Basic 9-12 with ESE Services | C19: 40.72 | D19: 40.69 | E19: =IF(D$30=0,C19*2,C19+D19) -> 81.41 | F19: 0.978 | H19: =ROUND(E19*F19,4) -> 79.619 | I19: =ROUND(ROUND(ROUND(H19*$C$8,4)*($H$8),2)*(MAX($H$9,1)),2) -> 441764.75 | J19: =IF(ROUND(E19,2)=ROUND(SUM(E63:E65),2)," ","CHECK 4-8 LINES BELOW") | N19: 113 Basic 9-12 with ESE Services | P19: =IF($H$133=1,E19,0) -> 0 | R19: 1 | T19: =ROUND(P19*R19,4) -> 0 | U19: =ROUND(ROUND(ROUND(T19*$C$8,4)*($H$8),2)*(MAX($H$9,1)),2) -> 0
A20: 254 ESE Level 4 (Grade Level PK-3) | C20: 0 | D20: 0 | E20: =IF(D$30=0,C20*2,C20+D20) -> 0 | F20: 3.697 | H20: =ROUND(E20*F20,4) -> 0 | I20: =ROUND(ROUND(ROUND(H20*$C$8,4)*($H$8),2)*(MAX($H$9,1)),2) -> 0 | N20: 254 ESE Level 4 (Grade Level PK-3) | P20: =IF($H$133=1,E20,0) -> 0 | R20: 1 | T20: =ROUND(P20*R20,4) -> 0 | U20: =ROUND(ROUND(ROUND(T20*$C$8,4)*($H$8),2)*(MAX($H$9,1)),2) -> 0
A21: 254 ESE Level 4 (Grade Level 4-8) | C21: 0 | D21: 0 | E21: =IF(D$30=0,C21*2,C21+D21) -> 0 | F21: 3.697 | H21: =ROUND(E21*F21,4) -> 0 | I21: =ROUND(ROUND(ROUND(H21*$C$8,4)*($H$8),2)*(MAX($H$9,1)),2) -> 0 | N21: 254 ESE Level 4 (Grade Level 4-8) | P21: =IF($H$133=1,E21,0) -> 0 | R21: 1 | T21: =ROUND(P21*R21,4) -> 0 | U21: =ROUND(ROUND(ROUND(T21*$C$8,4)*($H$8),2)*(MAX($H$9,1)),2) -> 0
A22: 254 ESE Level 4 (Grade Level 9-12) | C22: 0 | D22: 0 | E22: =IF(D$30=0,C22*2,C22+D22) -> 0 | F22: 3.697 | H22: =ROUND(E22*F22,4) -> 0 | I22: =ROUND(ROUND(ROUND(H22*$C$8,4)*($H$8),2)*(MAX($H$9,1)),2) -> 0 | N22: 254 ESE Level 4 (Grade Level 9-12) | P22: =IF($H$133=1,E22,0) -> 0 | R22: 1 | T22: =ROUND(P22*R22,4) -> 0 | U22: =ROUND(ROUND(ROUND(T22*$C$8,4)*($H$8),2)*(MAX($H$9,1)),2) -> 0
A23: 255 ESE Level 5 (Grade Level PK-3) | C23: 0 | D23: 0 | E23: =IF(D$30=0,C23*2,C23+D23) -> 0 | F23: 5.992 | H23: =ROUND(E23*F23,4) -> 0 | I23: =ROUND(ROUND(ROUND(H23*$C$8,4)*($H$8),2)*(MAX($H$9,1)),2) -> 0 | N23: 255 ESE Level 5 (Grade Level PK-3) | P23: =IF($H$133=1,E23,0) -> 0 | R23: 1 | T23: =ROUND(P23*R23,4) -> 0 | U23: =ROUND(ROUND(ROUND(T23*$C$8,4)*($H$8),2)*(MAX($H$9,1)),2) -> 0
A24: 255 ESE Level 5 (Grade Level 4-8) | C24: 0 | D24: 0 | E24: =IF(D$30=0,C24*2,C24+D24) -> 0 | F24: 5.992 | H24: =ROUND(E24*F24,4) -> 0 | I24: =ROUND(ROUND(ROUND(H24*$C$8,4)*($H$8),2)*(MAX($H$9,1)),2) -> 0 | N24: 255 ESE Level 5 (Grade Level 4-8) | P24: =IF($H$133=1,E24,0) -> 0 | R24: 1 | T24: =ROUND(P24*R24,4) -> 0 | U24: =ROUND(ROUND(ROUND(T24*$C$8,4)*($H$8),2)*(MAX($H$9,1)),2) -> 0
A25: 255 ESE Level 5 (Grade Level 9-12) | C25: 0 | D25: 0 | E25: =IF(D$30=0,C25*2,C25+D25) -> 0 | F25: 5.992 | H25: =ROUND(E25*F25,4) -> 0 | I25: =ROUND(ROUND(ROUND(H25*$C$8,4)*($H$8),2)*(MAX($H$9,1)),2) -> 0 | N25: 255 ESE Level 5 (Grade Level 9-12) | P25: =IF($H$133=1,E25,0) -> 0 | R25: 1 | T25: =ROUND(P25*R25,4) -> 0 | U25: =ROUND(ROUND(ROUND(T25*$C$8,4)*($H$8),2)*(MAX($H$9,1)),2) -> 0
A26: 130 ESOL (Grade Level PK-3) | C26: 0 | D26: 0 | E26: =IF(D$30=0,C26*2,C26+D26) -> 0 | F26: 1.192 | H26: =ROUND(E26*F26,4) -> 0 | I26: =ROUND(ROUND(ROUND(H26*$C$8,4)*($H$8),2)*(MAX($H$9,1)),2) -> 0 | N26: 130 ESOL (Grade Level PK-3) | P26: =IF($H$133=1,E26,0) -> 0 | R26: 1 | T26: =ROUND(P26*R26,4) -> 0 | U26: =ROUND(ROUND(ROUND(T26*$C$8,4)*($H$8),2)*(MAX($H$9,1)),2) -> 0
A27: 130 ESOL (Grade Level 4-8) | C27: 0 | D27: 0 | E27: =IF(D$30=0,C27*2,C27+D27) -> 0 | F27: 1.192 | H27: =ROUND(E27*F27,4) -> 0 | I27: =ROUND(ROUND(ROUND(H27*$C$8,4)*($H$8),2)*(MAX($H$9,1)),2) -> 0 | N27: 130 ESOL (Grade Level 4-8) | P27: =IF($H$133=1,E27,0) -> 0 | R27: 1 | T27: =ROUND(P27*R27,4) -> 0 | U27: =ROUND(ROUND(ROUND(T27*$C$8,4)*($H$8),2)*(MAX($H$9,1)),2) -> 0
A28: 130 ESOL (Grade Level 9-12) | C28: 3.47 | D28: 2.61 | E28: =IF(D$30=0,C28*2,C28+D28) -> 6.08 | F28: 1.192 | H28: =ROUND(E28*F28,4) -> 7.2474 | I28: =ROUND(ROUND(ROUND(H28*$C$8,4)*($H$8),2)*(MAX($H$9,1)),2) -> 40212.08 | N28: 130 ESOL (Grade Level 9-12) | P28: =IF($H$133=1,E28,0) -> 0 | R28: 1 | T28: =ROUND(P28*R28,4) -> 0 | U28: =ROUND(ROUND(ROUND(T28*$C$8,4)*($H$8),2)*(MAX($H$9,1)),2) -> 0
A29: 300 Career Education (Grades 9-12) | C29: 78.71 | D29: 76.48 | E29: =IF(D$30=0,C29*2,C29+D29) -> 155.19 | F29: 1.079 | H29: =ROUND(E29*F29,4) -> 167.45 | I29: =ROUND(ROUND(ROUND(H29*$C$8,4)*($H$8),2)*(MAX($H$9,1)),2) -> 929093.64 | N29: 300 Career Education (Grades 9-12) | P29: =IF($H$133=1,E29,0) -> 0 | R29: 1 | T29: =ROUND(P29*R29,4) -> 0 | U29: =ROUND(ROUND(ROUND(T29*$C$8,4)*($H$8),2)*(MAX($H$9,1)),2) -> 0
A30: Totals | C30: =SUM(C14:C29) -> 350.1 | D30: =SUM(D14:D29) -> 348.45 | E30: =SUM(E14:E29) -> 698.55 | H30: =SUM(H14:H29) -> 700.1573 | I30: =SUM(I14:I29) -> 3884811.6 | N30: Totals | P30: =SUM(P14:P29) -> 0 | T30: =SUM(T14:T29) -> 0 | U30: =SUM(U14:U29) -> 0
A32: Letters in Parentheses Refer to Notes at Bottom of Worksheet
F34: Charter schools should contact their school district sponsor regarding eligible FTE. Please note that “Number of FTE” is NOT equivalent to number of students enrolled in these courses or programs. Please refer to footnote (a) below.
I35: =I10 -> 2024-25 | N35: Letters Refer to Notes At Bottom: | U35: =I35 -> 2024-25
C36: Projected | E36: Total | I36: Base Funding | U36: Base Funding
A37: Additional FTE (a) | C37: FTE | E37: FTE | I37: (WFTE x BSA x CWF x SDF) | N37: Additional FTE (a) | P37: Number of FTE | U37: =I37 -> (WFTE x BSA x CWF x SDF)
A38: Advanced Placement | C38: 0 | D38: 0 | E38: =IF(D$44=0,C38*2,C38+D38) -> 0 | I38: =ROUND(ROUND(ROUND(E38*$C$8,4)*($H$8),2)*(MAX($H$9,1)),2) -> 0 | N38: Advanced Placement | P38: =IF($H$133=1,E38,0) -> 0 | U38: =ROUND(ROUND(ROUND(P38*$C$8,4)*($H$8),2)*(MAX($H$9,1)),2) -> 0
A39: International Baccalaureate | C39: 0 | D39: 0 | E39: =IF(D$44=0,C39*2,C39+D39) -> 0 | I39: =ROUND(ROUND(ROUND(E39*$C$8,4)*($H$8),2)*(MAX($H$9,1)),2) -> 0 | N39: International Baccalaureate | P39: =IF($H$133=1,E39,0) -> 0 | U39: =ROUND(ROUND(ROUND(P39*$C$8,4)*($H$8),2)*(MAX($H$9,1)),2) -> 0
A40: Advanced International Certificate | C40: 0 | D40: 0 | E40: =IF(D$44=0,C40*2,C40+D40) -> 0 | I40: =ROUND(ROUND(ROUND(E40*$C$8,4)*($H$8),2)*(MAX($H$9,1)),2) -> 0 | N40: Advanced International Certificate | P40: =IF($H$133=1,E40,0) -> 0 | U40: =ROUND(ROUND(ROUND(P40*$C$8,4)*($H$8),2)*(MAX($H$9,1)),2) -> 0
A41: Industry Certified Career Education | C41: 0 | D41: 0 | E41: =IF(D$44=0,C41*2,C41+D41) -> 0 | I41: =ROUND(ROUND(ROUND(E41*$C$8,4)*($H$8),2)*(MAX($H$9,1)),2) -> 0 | N41: Industry Certified Career Education | P41: =IF($H$133=1,E41,0) -> 0 | U41: =ROUND(ROUND(ROUND(P41*$C$8,4)*($H$8),2)*(MAX($H$9,1)),2) -> 0
A42: Early High School Graduation | C42: 0 | D42: 0 | E42: =IF(D$44=0,C42*2,C42+D42) -> 0 | I42: =ROUND(ROUND(ROUND(E42*$C$8,4)*($H$8),2)*(MAX($H$9,1)),2) -> 0 | N42: Early High School Graduation | P42: =IF($H$133=1,E42,0) -> 0 | U42: =ROUND(ROUND(ROUND(P42*$C$8,4)*($H$8),2)*(MAX($H$9,1)),2) -> 0
A43: Small District ESE Supplement | C43: 0 | D43: 0 | E43: =IF(D$44=0,C43*2,C43+D43) -> 0 | I43: =ROUND(ROUND(ROUND(E43*$C$8,4)*($H$8),2)*(MAX($H$9,1)),2) -> 0 | N43: Small District ESE Supplement | P43: =IF($H$133=1,E43,0) -> 0 | U43: =ROUND(ROUND(ROUND(P43*$C$8,4)*($H$8),2)*(MAX($H$9,1)),2) -> 0
B44: Total Additional FTE | C44: =SUM(C38:C43) -> 0 | D44: =SUM(D38:D43) -> 0 | E44: =SUM(E38:E43) -> 0 | H44: Additional Base Funds | I44: =SUM(I38:I43) -> 0 | N44: Total Additional FTE | R44: =SUM(P38:R43) -> 0 | S44: Additional Base Funds | U44: =SUM(U38:U43) -> 0
B46: Total Funded Weighted FTE | E46: =H30+E44 -> 700.1573 | H46: Total Base Funding | I46: =SUM(I44,I30) -> 3884811.6 | N46: Total Funded Weighted FTE | R46: =R44+T30 -> 0 | S46: Total Base Funding | U46: =SUM(U44,U30) -> 0
A48: 1B. Classroom Teacher & Other Instructional Personnel Salary Increase | N48: 1B. Classroom Teacher & Other Instructional Personnel Salary Increase
A49: Maintenance and Growth Portions of the Salary Increase funds are part of the total Base Funding and are not treated as a separate allocation. | N49: Maintenance and Growth Portions of the Salary Increase funds are part of the total Base Funding and are not treated as a separate allocation.
A50: Amounts are split out here for informative purposes and for the purposes of providing a total that may be used for calculating the adminstrative fee. | N50: Amounts are split out here for informative purposes and for the purposes of providing a total that may be used for calculating the adminstrative fee.
B51: Maintenance Portion (5.59% of Conference Funding) | E51: (g) (k) | F51: 4348406.3 | G51: x | H51: 0.0559 | I51: =ROUND(F51*H51,2) -> 243075.91 | O51: Maintenance Portion (5.59% of Base Funding) | Q51: (g) (k) | R51: =U30 -> 0 | S51: x | T51: 0.0559 | U51: =ROUND(R51*T51,2) -> 0
B52: Growth Portion (1.07% of Conference Funding) | E52: (g) (k) | F52: 4348406.3 | G52: x | H52: 0.0107 | I52: =ROUND(F52*H52,2) -> 46527.95 | O52: Growth Portion (1.07% of Base Funding) | Q52: (g) (k) | R52: =U30 -> 0 | S52: x | T52: 0.0107 | U52: =ROUND(R52*T52,2) -> 0
B53: Total Salary Increase | I53: =SUM(I51:I52) -> 289603.86 | O53: Total Salary Increase | U53: =SUM(U51:U52) -> 0
C55: Oct 2024 | D55: Feb 2025 | E55: Total | F55: Grade | G55: Matrix | H55: Guarantee | S55: Matrix | T55: Guarantee
A56: 2. ESE Guaranteed Allocation: | C56: FTE | D56: FTE | E56: FTE | F56: Level | G56: Level | H56: Per Student | N56: 2. ESE Guaranteed Allocation: | P56: FTE | R56: Grade Level | S56: Level | T56: Per Student
A57: Additional Funding from the ESE Guaranteed Allocation. Enter the FTE from 111,112 and 113 by grade and matrix level. Students who do not have a matrix level should be considered 251. This total should equal all FTE from programs 111, 112 and 113 above. | C57: 0 | D57: 0 | E57: =IF(D$72=0,C57*2,C57+D57) -> 0 | F57: PK-3 | G57: 251 | H57: 1047 | I57: =ROUND(E57*H57,2) -> 0 | N57: Additional Funding from the ESE Guaranteed Allocation. Enter the FTE from 111,112 and 113 by grade and matrix level. Students who do not have a matrix level should be considered 251. This total should equal all FTE from programs 111, 112 and 113 above. | R57: PK-3 | S57: 251 | T57: =H57 -> 1047 | U57: =ROUND(P57*T57,2) -> 0
C58: 0 | D58: 0 | E58: =IF(D$72=0,C58*2,C58+D58) -> 0 | F58: PK-3 | G58: 252 | H58: 3380 | I58: =ROUND(E58*H58,2) -> 0 | R58: PK-3 | S58: 252 | T58: =H58 -> 3380 | U58: =ROUND(P58*T58,2) -> 0
C59: 0 | D59: 0 | E59: =IF(D$72=0,C59*2,C59+D59) -> 0 | F59: PK-3 | G59: 253 | H59: 6896 | I59: =ROUND(E59*H59,2) -> 0 | R59: PK-3 | S59: 253 | T59: =H59 -> 6896 | U59: =ROUND(P59*T59,2) -> 0
C60: 0 | D60: 0 | E60: =IF(D$72=0,C60*2,C60+D60) -> 0 | F60: 4-8 | G60: 251 | H60: 1173 | I60: =ROUND(E60*H60,2) -> 0 | R60: 4-8 | S60: 251 | T60: =H60 -> 1173 | U60: =ROUND(P60*T60,2) -> 0
C61: 0 | D61: 0 | E61: =IF(D$72=0,C61*2,C61+D61) -> 0 | F61: 4-8 | G61: 252 | H61: 3506 | I61: =ROUND(E61*H61,2) -> 0 | R61: 4-8 | S61: 252 | T61: =H61 -> 3506 | U61: =ROUND(P61*T61,2) -> 0
C62: 0 | D62: 0 | E62: =IF(D$72=0,C62*2,C62+D62) -> 0 | F62: 4-8 | G62: 253 | H62: 7023 | I62: =ROUND(E62*H62,2) -> 0 | R62: 4-8 | S62: 253 | T62: =H62 -> 7023 | U62: =ROUND(P62*T62,2) -> 0
C63: 37.82 | D63: 37.79 | E63: =IF(D$66=0,C63*2,C63+D63) -> 75.61 | F63: 9-12 | G63: 251 | H63: 835 | I63: =ROUND(E63*H63,2) -> 63134.35 | R63: 9-12 | S63: 251 | T63: =H63 -> 835 | U63: =ROUND(P63*T63,2) -> 0
C64: 2.9 | D64: 2.9 | E64: =IF(D$66=0,C64*2,C64+D64) -> 5.8 | F64: 9-12 | G64: 252 | H64: 3168 | I64: =ROUND(E64*H64,2) -> 18374.4 | R64: 9-12 | S64: 252 | T64: =H64 -> 3168 | U64: =ROUND(P64*T64,2) -> 0
C65: 0 | D65: 0 | E65: =IF(D$66=0,C65*2,C65+D65) -> 0 | F65: 9-12 | G65: 253 | H65: 6685 | I65: =ROUND(E65*H65,2) -> 0 | R65: 9-12 | S65: 253 | T65: =H65 -> 6685 | U65: =ROUND(P65*T65,2) -> 0
C66: =SUM(C57:C65) -> 40.72 | D66: =SUM(D57:D65) -> 40.69 | E66: =SUM(E57:E65) -> 81.41 | F66: Total ESE Guarantee | I66: =SUM(I57:I65) -> 81508.75 | P66: =SUM(P57:P65) -> 0 | R66: Total ESE Guarantee | U66: =SUM(U57:U65) -> 0
A68: 3A. Divide school's Unweighted FTE (UFTE) total computed in Section 1, cell E30 above by the district's total UFTE to obtain school's | N68: 3A. Divide school's Unweighted FTE (UFTE) total computed in Section 1, cell E30 above by the District's total UFTE to obtain
A69: UFTE share. CS UFTE: | C69: =E30 -> 698.55 | D69: ÷ District's total UFTE | H69: 210166.87 | N69: school's UFTE share. CS UFTE: | P69: =P30 -> 0 | Q69: / District's total UFTE: | T69: =H69 -> 210166.87
G70: = | H70: =ROUND(C69/H69,6) -> 0.003324 | T70: =ROUND(P69/T69,6) -> 0
A71: 3B. Divide school's Weighted FTE (WFTE) total computed in Section 1, cell H30 above by the district's total WFTE to obtain school's | N71: 3B. Divide school's Weighted FTE (WFTE) total computed in Section 1, cell H30 above by the District's total WFTE to obtain
A72: WFTE share. CS WFTE: | C72: =H30 -> 700.1573 | D72: ÷ District's total WFTE | H72: 237198.6 | N72: school's WFTE share. CS WFTE: | P72: =T30 -> 0 | Q72: / District's total WFTE: | T72: =H72 -> 237198.6
G73: = | H73: =ROUND(C72/H72,6) -> 0.002952 | T73: =ROUND(P72/T72,6) -> 0
A74: 3C. Divide school's Unweighted FTE (UFTE) total computed in Section 1, cell E30 above by the District's total non-scholarship UFTE to obtain school's | N74: 3C. Divide school's Unweighted FTE (UFTE) total computed in Section 1, cell E30 above by the District's total non-scholarship UFTE to obtain
A75: UFTE share. CS UFTE: | C75: =E30 -> 698.55 | D75: ÷ District's total non-scholarship UFTE | H75: 185588.37 | N75: school's UFTE share. CS UFTE: | P75: =P30 -> 0 | Q75: / District's total non-scholarship UFTE: | T75: =H75 -> 185588.37
G76: = | H76: =ROUND(C75/H75,6) -> 0.003764 | T76: =ROUND(P75/T75,6) -> 0
A77: 3D. Divide school's Unweighted FTE (UFTE) total computed in Section 1, cell E30 above by the District's total non-virtual UFTE to obtain school's | N77: 3D. Divide school's Unweighted FTE (UFTE) total computed in Section 1, cell E30 above by the District's total non-virtual UFTE to obtain
A78: UFTE share. CS UFTE: | C78: =E30 -> 698.55 | D78: ÷ District's total non-virtual UFTE | H78: 209834.86 | N78: school's UFTE share. CS UFTE: | P78: =P30 -> 0 | Q78: / by district's total non-virtual UFTE: | T78: =H78 -> 209834.86
G79: = | H79: =ROUND(C78/H78,6) -> 0.003329 | T79: =ROUND(P78/T78,6) -> 0
A80: 3E. Divide school's Unweighted FTE (UFTE) total computed in Section 1, cell E30 above by the district's total non-scholarship/virtual UFTE to obtain | N80: 3E. Divide school's Unweighted FTE (UFTE) total computed in Section 1, cell E30 above by the District's total non-scholarship/virtual UFTE to
A81: school's UFTE share. CS UFTE: | C81: =E30 -> 698.55 | D81: ÷ Dististict's total non-scholarship/virtual UFTE | H81: 185256.36 | N81: obtain school's UFTE share. CS UFTE: | P81: =P30 -> 0 | Q81: / Dist total non-scholarship/virtual UFTE: | T81: =H81 -> 185256.36
G82: = | H82: =ROUND(C81/H81,6) -> 0.003771 | T82: =ROUND(P81/T81,6) -> 0
A85: 4. Educational Enrichment Share (Non-virtual UFTE share) | E85: (e) | F85: 46151079 | G85: x | H85: =H79 -> 0.003329 | I85: =ROUND(F85*H85,2) -> 153636.94 | N85: 4. Educational Enrichment Share (Non-virtual UFTE share) | R85: =F85 -> 46151079 | S85: x | T85: =T79 -> 0 | U85: =ROUND(R85*T85,2) -> 0
A87: 5. Discretionary Millage Compression Allocation | N87: 5. Discretionary Millage Compression Allocation (UFTE share)
A88: .748 Mills (UFTE share) | E88: (b) | F88: 0 | G88: x | H88: =H70 -> 0.003324 | I88: =ROUND(F88*H88,2) -> 0 | N88: .748 Mills (UFTE share) | R88: =F88 -> 0 | S88: x | T88: =T70 -> 0 | U88: =ROUND(R88*T88,2) -> 0
A90: 6. Safe Schools Allocation (Non-scholarship/virtual UFTE share) | E90: (f) | F90: 19094340 | G90: x | H90: =H82 -> 0.003771 | I90: =ROUND(F90*H90,2) -> 72004.76 | N90: 6. Safe Schools Allocation (Non-scholarship/virtual UFTE share) | R90: =F90 -> 19094340 | S90: x | T90: =T82 -> 0 | U90: =ROUND(R90*T90,2) -> 0
A92: 7. Mental Health Assistance Allocation (Non-scholarship UFTE share) | E92: (b) | F92: 11461928 | G92: x | H92: =H76 -> 0.003764 | I92: =ROUND(F92*H92,2) -> 43142.7 | N92: 7. Mental Health Assistance Allocation (Non-scholarship UFTE share) | R92: =F92 -> 11461928 | S92: x | T92: =T76 -> 0 | U92: =ROUND(R92*T92,2) -> 0
A94: 8. Discretionary Local Effort (WFTE share) | E94: (c) | F94: 255756816 | G94: x | H94: =H73 -> 0.002952 | I94: =ROUND(F94*H94,2) -> 754994.12 | N94: 8. Discretionary Local Effort (WFTE share) | R94: =F94 -> 255756816 | S94: x | T94: =T73 -> 0 | U94: =ROUND(R94*T94,2) -> 0
A96: 9. Proration to Funds Available (WFTE share) | E96: (c) | F96: -16705366 | G96: x | H96: =H73 -> 0.002952 | I96: =ROUND(F96*H96,2) -> -49314.24 | N96: 9. Proration to Funds Available (WFTE share) | R96: =F96 -> -16705366 | S96: x | T96: =T73 -> 0 | U96: =ROUND(R96*T96,2) -> 0
A98: 10. Educational Enrollment Stabilization Program (UFTE Share) | E98: (b) | F98: 203862 | G98: x | H98: =H70 -> 0.003324 | I98: =ROUND(F98*H98,2) -> 677.64 | N98: 10. Educational Enrollment Stabilization Program (UFTE Share) | R98: =F98 -> 203862 | S98: x | T98: =T70 -> 0 | U98: =ROUND(R98*T98,2) -> 0
A101: 11. Class Size Reduction Funds: | N101: 11. Class Size Reduction Funds:
C102: Weighted FTE | F102: Allocation
C103: (not including Add-On) | E103: X CWF X | F103: Factors | N103: Weighted FTE (not including Add-On) | P103: X CWF X | R103: Allocation factors
B104: PK - 3 | C104: =H14+H15+H20+H23+H26 -> 0 | E104: =H8 -> 1.0408 | F104: 950.92 | G104: = | H104: =ROUND(C104*E104*F104,2) -> 0 | N104: PK - 3 | O104: =T14+T15+T20+T23+T26 -> 0 | P104: =T8 -> 1.0408 | R104: =F104 -> 950.92 | S104: = | T104: =ROUND(O104*P104*R104,2) -> 0
B105: 4-8 | C105: =H16+H17+H21+H24+H27 -> 0 | E105: =H8 -> 1.0408 | F105: 907.92 | G105: = | H105: =ROUND(C105*E105*F105,2) -> 0 | N105: 4-8 | O105: =T16+T17+T21+T24+T27 -> 0 | P105: =T8 -> 1.0408 | R105: =F105 -> 907.92 | S105: = | T105: =ROUND(O105*P105*R105,2) -> 0
B106: 9-12 | C106: =H18+H19+H22+H25+H28+H29 -> 700.1573 | E106: =H8 -> 1.0408 | F106: 910.12 | G106: = | H106: =ROUND(C106*E106*F106,2) -> 663226.03 | N106: 9-12 | O106: =T18+T19+T22+T25+T28+T29 -> 0 | P106: =T8 -> 1.0408 | R106: =F106 -> 910.12 | S106: = | T106: =ROUND(O106*P106*R106,2) -> 0
B107: Total * | C107: =SUM(C104:C106) -> 700.1573 | H107: Total Class Size Reduction Funds | I107: =IF(A1=75,0,H106+H105+H104) -> 663226.03 | N107: Total * | O107: =SUM(O104:O106) -> 0 | P107: Total Class Size Reduction Funds | U107: =IF(N1=75,0,T106+T105+T104) -> 0
A108: (*Total FTE should equal total in Section 1, column (4) and should not include any additional FTE from Section 1.) | N108: (*Total FTE should equal total in Section 1, column (4) and should not include any additional FTE from Section 1.)
A110: 12. Student Transportation | E110: (h) | N110: 12. Student Transportation
C111: Oct 2024 | D111: Feb 2025 | E111: Average
C112: FTE | D112: FTE | E112: FTE
A113: All Adjusted Fundable Riders | C113: 380 | D113: 359 | E113: =(D113+C113)/2 -> 369.5 | F113: x | G113: 584 | I113: =ROUND(G113*E113,2) -> 215788 | N113: Enter All Adjusted Fundable Riders | P113: =IF(H133=1,E113,0) -> 0 | S113: x | T113: =G113 -> 584 | U113: =ROUND(T113*P113,2) -> 0
A114: All Adjusted ESE Riders (Member Cat L) | C114: 0 | D114: 0 | E114: =(C114+D114)/2 -> 0 | F114: x | G114: 1838 | I114: =ROUND(G114*E114,2) -> 0 | N114: Enter All Adjusted ESE Riders | S114: x | T114: =G114 -> 1838 | U114: =ROUND(T114*P114,2) -> 0
A117: 13. Federally Connected Student Supplement | E117: (i) | N117: 13. Federally Connected Student Supplement (i)
C118: Number of Students | H118: Impact Aide
C119: Oct 2018 | D119: Feb 2018 | E119: Total | F119: Exempt Property | H119: Student
A120: Impact Aid Student Type | C120: FTE | D120: FTE | E120: FTE | F120: Allocation | H120: Allocation | I120: Total | N120: Impact Aide Student Type | P120: Number of Students | R120: Exempt Property Allocation | T120: Impact Aide Student Allocation | U120: Total
A121: Military and Indian Lands | C121: 0 | D121: 0 | E121: =IF(D30=0,C121*2,C121+D121) -> 0 | F121: 0 | H121: =IF(C121=0,0,125) -> 0 | I121: =ROUND((H121+F121)*E121,2) -> 0 | N121: Military and Indian Lands | P121: =IF(H$133=1,C121,0) -> 0 | R121: =F121 -> 0 | T121: =H121 -> 0 | U121: =ROUND((T121+R121)*P121,0) -> 0
...

Sheet 1571
A1: 50 | B1: (Insert district number in cell A1, enter, then strike F9. Your district data then pulls from Calculation Detail Sheets) | N1: =A1 -> 50 | O1: (Insert district number in cell A1, enter, then strike F9. Your district data then pulls from Calculation Detail Sheets)
A2: Revenue Estimate Worksheet: South Tech Charter Academy - 1571 | N2: Revenue Estimate Worksheet for___________Charter School
A3: ='1461'!A3 -> Based on the FLDOE 2024-25 Final Revenue Calculation Worksheet | N3: =A3 -> Based on the FLDOE 2024-25 Final Revenue Calculation Worksheet
A4: School District: | C4: Palm Beach | F4: ='1461'!F4 -> FY 25 Final Payment | N4: School District: | P4: =C4 -> Palm Beach
A7: 1A. 2023-24 FEFP State and Local Funding | N7: =A7 -> 1A. 2023-24 FEFP State and Local Funding
B8: Base Student Allocation: | C8: ='1461'!C8 -> 5330.98 | G8: Comparable Wage Factor: | H8: ='1461'!H8 -> 1.0408 | N8: Base Student Allocation | P8: =C8 -> 5330.98 | R8: Comparable Wage Factor: | T8: =H8 -> 1.0408
G9: Small District Factor: | H9: ='1461'!H9 -> 1 | R9: Small District Factor: | T9: =H9 -> 1
C10: ='1461'!C10 | D10: ='1461'!D10 | I10: ='1461'!I10 -> 2024-25 | U10: =I10 -> 2024-25
C11: ='1461'!C11 -> Oct 2024 | D11: ='1461'!D11 -> Feb 2025 | E11: Total | F11: Program | H11: Weighted FTE | I11: Base Funding | R11: Program | T11: Weighted FTE | U11: Base Funding
A12: Program | C12: ='1461'!C12 -> FTE | D12: ='1461'!D12 -> FTE | E12: FTE | F12: Cost Factor | H12: (2) x (3) | I12: (WFTE x BSA x CWF x SDF) | N12: Program | P12: Number of FTE | R12: Cost Factor | T12: (2) x (3) | U12: =I12 -> (WFTE x BSA x CWF x SDF)
A13: (1) | E13: (2) | F13: (3) | H13: (4) | I13: (5) | N13: (1) | P13: (2) | R13: (3) | T13: (4) | U13: (5)
A14: 101 Basic K-3 | C14: 0 | D14: 0 | E14: =IF(D$30=0,C14*2,C14+D14) -> 0 | F14: ='1461'!F14:G14 -> 1.118 | H14: =ROUND(E14*F14,4) -> 0 | I14: =ROUND(ROUND(ROUND(H14*$C$8,4)*($H$8),2)*(MAX($H$9,1)),2) -> 0 | N14: 101 Basic K-3 | P14: =IF($H$133=1,E14,0) -> 0 | R14: 1 | T14: =ROUND(P14*R14,4) -> 0 | U14: =ROUND(ROUND(ROUND(T14*$C$8,4)*($H$8),2)*(MAX($H$9,1)),2) -> 0
A15: 111 Basic K-3 with ESE Services | C15: 0 | D15: 0 | E15: =IF(D$30=0,C15*2,C15+D15) -> 0 | F15: ='1461'!F15:G15 -> 1.118 | H15: =ROUND(E15*F15,4) -> 0 | I15: =ROUND(ROUND(ROUND(H15*$C$8,4)*($H$8),2)*(MAX($H$9,1)),2) -> 0 | J15: =IF(ROUND(E15,2)=ROUND(SUM(E57:E59),2)," ","CHECK PK-3 LINES BELOW") | N15: 111 Basic K-3 with ESE Services | P15: =IF($H$133=1,E15,0) -> 0 | R15: 1 | T15: =ROUND(P15*R15,4) -> 0 | U15: =ROUND(ROUND(ROUND(T15*$C$8,4)*($H$8),2)*(MAX($H$9,1)),2) -> 0
A16: 102 Basic 4-8 | C16: 0 | D16: 0 | E16: =IF(D$30=0,C16*2,C16+D16) -> 0 | F16: ='1461'!F16:G16 -> 1 | H16: =ROUND(E16*F16,4) -> 0 | I16: =ROUND(ROUND(ROUND(H16*$C$8,4)*($H$8),2)*(MAX($H$9,1)),2) -> 0 | N16: 102 Basic 4-8 | P16: =IF($H$133=1,E16,0) -> 0 | R16: 1 | T16: =ROUND(P16*R16,4) -> 0 | U16: =ROUND(ROUND(ROUND(T16*$C$8,4)*($H$8),2)*(MAX($H$9,1)),2) -> 0
A17: 112 Basic 4-8 with ESE Services | C17: 0 | D17: 0 | E17: =IF(D$30=0,C17*2,C17+D17) -> 0 | F17: ='1461'!F17:G17 -> 1 | H17: =ROUND(E17*F17,4) -> 0 | I17: =ROUND(ROUND(ROUND(H17*$C$8,4)*($H$8),2)*(MAX($H$9,1)),2) -> 0 | J17: =IF(ROUND(E17,2)=ROUND(SUM(E60:E62),2)," ","CHECK 4-8 LINES BELOW") | N17: 112 Basic 4-8 with ESE Services | P17: =IF($H$133=1,E17,0) -> 0 | R17: 1 | T17: =ROUND(P17*R17,4) -> 0 | U17: =ROUND(ROUND(ROUND(T17*$C$8,4)*($H$8),2)*(MAX($H$9,1)),2) -> 0
A18: 103 Basic 9-12 | C18: 301.42 | D18: 287.95 | E18: =IF(D$30=0,C18*2,C18+D18) -> 589.37 | F18: ='1461'!F18:G18 -> 0.978 | H18: =ROUND(E18*F18,4) -> 576.4039 | I18: =ROUND(ROUND(ROUND(H18*$C$8,4)*($H$8),2)*(MAX($H$9,1)),2) -> 3198167.8 | N18: 103 Basic 9-12 | P18: =IF($H$133=1,E18,0) -> 0 | R18: 1 | T18: =ROUND(P18*R18,4) -> 0 | U18: =ROUND(ROUND(ROUND(T18*$C$8,4)*($H$8),2)*(MAX($H$9,1)),2) -> 0
A19: 113 Basic 9-12 with ESE Services | C19: 131.08 | D19: 126.49 | E19: =IF(D$30=0,C19*2,C19+D19) -> 257.57 | F19: ='1461'!F19:G19 -> 0.978 | H19: =ROUND(E19*F19,4) -> 251.9035 | I19: =ROUND(ROUND(ROUND(H19*$C$8,4)*($H$8),2)*(MAX($H$9,1)),2) -> 1397682.5 | J19: =IF(ROUND(E19,2)=ROUND(SUM(E63:E65),2)," ","CHECK 4-8 LINES BELOW") | N19: 113 Basic 9-12 with ESE Services | P19: =IF($H$133=1,E19,0) -> 0 | R19: 1 | T19: =ROUND(P19*R19,4) -> 0 | U19: =ROUND(ROUND(ROUND(T19*$C$8,4)*($H$8),2)*(MAX($H$9,1)),2) -> 0
A20: 254 ESE Level 4 (Grade Level PK-3) | C20: 0 | D20: 0 | E20: =IF(D$30=0,C20*2,C20+D20) -> 0 | F20: ='1461'!F20:G20 -> 3.697 | H20: =ROUND(E20*F20,4) -> 0 | I20: =ROUND(ROUND(ROUND(H20*$C$8,4)*($H$8),2)*(MAX($H$9,1)),2) -> 0 | N20: 254 ESE Level 4 (Grade Level PK-3) | P20: =IF($H$133=1,E20,0) -> 0 | R20: 1 | T20: =ROUND(P20*R20,4) -> 0 | U20: =ROUND(ROUND(ROUND(T20*$C$8,4)*($H$8),2)*(MAX($H$9,1)),2) -> 0
A21: 254 ESE Level 4 (Grade Level 4-8) | C21: 0 | D21: 0 | E21: =IF(D$30=0,C21*2,C21+D21) -> 0 | F21: ='1461'!F21:G21 -> 3.697 | H21: =ROUND(E21*F21,4) -> 0 | I21: =ROUND(ROUND(ROUND(H21*$C$8,4)*($H$8),2)*(MAX($H$9,1)),2) -> 0 | N21: 254 ESE Level 4 (Grade Level 4-8) | P21: =IF($H$133=1,E21,0) -> 0 | R21: 1 | T21: =ROUND(P21*R21,4) -> 0 | U21: =ROUND(ROUND(ROUND(T21*$C$8,4)*($H$8),2)*(MAX($H$9,1)),2) -> 0
A22: 254 ESE Level 4 (Grade Level 9-12) | C22: 0 | D22: 0 | E22: =IF(D$30=0,C22*2,C22+D22) -> 0 | F22: ='1461'!F22:G22 -> 3.697 | H22: =ROUND(E22*F22,4) -> 0 | I22: =ROUND(ROUND(ROUND(H22*$C$8,4)*($H$8),2)*(MAX($H$9,1)),2) -> 0 | N22: 254 ESE Level 4 (Grade Level 9-12) | P22: =IF($H$133=1,E22,0) -> 0 | R22: 1 | T22: =ROUND(P22*R22,4) -> 0 | U22: =ROUND(ROUND(ROUND(T22*$C$8,4)*($H$8),2)*(MAX($H$9,1)),2) -> 0
A23: 255 ESE Level 5 (Grade Level PK-3) | C23: 0 | D23: 0 | E23: =IF(D$30=0,C23*2,C23+D23) -> 0 | F23: ='1461'!F23:G23 -> 5.992 | H23: =ROUND(E23*F23,4) -> 0 | I23: =ROUND(ROUND(ROUND(H23*$C$8,4)*($H$8),2)*(MAX($H$9,1)),2) -> 0 | N23: 255 ESE Level 5 (Grade Level PK-3) | P23: =IF($H$133=1,E23,0) -> 0 | R23: 1 | T23: =ROUND(P23*R23,4) -> 0 | U23: =ROUND(ROUND(ROUND(T23*$C$8,4)*($H$8),2)*(MAX($H$9,1)),2) -> 0
A24: 255 ESE Level 5 (Grade Level 4-8) | C24: 0 | D24: 0 | E24: =IF(D$30=0,C24*2,C24+D24) -> 0 | F24: ='1461'!F24:G24 -> 5.992 | H24: =ROUND(E24*F24,4) -> 0 | I24: =ROUND(ROUND(ROUND(H24*$C$8,4)*($H$8),2)*(MAX($H$9,1)),2) -> 0 | N24: 255 ESE Level 5 (Grade Level 4-8) | P24: =IF($H$133=1,E24,0) -> 0 | R24: 1 | T24: =ROUND(P24*R24,4) -> 0 | U24: =ROUND(ROUND(ROUND(T24*$C$8,4)*($H$8),2)*(MAX($H$9,1)),2) -> 0
A25: 255 ESE Level 5 (Grade Level 9-12) | C25: 0 | D25: 0 | E25: =IF(D$30=0,C25*2,C25+D25) -> 0 | F25: ='1461'!F25:G25 -> 5.992 | H25: =ROUND(E25*F25,4) -> 0 | I25: =ROUND(ROUND(ROUND(H25*$C$8,4)*($H$8),2)*(MAX($H$9,1)),2) -> 0 | N25: 255 ESE Level 5 (Grade Level 9-12) | P25: =IF($H$133=1,E25,0) -> 0 | R25: 1 | T25: =ROUND(P25*R25,4) -> 0 | U25: =ROUND(ROUND(ROUND(T25*$C$8,4)*($H$8),2)*(MAX($H$9,1)),2) -> 0
A26: 130 ESOL (Grade Level PK-3) | C26: 0 | D26: 0 | E26: =IF(D$30=0,C26*2,C26+D26) -> 0 | F26: ='1461'!F26:G26 -> 1.192 | H26: =ROUND(E26*F26,4) -> 0 | I26: =ROUND(ROUND(ROUND(H26*$C$8,4)*($H$8),2)*(MAX($H$9,1)),2) -> 0 | N26: 130 ESOL (Grade Level PK-3) | P26: =IF($H$133=1,E26,0) -> 0 | R26: 1 | T26: =ROUND(P26*R26,4) -> 0 | U26: =ROUND(ROUND(ROUND(T26*$C$8,4)*($H$8),2)*(MAX($H$9,1)),2) -> 0
A27: 130 ESOL (Grade Level 4-8) | C27: 0 | D27: 0 | E27: =IF(D$30=0,C27*2,C27+D27) -> 0 | F27: ='1461'!F27:G27 -> 1.192 | H27: =ROUND(E27*F27,4) -> 0 | I27: =ROUND(ROUND(ROUND(H27*$C$8,4)*($H$8),2)*(MAX($H$9,1)),2) -> 0 | N27: 130 ESOL (Grade Level 4-8) | P27: =IF($H$133=1,E27,0) -> 0 | R27: 1 | T27: =ROUND(P27*R27,4) -> 0 | U27: =ROUND(ROUND(ROUND(T27*$C$8,4)*($H$8),2)*(MAX($H$9,1)),2) -> 0
A28: 130 ESOL (Grade Level 9-12) | C28: 2.36 | D28: 1.34 | E28: =IF(D$30=0,C28*2,C28+D28) -> 3.7 | F28: ='1461'!F28:G28 -> 1.192 | H28: =ROUND(E28*F28,4) -> 4.4104 | I28: =ROUND(ROUND(ROUND(H28*$C$8,4)*($H$8),2)*(MAX($H$9,1)),2) -> 24471.03 | N28: 130 ESOL (Grade Level 9-12) | P28: =IF($H$133=1,E28,0) -> 0 | R28: 1 | T28: =ROUND(P28*R28,4) -> 0 | U28: =ROUND(ROUND(ROUND(T28*$C$8,4)*($H$8),2)*(MAX($H$9,1)),2) -> 0
A29: 300 Career Education (Grades 9-12) | C29: 120.66 | D29: 125.93 | E29: =IF(D$30=0,C29*2,C29+D29) -> 246.59 | F29: ='1461'!F29:G29 -> 1.079 | H29: =ROUND(E29*F29,4) -> 266.0706 | I29: =ROUND(ROUND(ROUND(H29*$C$8,4)*($H$8),2)*(MAX($H$9,1)),2) -> 1476288.5 | N29: 300 Career Education (Grades 9-12) | P29: =IF($H$133=1,E29,0) -> 0 | R29: 1 | T29: =ROUND(P29*R29,4) -> 0 | U29: =ROUND(ROUND(ROUND(T29*$C$8,4)*($H$8),2)*(MAX($H$9,1)),2) -> 0
A30: Totals | C30: =SUM(C14:C29) -> 555.52 | D30: =SUM(D14:D29) -> 541.71 | E30: =SUM(E14:E29) -> 1097.23 | H30: =SUM(H14:H29) -> 1098.7884 | I30: =SUM(I14:I29) -> 6096609.8 | N30: Totals | P30: =SUM(P14:P29) -> 0 | T30: =SUM(T14:T29) -> 0 | U30: =SUM(U14:U29) -> 0
A32: Letters in Parentheses Refer to Notes at Bottom of Worksheet:
F34: Charter schools should contact their school district sponsor regarding eligible FTE. Please note that “Number of FTE” is NOT equivalent to number of students enrolled in these courses or programs. Please refer to footnote (a) below.
I35: 2015-16 | N35: Letters Refer to Notes At Bottom: | U35: =I35 -> 2015-16
C36: Oct 2014 | D36: Feb 2015 | E36: Total | I36: Base Funding | U36: Base Funding
A37: Additional FTE (a) | C37: FTE | D37: FTE | E37: FTE | I37: (WFTE x BSA x CWF x SDF) | N37: Additional FTE (a) | P37: Number of FTE | U37: =I37 -> (WFTE x BSA x CWF x SDF)
A38: Advanced Placement | C38: 0 | D38: 0 | E38: =IF(D$44=0,C38*2,C38+D38) -> 0 | I38: =ROUND(ROUND(ROUND(E38*$C$8,4)*($H$8),2)*(MAX($H$9,1)),2) -> 0 | N38: Advanced Placement | P38: =IF($H$133=1,E38,0) -> 0 | U38: =ROUND(ROUND(ROUND(P38*$C$8,4)*($H$8),2)*(MAX($H$9,1)),2) -> 0
A39: International Baccalaureate | C39: 0 | D39: 0 | E39: =IF(D$44=0,C39*2,C39+D39) -> 0 | I39: =ROUND(ROUND(ROUND(E39*$C$8,4)*($H$8),2)*(MAX($H$9,1)),2) -> 0 | N39: International Baccalaureate | P39: =IF($H$133=1,E39,0) -> 0 | U39: =ROUND(ROUND(ROUND(P39*$C$8,4)*($H$8),2)*(MAX($H$9,1)),2) -> 0
A40: Advanced International Certificate | C40: 0 | D40: 0 | E40: =IF(D$44=0,C40*2,C40+D40) -> 0 | I40: =ROUND(ROUND(ROUND(E40*$C$8,4)*($H$8),2)*(MAX($H$9,1)),2) -> 0 | N40: Advanced International Certificate | P40: =IF($H$133=1,E40,0) -> 0 | U40: =ROUND(ROUND(ROUND(P40*$C$8,4)*($H$8),2)*(MAX($H$9,1)),2) -> 0
A41: Industry Certified Career Education | C41: 0 | D41: 0 | E41: =IF(D$44=0,C41*2,C41+D41) -> 0 | I41: =ROUND(ROUND(ROUND(E41*$C$8,4)*($H$8),2)*(MAX($H$9,1)),2) -> 0 | N41: Industry Certified Career Education | P41: =IF($H$133=1,E41,0) -> 0 | U41: =ROUND(ROUND(ROUND(P41*$C$8,4)*($H$8),2)*(MAX($H$9,1)),2) -> 0
A42: Early High School Graduation | C42: 0 | D42: 0 | E42: =IF(D$44=0,C42*2,C42+D42) -> 0 | I42: =ROUND(ROUND(ROUND(E42*$C$8,4)*($H$8),2)*(MAX($H$9,1)),2) -> 0 | N42: Early High School Graduation | P42: =IF($H$133=1,E42,0) -> 0 | U42: =ROUND(ROUND(ROUND(P42*$C$8,4)*($H$8),2)*(MAX($H$9,1)),2) -> 0
A43: Small District ESE Supplement | C43: 0 | D43: 0 | E43: =IF(D$44=0,C43*2,C43+D43) -> 0 | I43: =ROUND(ROUND(ROUND(E43*$C$8,4)*($H$8),2)*(MAX($H$9,1)),2) -> 0 | N43: Small District ESE Supplement | P43: =IF($H$133=1,E43,0) -> 0 | U43: =ROUND(ROUND(ROUND(P43*$C$8,4)*($H$8),2)*(MAX($H$9,1)),2) -> 0
B44: Total Additional FTE | C44: =SUM(C38:C43) -> 0 | D44: =SUM(D38:D43) -> 0 | E44: =SUM(E38:E43) -> 0 | H44: Additional Base Funds | I44: =SUM(I38:I43) -> 0 | N44: Total Additional FTE | R44: =SUM(P38:R43) -> 0 | S44: Additional Base Funds | U44: =SUM(U38:U43) -> 0
B46: Total Funded Weighted FTE | E46: =H30+E44 -> 1098.7884 | H46: Total Base Funding | I46: =SUM(I44,I30) -> 6096609.8 | N46: Total Funded Weighted FTE | R46: =R44+T30 -> 0 | S46: Total Base Funding | U46: =SUM(U44,U30) -> 0
A48: 1B. Classroom Teacher & Other Instructional Personnel Salary Increase | N48: 1B. Classroom Teacher & Other Instructional Personnel Salary Increase
A49: Maintenance and Growth Portions of the Salary Increase funds are part of the total Base Funding and are not treated as a separate allocation. | N49: Maintenance and Growth Portions of the Salary Increase funds are part of the total Base Funding and are not treated as a separate allocation.
A50: Amounts are split out here for informative purposes and for the purposes of providing a total that may be used for calculating the adminstrative fee. | N50: Amounts are split out here for informative purposes and for the purposes of providing a total that may be used for calculating the adminstrative fee.
B51: Maintenance Portion (5.59% of Conference Funding) | E51: (g) (k) | F51: 5835656.9 | G51: x | H51: 0.0559 | I51: =ROUND(F51*H51,2) -> 326213.22 | O51: Maintenance Portion (5.59% of Base Funding) | Q51: (g) (k) | R51: =U30 -> 0 | S51: x | T51: 0.0559 | U51: =ROUND(R51*T51,2) -> 0
B52: Growth Portion (1.07% of Conference Funding) | E52: (g) (k) | F52: 5835656.9 | G52: x | H52: 0.0107 | I52: =ROUND(F52*H52,2) -> 62441.53 | O52: Growth Portion (1.07% of Base Funding) | Q52: (g) (k) | R52: =U30 -> 0 | S52: x | T52: 0.0107 | U52: =ROUND(R52*T52,2) -> 0
B53: Total Salary Increase | I53: =SUM(I51:I52) -> 388654.75 | O53: Total Salary Increase | U53: =SUM(U51:U52) -> 0
C54: ='1461'!C54 | D54: ='1461'!D54 | P54: ='1461'!P54 | Q54: ='1461'!Q54
C55: ='1461'!C55 -> Oct 2024 | D55: ='1461'!D55 -> Feb 2025 | E55: Total | F55: Grade | G55: Matrix | H55: Guarantee | S55: Matrix | T55: Guarantee
A56: 2. ESE Guaranteed Allocation: | C56: ='1461'!C56 -> FTE | D56: ='1461'!D56 -> FTE | E56: FTE | F56: Level | G56: Level | H56: Per Student | N56: 2. ESE Guaranteed Allocation: | P56: FTE | R56: Grade Level | S56: Level | T56: Per Student
A57: Additional Funding from the ESE Guaranteed Allocation. Enter the FTE from 111,112 and 113 by grade and matrix level. Students who do not have a matrix level should be considered 251. This total should equal all FTE from programs 111, 112 and 113 above. | C57: 0 | D57: 0 | E57: =IF(D$72=0,C57*2,C57+D57) -> 0 | F57: PK-3 | G57: 251 | H57: ='1461'!H57 -> 1047 | I57: =ROUND(E57*H57,2) -> 0 | N57: Additional Funding from the ESE Guaranteed Allocation. Enter the FTE from 111,112 and 113 by grade and matrix level. Students who do not have a matrix level should be considered 251. This total should equal all FTE from programs 111, 112 and 113 above. | R57: PK-3 | S57: 251 | T57: =H57 -> 1047 | U57: =ROUND(P57*T57,2) -> 0
C58: 0 | D58: 0 | E58: =IF(D$72=0,C58*2,C58+D58) -> 0 | F58: PK-3 | G58: 252 | H58: ='1461'!H58 -> 3380 | I58: =ROUND(E58*H58,2) -> 0 | R58: PK-3 | S58: 252 | T58: =H58 -> 3380 | U58: =ROUND(P58*T58,2) -> 0
C59: 0 | D59: 0 | E59: =IF(D$72=0,C59*2,C59+D59) -> 0 | F59: PK-3 | G59: 253 | H59: ='1461'!H59 -> 6896 | I59: =ROUND(E59*H59,2) -> 0 | R59: PK-3 | S59: 253 | T59: =H59 -> 6896 | U59: =ROUND(P59*T59,2) -> 0
C60: 0 | D60: 0 | E60: =IF(D$72=0,C60*2,C60+D60) -> 0 | F60: 4-8 | G60: 251 | H60: ='1461'!H60 -> 1173 | I60: =ROUND(E60*H60,2) -> 0 | R60: 4-8 | S60: 251 | T60: =H60 -> 1173 | U60: =ROUND(P60*T60,2) -> 0
C61: 0 | D61: 0 | E61: =IF(D$72=0,C61*2,C61+D61) -> 0 | F61: 4-8 | G61: 252 | H61: ='1461'!H61 -> 3506 | I61: =ROUND(E61*H61,2) -> 0 | R61: 4-8 | S61: 252 | T61: =H61 -> 3506 | U61: =ROUND(P61*T61,2) -> 0
C62: 0 | D62: 0 | E62: =IF(D$72=0,C62*2,C62+D62) -> 0 | F62: 4-8 | G62: 253 | H62: ='1461'!H62 -> 7023 | I62: =ROUND(E62*H62,2) -> 0 | R62: 4-8 | S62: 253 | T62: =H62 -> 7023 | U62: =ROUND(P62*T62,2) -> 0
C63: 119.18 | D63: 115.01 | E63: =IF(D$66=0,C63*2,C63+D63) -> 234.19 | F63: 9-12 | G63: 251 | H63: ='1461'!H63 -> 835 | I63: =ROUND(E63*H63,2) -> 195548.65 | R63: 9-12 | S63: 251 | T63: =H63 -> 835 | U63: =ROUND(P63*T63,2) -> 0
C64: 11.9 | D64: 11.48 | E64: =IF(D$66=0,C64*2,C64+D64) -> 23.38 | F64: 9-12 | G64: 252 | H64: ='1461'!H64 -> 3168 | I64: =ROUND(E64*H64,2) -> 74067.84 | R64: 9-12 | S64: 252 | T64: =H64 -> 3168 | U64: =ROUND(P64*T64,2) -> 0
C65: 0 | D65: 0 | E65: =IF(D$66=0,C65*2,C65+D65) -> 0 | F65: 9-12 | G65: 253 | H65: ='1461'!H65 -> 6685 | I65: =ROUND(E65*H65,2) -> 0 | R65: 9-12 | S65: 253 | T65: =H65 -> 6685 | U65: =ROUND(P65*T65,2) -> 0
C66: =SUM(C57:C65) -> 131.08 | D66: =SUM(D57:D65) -> 126.49 | E66: =SUM(E57:E65) -> 257.57 | F66: Total ESE Guarantee | I66: =SUM(I57:I65) -> 269616.49 | P66: =SUM(P57:P65) -> 0 | R66: Total ESE Guarantee | U66: =SUM(U57:U65) -> 0
A68: 3A. Divide school's Unweighted FTE (UFTE) total computed in Section 1, cell E30 above by the district's total UFTE to obtain school's | N68: 3A. Divide school's Unweighted FTE (UFTE) total computed in Section 1, cell E30 above by the District's total UFTE to obtain
A69: UFTE share. CS UFTE: | C69: =E30 -> 1097.23 | D69: ÷ District's total UFTE | H69: ='1461'!H69 -> 210166.87 | N69: school's UFTE share. CS UFTE: | P69: =P30 -> 0 | Q69: / District's total UFTE: | T69: =H69 -> 210166.87
G70: = | H70: =ROUND(C69/H69,6) -> 0.005221 | T70: =ROUND(P69/T69,6) -> 0
A71: 3B. Divide school's Weighted FTE (WFTE) total computed in Section 1, cell H30 above by the district's total WFTE to obtain school's | N71: 3B. Divide school's Weighted FTE (WFTE) total computed in Section 1, cell H30 above by the District's total WFTE to obtain
A72: WFTE share. CS WFTE: | C72: =H30 -> 1098.7884 | D72: ÷ District's total WFTE | H72: ='1461'!H72 -> 237198.6 | N72: school's WFTE share. CS WFTE: | P72: =T30 -> 0 | Q72: / District's total WFTE: | T72: =H72 -> 237198.6
G73: = | H73: =ROUND(C72/H72,6) -> 0.004632 | T73: =ROUND(P72/T72,6) -> 0
A74: 3C. Divide school's Unweighted FTE (UFTE) total computed in Section 1, cell E30 above by the District's total non-scholarship UFTE to obtain school's | N74: 3C. Divide school's Unweighted FTE (UFTE) total computed in Section 1, cell E30 above by the District's total non-scholarship UFTE to obtain
A75: UFTE share. CS UFTE: | C75: =E30 -> 1097.23 | D75: ÷ District's total non-scholarship UFTE | H75: ='1461'!H75 -> 185588.37 | N75: school's UFTE share. CS UFTE: | P75: =P30 -> 0 | Q75: / District's total non-scholarship UFTE: | T75: =H75 -> 185588.37
G76: = | H76: =ROUND(C75/H75,6) -> 0.005912 | T76: =ROUND(P75/T75,6) -> 0
A77: 3D. Divide school's Unweighted FTE (UFTE) total computed in Section 1, cell E30 above by the District's total non-virtual UFTE to obtain school's | N77: 3D. Divide school's Unweighted FTE (UFTE) total computed in Section 1, cell E30 above by the District's total non-virtual UFTE to obtain
A78: UFTE share. CS UFTE: | C78: =E30 -> 1097.23 | D78: ÷ District's total non-virtual UFTE | H78: ='1461'!H78 -> 209834.86 | N78: school's UFTE share. CS UFTE: | P78: =P30 -> 0 | Q78: / by district's total non-virtual UFTE: | T78: =H78 -> 209834.86
G79: = | H79: =ROUND(C78/H78,6) -> 0.005229 | T79: =ROUND(P78/T78,6) -> 0
A80: 3E. Divide school's Unweighted FTE (UFTE) total computed in Section 1, cell E30 above by the district's total non-scholarship/virtual UFTE to obtain | N80: 3E. Divide school's Unweighted FTE (UFTE) total computed in Section 1, cell E30 above by the District's total non-scholarship/virtual UFTE to
A81: school's UFTE share. CS UFTE: | C81: =E30 -> 1097.23 | D81: ÷ Dististict's total non-scholarship/virtual UFTE | H81: ='1461'!H81 -> 185256.36 | N81: obtain school's UFTE share. CS UFTE: | P81: =P30 -> 0 | Q81: / Dist total non-scholarship/virtual UFTE: | T81: =H81 -> 185256.36
G82: = | H82: =ROUND(C81/H81,6) -> 0.005923 | T82: =ROUND(P81/T81,6) -> 0
A85: 4. Educational Enrichment Share (Non-virtual UFTE share) | E85: (e) | F85: ='1461'!F85 -> 46151079 | G85: x | H85: =H79 -> 0.005229 | I85: =ROUND(F85*H85,2) -> 241323.99 | N85: 4. Educational Enrichment Share (Non-virtual UFTE share) | R85: =F85 -> 46151079 | S85: x | T85: =T79 -> 0 | U85: =ROUND(R85*T85,2) -> 0
A87: 5. Discretionary Millage Compression Allocation | N87: 5. Discretionary Millage Compression Allocation (UFTE share)
A88: .748 Mills (UFTE share) | E88: (b) | F88: ='1461'!F88 -> 0 | G88: x | H88: =H70 -> 0.005221 | I88: =ROUND(F88*H88,2) -> 0 | N88: .748 Mills (UFTE share) | R88: =F88 -> 0 | S88: x | T88: =T70 -> 0 | U88: =ROUND(R88*T88,2) -> 0
A90: 6. Safe Schools Allocation (Non-scholarship/virtual UFTE share) | E90: (f) | F90: ='1461'!F90 -> 19094340 | G90: x | H90: =H82 -> 0.005923 | I90: =ROUND(F90*H90,2) -> 113095.78 | N90: 6. Safe Schools Allocation (Non-scholarship/virtual UFTE share) | R90: =F90 -> 19094340 | S90: x | T90: =T82 -> 0 | U90: =ROUND(R90*T90,2) -> 0
A92: 7. Mental Health Assistance Allocation (Non-scholarship UFTE share) | E92: (b) | F92: ='1461'!F92 -> 11461928 | G92: x | H92: =H76 -> 0.005912 | I92: =ROUND(F92*H92,2) -> 67762.92 | N92: 7. Mental Health Assistance Allocation (Non-scholarship UFTE share) | R92: =F92 -> 11461928 | S92: x | T92: =T76 -> 0 | U92: =ROUND(R92*T92,2) -> 0
A94: 8. Discretionary Local Effort (WFTE share) | E94: (c) | F94: ='1461'!F94 -> 255756816 | G94: x | H94: =H73 -> 0.004632 | I94: =ROUND(F94*H94,2) -> 1184665.6 | N94: 8. Discretionary Local Effort (WFTE share) | R94: =F94 -> 255756816 | S94: x | T94: =T73 -> 0 | U94: =ROUND(R94*T94,2) -> 0
A96: 9. Proration to Funds Available (WFTE share) | E96: (c) | F96: ='1461'!F96 -> -16705366 | G96: x | H96: =H73 -> 0.004632 | I96: =ROUND(F96*H96,2) -> -77379.26 | N96: 9. Proration to Funds Available (WFTE share) | R96: =F96 -> -16705366 | S96: x | T96: =T73 -> 0 | U96: =ROUND(R96*T96,2) -> 0
A98: 10. Educational Enrollment Stabilization Program (UFTE Share) | E98: (b) | F98: ='1461'!F98 -> 203862 | G98: x | H98: =H70 -> 0.005221 | I98: =ROUND(F98*H98,2) -> 1064.36 | N98: 10. Educational Enrollment Stabilization Program (UFTE Share) | R98: =F98 -> 203862 | S98: x | T98: =T70 -> 0 | U98: =ROUND(R98*T98,2) -> 0
A101: 11. Class Size Reduction Funds: | N101: 11. Class Size Reduction Funds:
C102: Weighted FTE | F102: Allocation
C103: (not including Add-On) | E103: X CWF X | F103: Factors | N103: Weighted FTE (not including Add-On) | P103: X CWF X | R103: Allocation factors
B104: PK - 3 | C104: =H14+H15+H20+H23+H26 -> 0 | E104: =H8 -> 1.0408 | F104: ='1461'!F104 -> 950.92 | G104: = | H104: =ROUND(C104*E104*F104,2) -> 0 | N104: PK - 3 | O104: =T14+T15+T20+T23+T26 -> 0 | P104: =T8 -> 1.0408 | R104: =F104 -> 950.92 | S104: = | T104: =ROUND(O104*P104*R104,2) -> 0
B105: 4-8 | C105: =H16+H17+H21+H24+H27 -> 0 | E105: =H8 -> 1.0408 | F105: ='1461'!F105 -> 907.92 | G105: = | H105: =ROUND(C105*E105*F105,2) -> 0 | N105: 4-8 | O105: =T16+T17+T21+T24+T27 -> 0 | P105: =T8 -> 1.0408 | R105: =F105 -> 907.92 | S105: = | T105: =ROUND(O105*P105*R105,2) -> 0
B106: 9-12 | C106: =H18+H19+H22+H25+H28+H29 -> 1098.7884 | E106: =H8 -> 1.0408 | F106: ='1461'!F106 -> 910.12 | G106: = | H106: =ROUND(C106*E106*F106,2) -> 1040830.5 | N106: 9-12 | O106: =T18+T19+T22+T25+T28+T29 -> 0 | P106: =T8 -> 1.0408 | R106: =F106 -> 910.12 | S106: = | T106: =ROUND(O106*P106*R106,2) -> 0
B107: Total * | C107: =SUM(C104:C106) -> 1098.7884 | H107: Total Class Size Reduction Funds | I107: =IF(A1=75,0,H106+H105+H104) -> 1040830.5 | N107: Total * | O107: =SUM(O104:O106) -> 0 | P107: Total Class Size Reduction Funds | U107: =IF(N1=75,0,T106+T105+T104) -> 0
A108: (*Total FTE should equal total in Section 1, column (4) and should not include any additional FTE from Section 1.) | N108: (*Total FTE should equal total in Section 1, column (4) and should not include any additional FTE from Section 1.)
A110: 12. Student Transportation | E110: (h) | N110: 12. Student Transportation
C111: Oct 2024 | D111: Feb 2025 | E111: Average
C112: FTE | D112: FTE | E112: FTE
A113: All Adjusted Fundable Riders | C113: 784 | D113: 796 | E113: =(C113+D113)/2 -> 790 | F113: x | G113: ='1461'!G113 -> 584 | I113: =ROUND(G113*E113,2) -> 461360 | N113: Enter All Adjusted Fundable Riders | P113: =IF(H133=1,E113,0) -> 0 | S113: x | T113: =G113 -> 584 | U113: =ROUND(T113*P113,2) -> 0
A114: All Adjusted ESE Riders (Member Cat L) | C114: 0 | D114: 0 | E114: =(C114+D114)/2 -> 0 | F114: x | G114: ='1461'!G114 -> 1838 | I114: =ROUND(G114*E114,2) -> 0 | N114: Enter All Adjusted ESE Riders | S114: x | T114: =G114 -> 1838 | U114: =ROUND(T114*P114,2) -> 0
A117: 12. Federally Connected Student Supplement | E117: (i) | N117: 12. Federally Connected Student Supplement (i)
C118: Number of Students | H118: Impact Aide
C119: Oct 2018 | D119: Feb 2018 | E119: Total | F119: Exempt Property | H119: Student
A120: Impact Aid Student Type | C120: FTE | D120: FTE | E120: FTE | F120: Allocation | H120: Allocation | I120: Total | N120: Impact Aide Student Type | P120: Number of Students | R120: Exempt Property Allocation | T120: Impact Aide Student Allocation | U120: Total
...

Sheet 2521
B1: (Insert district number in cell A1, enter, then strike F9. Your district data then pulls from Calculation Detail Sheets) | N1: =A1 -> 0 | O1: (Insert district number in cell A1, enter, then strike F9. Your district data then pulls from Calculation Detail Sheets)
A2: Revenue Estimate Worksheet: Ed Venture Charter School - 2521 | N2: Revenue Estimate Worksheet for___________Charter School
A3: ='1461'!A3 -> Based on the FLDOE 2024-25 Final Revenue Calculation Worksheet | N3: =A3 -> Based on the FLDOE 2024-25 Final Revenue Calculation Worksheet
A4: School District: | C4: Palm Beach | F4: ='1461'!F4 -> FY 25 Final Payment | N4: School District: | P4: =C4 -> Palm Beach
A7: 1A. 2023-24 FEFP State and Local Funding | N7: =A7 -> 1A. 2023-24 FEFP State and Local Funding
B8: Base Student Allocation: | C8: ='1461'!C8 -> 5330.98 | G8: Comparable Wage Factor: | H8: ='1461'!H8 -> 1.0408 | N8: Base Student Allocation | P8: =C8 -> 5330.98 | R8: Comparable Wage Factor: | T8: =H8 -> 1.0408
G9: Small District Factor: | H9: ='1461'!H9 -> 1 | R9: Small District Factor: | T9: =H9 -> 1
C10: ='1461'!C10 | D10: ='1461'!D10 | I10: ='1461'!I10 -> 2024-25 | U10: =I10 -> 2024-25
C11: ='1461'!C11 -> Oct 2024 | D11: ='1461'!D11 -> Feb 2025 | E11: Total | F11: Program | H11: Weighted FTE | I11: Base Funding | R11: Program | T11: Weighted FTE | U11: Base Funding
A12: Program | C12: ='1461'!C12 -> FTE | D12: ='1461'!D12 -> FTE | E12: FTE | F12: Cost Factor | H12: (2) x (3) | I12: (WFTE x BSA x CWF x SDF) | N12: Program | P12: Number of FTE | R12: Cost Factor | T12: (2) x (3) | U12: =I12 -> (WFTE x BSA x CWF x SDF)
A13: (1) | E13: (2) | F13: (3) | H13: (4) | I13: (5) | N13: (1) | P13: (2) | R13: (3) | T13: (4) | U13: (5)
A14: 101 Basic K-3 | C14: 0 | D14: 0 | E14: =IF(D$30=0,C14*2,C14+D14) -> 0 | F14: ='1461'!F14:G14 -> 1.118 | H14: =ROUND(E14*F14,4) -> 0 | I14: =ROUND(ROUND(ROUND(H14*$C$8,4)*($H$8),2)*(MAX($H$9,1)),2) -> 0 | N14: 101 Basic K-3 | P14: =IF($H$133=1,E14,0) -> 0 | R14: 1 | T14: =ROUND(P14*R14,4) -> 0 | U14: =ROUND(ROUND(ROUND(T14*$C$8,4)*($H$8),2)*(MAX($H$9,1)),2) -> 0
A15: 111 Basic K-3 with ESE Services | C15: 0 | D15: 0 | E15: =IF(D$30=0,C15*2,C15+D15) -> 0 | F15: ='1461'!F15:G15 -> 1.118 | H15: =ROUND(E15*F15,4) -> 0 | I15: =ROUND(ROUND(ROUND(H15*$C$8,4)*($H$8),2)*(MAX($H$9,1)),2) -> 0 | J15: =IF(ROUND(E15,2)=ROUND(SUM(E57:E59),2)," ","CHECK PK-3 LINES BELOW") | N15: 111 Basic K-3 with ESE Services | P15: =IF($H$133=1,E15,0) -> 0 | R15: 1 | T15: =ROUND(P15*R15,4) -> 0 | U15: =ROUND(ROUND(ROUND(T15*$C$8,4)*($H$8),2)*(MAX($H$9,1)),2) -> 0
A16: 102 Basic 4-8 | C16: 0 | D16: 0 | E16: =IF(D$30=0,C16*2,C16+D16) -> 0 | F16: ='1461'!F16:G16 -> 1 | H16: =ROUND(E16*F16,4) -> 0 | I16: =ROUND(ROUND(ROUND(H16*$C$8,4)*($H$8),2)*(MAX($H$9,1)),2) -> 0 | N16: 102 Basic 4-8 | P16: =IF($H$133=1,E16,0) -> 0 | R16: 1 | T16: =ROUND(P16*R16,4) -> 0 | U16: =ROUND(ROUND(ROUND(T16*$C$8,4)*($H$8),2)*(MAX($H$9,1)),2) -> 0
A17: 112 Basic 4-8 with ESE Services | C17: 0 | D17: 0 | E17: =IF(D$30=0,C17*2,C17+D17) -> 0 | F17: ='1461'!F17:G17 -> 1 | H17: =ROUND(E17*F17,4) -> 0 | I17: 0 | J17: =IF(ROUND(E17,2)=ROUND(SUM(E60:E62),2)," ","CHECK 4-8 LINES BELOW") | N17: 112 Basic 4-8 with ESE Services | P17: =IF($H$133=1,E17,0) -> 0 | R17: 1 | T17: =ROUND(P17*R17,4) -> 0 | U17: =ROUND(ROUND(ROUND(T17*$C$8,4)*($H$8),2)*(MAX($H$9,1)),2) -> 0
A18: 103 Basic 9-12 | C18: 0 | D18: 0 | E18: =IF(D$30=0,C18*2,C18+D18) -> 0 | F18: ='1461'!F18:G18 -> 0.978 | H18: =ROUND(E18*F18,4) -> 0 | I18: =ROUND(ROUND(ROUND(H18*$C$8,4)*($H$8),2)*(MAX($H$9,1)),2) -> 0 | N18: 103 Basic 9-12 | P18: =IF($H$133=1,E18,0) -> 0 | R18: 1 | T18: =ROUND(P18*R18,4) -> 0 | U18: =ROUND(ROUND(ROUND(T18*$C$8,4)*($H$8),2)*(MAX($H$9,1)),2) -> 0
A19: 113 Basic 9-12 with ESE Services | C19: 26.72 | D19: 25.68 | E19: =IF(D$30=0,C19*2,C19+D19) -> 52.4 | F19: ='1461'!F19:G19 -> 0.978 | H19: =ROUND(E19*F19,4) -> 51.2472 | I19: =ROUND(ROUND(ROUND(H19*$C$8,4)*($H$8),2)*(MAX($H$9,1)),2) -> 284344.27 | J19: =IF(ROUND(E19,2)=ROUND(SUM(E63:E65),2)," ","CHECK 4-8 LINES BELOW") | N19: 113 Basic 9-12 with ESE Services | P19: =IF($H$133=1,E19,0) -> 52.4 | R19: 1 | T19: =ROUND(P19*R19,4) -> 52.4 | U19: =ROUND(ROUND(ROUND(T19*$C$8,4)*($H$8),2)*(MAX($H$9,1)),2) -> 290740.56
A20: 254 ESE Level 4 (Grade Level PK-3) | C20: 0 | D20: 0 | E20: =IF(D$30=0,C20*2,C20+D20) -> 0 | F20: ='1461'!F20:G20 -> 3.697 | H20: =ROUND(E20*F20,4) -> 0 | I20: =ROUND(ROUND(ROUND(H20*$C$8,4)*($H$8),2)*(MAX($H$9,1)),2) -> 0 | N20: 254 ESE Level 4 (Grade Level PK-3) | P20: =IF($H$133=1,E20,0) -> 0 | R20: 1 | T20: =ROUND(P20*R20,4) -> 0 | U20: =ROUND(ROUND(ROUND(T20*$C$8,4)*($H$8),2)*(MAX($H$9,1)),2) -> 0
A21: 254 ESE Level 4 (Grade Level 4-8) | C21: 0 | D21: 0 | E21: =IF(D$30=0,C21*2,C21+D21) -> 0 | F21: ='1461'!F21:G21 -> 3.697 | H21: =ROUND(E21*F21,4) -> 0 | I21: =ROUND(ROUND(ROUND(H21*$C$8,4)*($H$8),2)*(MAX($H$9,1)),2) -> 0 | N21: 254 ESE Level 4 (Grade Level 4-8) | P21: =IF($H$133=1,E21,0) -> 0 | R21: 1 | T21: =ROUND(P21*R21,4) -> 0 | U21: =ROUND(ROUND(ROUND(T21*$C$8,4)*($H$8),2)*(MAX($H$9,1)),2) -> 0
A22: 254 ESE Level 4 (Grade Level 9-12) | C22: 10.12 | D22: 10.18 | E22: =IF(D$30=0,C22*2,C22+D22) -> 20.3 | F22: ='1461'!F22:G22 -> 3.697 | H22: =ROUND(E22*F22,4) -> 75.0491 | I22: =ROUND(ROUND(ROUND(H22*$C$8,4)*($H$8),2)*(MAX($H$9,1)),2) -> 416408.73 | N22: 254 ESE Level 4 (Grade Level 9-12) | P22: =IF($H$133=1,E22,0) -> 20.3 | R22: 1 | T22: =ROUND(P22*R22,4) -> 20.3 | U22: =ROUND(ROUND(ROUND(T22*$C$8,4)*($H$8),2)*(MAX($H$9,1)),2) -> 112634.22
A23: 255 ESE Level 5 (Grade Level PK-3) | C23: 0 | D23: 0 | E23: =IF(D$30=0,C23*2,C23+D23) -> 0 | F23: ='1461'!F23:G23 -> 5.992 | H23: =ROUND(E23*F23,4) -> 0 | I23: =ROUND(ROUND(ROUND(H23*$C$8,4)*($H$8),2)*(MAX($H$9,1)),2) -> 0 | N23: 255 ESE Level 5 (Grade Level PK-3) | P23: =IF($H$133=1,E23,0) -> 0 | R23: 1 | T23: =ROUND(P23*R23,4) -> 0 | U23: =ROUND(ROUND(ROUND(T23*$C$8,4)*($H$8),2)*(MAX($H$9,1)),2) -> 0
A24: 255 ESE Level 5 (Grade Level 4-8) | C24: 0 | D24: 0 | E24: =IF(D$30=0,C24*2,C24+D24) -> 0 | F24: ='1461'!F24:G24 -> 5.992 | H24: =ROUND(E24*F24,4) -> 0 | I24: =ROUND(ROUND(ROUND(H24*$C$8,4)*($H$8),2)*(MAX($H$9,1)),2) -> 0 | N24: 255 ESE Level 5 (Grade Level 4-8) | P24: =IF($H$133=1,E24,0) -> 0 | R24: 1 | T24: =ROUND(P24*R24,4) -> 0 | U24: =ROUND(ROUND(ROUND(T24*$C$8,4)*($H$8),2)*(MAX($H$9,1)),2) -> 0
A25: 255 ESE Level 5 (Grade Level 9-12) | C25: 0 | D25: 0 | E25: =IF(D$30=0,C25*2,C25+D25) -> 0 | F25: ='1461'!F25:G25 -> 5.992 | H25: =ROUND(E25*F25,4) -> 0 | I25: =ROUND(ROUND(ROUND(H25*$C$8,4)*($H$8),2)*(MAX($H$9,1)),2) -> 0 | N25: 255 ESE Level 5 (Grade Level 9-12) | P25: =IF($H$133=1,E25,0) -> 0 | R25: 1 | T25: =ROUND(P25*R25,4) -> 0 | U25: =ROUND(ROUND(ROUND(T25*$C$8,4)*($H$8),2)*(MAX($H$9,1)),2) -> 0
A26: 130 ESOL (Grade Level PK-3) | C26: 0 | D26: 0 | E26: =IF(D$30=0,C26*2,C26+D26) -> 0 | F26: ='1461'!F26:G26 -> 1.192 | H26: =ROUND(E26*F26,4) -> 0 | I26: =ROUND(ROUND(ROUND(H26*$C$8,4)*($H$8),2)*(MAX($H$9,1)),2) -> 0 | N26: 130 ESOL (Grade Level PK-3) | P26: =IF($H$133=1,E26,0) -> 0 | R26: 1 | T26: =ROUND(P26*R26,4) -> 0 | U26: =ROUND(ROUND(ROUND(T26*$C$8,4)*($H$8),2)*(MAX($H$9,1)),2) -> 0
A27: 130 ESOL (Grade Level 4-8) | C27: 0 | D27: 0 | E27: =IF(D$30=0,C27*2,C27+D27) -> 0 | F27: ='1461'!F27:G27 -> 1.192 | H27: =ROUND(E27*F27,4) -> 0 | I27: =ROUND(ROUND(ROUND(H27*$C$8,4)*($H$8),2)*(MAX($H$9,1)),2) -> 0 | N27: 130 ESOL (Grade Level 4-8) | P27: =IF($H$133=1,E27,0) -> 0 | R27: 1 | T27: =ROUND(P27*R27,4) -> 0 | U27: =ROUND(ROUND(ROUND(T27*$C$8,4)*($H$8),2)*(MAX($H$9,1)),2) -> 0
A28: 130 ESOL (Grade Level 9-12) | C28: 0 | D28: 0 | E28: =IF(D$30=0,C28*2,C28+D28) -> 0 | F28: ='1461'!F28:G28 -> 1.192 | H28: =ROUND(E28*F28,4) -> 0 | I28: =ROUND(ROUND(ROUND(H28*$C$8,4)*($H$8),2)*(MAX($H$9,1)),2) -> 0 | N28: 130 ESOL (Grade Level 9-12) | P28: =IF($H$133=1,E28,0) -> 0 | R28: 1 | T28: =ROUND(P28*R28,4) -> 0 | U28: =ROUND(ROUND(ROUND(T28*$C$8,4)*($H$8),2)*(MAX($H$9,1)),2) -> 0
A29: 300 Career Education (Grades 9-12) | C29: 0 | D29: 0 | E29: =IF(D$30=0,C29*2,C29+D29) -> 0 | F29: ='1461'!F29:G29 -> 1.079 | H29: =ROUND(E29*F29,4) -> 0 | I29: =ROUND(ROUND(ROUND(H29*$C$8,4)*($H$8),2)*(MAX($H$9,1)),2) -> 0 | N29: 300 Career Education (Grades 9-12) | P29: =IF($H$133=1,E29,0) -> 0 | R29: 1 | T29: =ROUND(P29*R29,4) -> 0 | U29: =ROUND(ROUND(ROUND(T29*$C$8,4)*($H$8),2)*(MAX($H$9,1)),2) -> 0
A30: Totals | C30: =SUM(C14:C29) -> 36.84 | D30: =SUM(D14:D29) -> 35.86 | E30: =SUM(E14:E29) -> 72.7 | H30: =SUM(H14:H29) -> 126.2963 | I30: =SUM(I14:I29) -> 700753 | N30: Totals | P30: =SUM(P14:P29) -> 72.7 | T30: =SUM(T14:T29) -> 72.7 | U30: =SUM(U14:U29) -> 403374.78
A32: Letters in Parentheses Refer to Notes at Bottom of Worksheet:
F34: Charter schools should contact their school district sponsor regarding eligible FTE. Please note that “Number of FTE” is NOT equivalent to number of students enrolled in these courses or programs. Please refer to footnote (a) below.
I35: 2015-16 | N35: Letters Refer to Notes At Bottom: | U35: =I35 -> 2015-16
C36: Oct 2014 | D36: Feb 2015 | E36: Total | I36: Base Funding | U36: Base Funding
A37: Additional FTE (a) | C37: FTE | D37: FTE | E37: FTE | I37: (WFTE x BSA x CWF x SDF) | N37: Additional FTE (a) | P37: Number of FTE | U37: =I37 -> (WFTE x BSA x CWF x SDF)
A38: Advanced Placement | C38: 0 | D38: 0 | E38: =IF(D$44=0,C38*2,C38+D38) -> 0 | I38: =ROUND(ROUND(ROUND(E38*$C$8,4)*($H$8),2)*(MAX($H$9,1)),2) -> 0 | N38: Advanced Placement | P38: =IF($H$133=1,E38,0) -> 0 | U38: =ROUND(ROUND(ROUND(P38*$C$8,4)*($H$8),2)*(MAX($H$9,1)),2) -> 0
A39: International Baccalaureate | C39: 0 | D39: 0 | E39: =IF(D$44=0,C39*2,C39+D39) -> 0 | I39: =ROUND(ROUND(ROUND(E39*$C$8,4)*($H$8),2)*(MAX($H$9,1)),2) -> 0 | N39: International Baccalaureate | P39: =IF($H$133=1,E39,0) -> 0 | U39: =ROUND(ROUND(ROUND(P39*$C$8,4)*($H$8),2)*(MAX($H$9,1)),2) -> 0
A40: Advanced International Certificate | C40: 0 | D40: 0 | E40: =IF(D$44=0,C40*2,C40+D40) -> 0 | I40: =ROUND(ROUND(ROUND(E40*$C$8,4)*($H$8),2)*(MAX($H$9,1)),2) -> 0 | N40: Advanced International Certificate | P40: =IF($H$133=1,E40,0) -> 0 | U40: =ROUND(ROUND(ROUND(P40*$C$8,4)*($H$8),2)*(MAX($H$9,1)),2) -> 0
A41: Industry Certified Career Education | C41: 0 | D41: 0 | E41: =IF(D$44=0,C41*2,C41+D41) -> 0 | I41: =ROUND(ROUND(ROUND(E41*$C$8,4)*($H$8),2)*(MAX($H$9,1)),2) -> 0 | N41: Industry Certified Career Education | P41: =IF($H$133=1,E41,0) -> 0 | U41: =ROUND(ROUND(ROUND(P41*$C$8,4)*($H$8),2)*(MAX($H$9,1)),2) -> 0
A42: Early High School Graduation | D42: 0 | E42: =IF(D$44=0,C42*2,C42+D42) -> 0 | I42: =ROUND(ROUND(ROUND(E42*$C$8,4)*($H$8),2)*(MAX($H$9,1)),2) -> 0 | N42: Early High School Graduation | P42: =IF($H$133=1,E42,0) -> 0 | U42: =ROUND(ROUND(ROUND(P42*$C$8,4)*($H$8),2)*(MAX($H$9,1)),2) -> 0
A43: Small District ESE Supplement | C43: 0 | D43: 0 | E43: =IF(D$44=0,C43*2,C43+D43) -> 0 | I43: =ROUND(ROUND(ROUND(E43*$C$8,4)*($H$8),2)*(MAX($H$9,1)),2) -> 0 | N43: Small District ESE Supplement | P43: =IF($H$133=1,E43,0) -> 0 | U43: =ROUND(ROUND(ROUND(P43*$C$8,4)*($H$8),2)*(MAX($H$9,1)),2) -> 0
B44: Total Additional FTE | C44: =SUM(C38:C43) -> 0 | D44: =SUM(D38:D43) -> 0 | E44: =SUM(E38:E43) -> 0 | H44: Additional Base Funds | I44: =SUM(I38:I43) -> 0 | N44: Total Additional FTE | R44: =SUM(P38:R43) -> 0 | S44: Additional Base Funds | U44: =SUM(U38:U43) -> 0
B46: Total Funded Weighted FTE | E46: =H30+E44 -> 126.2963 | H46: Total Base Funding | I46: =SUM(I44,I30) -> 700753 | N46: Total Funded Weighted FTE | R46: =R44+T30 -> 72.7 | S46: Total Base Funding | U46: =SUM(U44,U30) -> 403374.78
A48: 1B. Classroom Teacher & Other Instructional Personnel Salary Increase | N48: 1B. Classroom Teacher & Other Instructional Personnel Salary Increase
A49: Maintenance and Growth Portions of the Salary Increase funds are part of the total Base Funding and are not treated as a separate allocation. | N49: Maintenance and Growth Portions of the Salary Increase funds are part of the total Base Funding and are not treated as a separate allocation.
A50: Amounts are split out here for informative purposes and for the purposes of providing a total that may be used for calculating the adminstrative fee. | N50: Amounts are split out here for informative purposes and for the purposes of providing a total that may be used for calculating the adminstrative fee.
B51: Maintenance Portion (5.59% of Conference Funding) | E51: (g) (k) | F51: 541444.93 | G51: x | H51: 0.0559 | I51: =ROUND(F51*H51,2) -> 30266.77 | O51: Maintenance Portion (5.59% of Base Funding) | Q51: (g) (k) | R51: =U30 -> 403374.78 | S51: x | T51: 0.0559 | U51: =I51 -> 30266.77
B52: Growth Portion (1.07% of Conference Funding) | E52: (g) (k) | F52: 541444.93 | G52: x | H52: 0.0107 | I52: =ROUND(F52*H52,2) -> 5793.46 | O52: Growth Portion (1.07% of Base Funding) | Q52: (g) (k) | R52: =U30 -> 403374.78 | S52: x | T52: 0.0107 | U52: =I52 -> 5793.46
B53: Total Salary Increase | I53: =SUM(I51:I52) -> 36060.23 | O53: Total Salary Increase | U53: =SUM(U51:U52) -> 36060.23
C54: ='1461'!C54 | D54: ='1461'!D54 | P54: ='1461'!P54 | Q54: ='1461'!Q54
C55: ='1461'!C55 -> Oct 2024 | D55: ='1461'!D55 -> Feb 2025 | E55: Total | F55: Grade | G55: Matrix | H55: Guarantee | S55: Matrix | T55: Guarantee
A56: 2. ESE Guaranteed Allocation: | C56: ='1461'!C56 -> FTE | D56: ='1461'!D56 -> FTE | E56: FTE | F56: Level | G56: Level | H56: Per Student | N56: 2. ESE Guaranteed Allocation: | P56: FTE | R56: Grade Level | S56: Level | T56: Per Student
A57: Additional Funding from the ESE Guaranteed Allocation. Enter the FTE from 111,112 and 113 by grade and matrix level. Students who do not have a matrix level should be considered 251. This total should equal all FTE from programs 111, 112 and 113 above. | C57: 0 | D57: 0 | E57: =IF(D$72=0,C57*2,C57+D57) -> 0 | F57: PK-3 | G57: 251 | H57: ='1461'!H57 -> 1047 | I57: =ROUND(E57*H57,2) -> 0 | N57: Additional Funding from the ESE Guaranteed Allocation. Enter the FTE from 111,112 and 113 by grade and matrix level. Students who do not have a matrix level should be considered 251. This total should equal all FTE from programs 111, 112 and 113 above. | R57: PK-3 | S57: 251 | T57: =H57 -> 1047 | U57: =ROUND(P57*T57,2) -> 0
C58: 0 | D58: 0 | E58: =IF(D$72=0,C58*2,C58+D58) -> 0 | F58: PK-3 | G58: 252 | H58: ='1461'!H58 -> 3380 | I58: =ROUND(E58*H58,2) -> 0 | R58: PK-3 | S58: 252 | T58: =H58 -> 3380 | U58: =ROUND(P58*T58,2) -> 0
C59: 0 | D59: 0 | E59: =IF(D$72=0,C59*2,C59+D59) -> 0 | F59: PK-3 | G59: 253 | H59: ='1461'!H59 -> 6896 | I59: =ROUND(E59*H59,2) -> 0 | R59: PK-3 | S59: 253 | T59: =H59 -> 6896 | U59: =ROUND(P59*T59,2) -> 0
C60: 0 | D60: 0 | E60: =IF(D$72=0,C60*2,C60+D60) -> 0 | F60: 4-8 | G60: 251 | H60: ='1461'!H60 -> 1173 | I60: =ROUND(E60*H60,2) -> 0 | R60: 4-8 | S60: 251 | T60: =H60 -> 1173 | U60: =ROUND(P60*T60,2) -> 0
C61: 0 | D61: 0 | E61: =IF(D$72=0,C61*2,C61+D61) -> 0 | F61: 4-8 | G61: 252 | H61: ='1461'!H61 -> 3506 | I61: =ROUND(E61*H61,2) -> 0 | R61: 4-8 | S61: 252 | T61: =H61 -> 3506 | U61: =ROUND(P61*T61,2) -> 0
C62: 0 | D62: 0 | E62: =IF(D$72=0,C62*2,C62+D62) -> 0 | F62: 4-8 | G62: 253 | H62: ='1461'!H62 -> 7023 | I62: =ROUND(E62*H62,2) -> 0 | R62: 4-8 | S62: 253 | T62: =H62 -> 7023 | U62: =ROUND(P62*T62,2) -> 0
C63: 0 | D63: 0 | E63: =IF(D$66=0,C63*2,C63+D63) -> 0 | F63: 9-12 | G63: 251 | H63: ='1461'!H63 -> 835 | I63: =ROUND(E63*H63,2) -> 0 | R63: 9-12 | S63: 251 | T63: =H63 -> 835 | U63: =ROUND(P63*T63,2) -> 0
C64: 0.5 | D64: 0.48 | E64: =IF(D$66=0,C64*2,C64+D64) -> 0.98 | F64: 9-12 | G64: 252 | H64: ='1461'!H64 -> 3168 | I64: =ROUND(E64*H64,2) -> 3104.64 | R64: 9-12 | S64: 252 | T64: =H64 -> 3168 | U64: =ROUND(P64*T64,2) -> 0
C65: 26.22 | D65: 25.2 | E65: =IF(D$66=0,C65*2,C65+D65) -> 51.42 | F65: 9-12 | G65: 253 | H65: ='1461'!H65 -> 6685 | I65: =ROUND(E65*H65,2) -> 343742.7 | R65: 9-12 | S65: 253 | T65: =H65 -> 6685 | U65: =ROUND(P65*T65,2) -> 0
C66: =SUM(C57:C65) -> 26.72 | D66: =SUM(D57:D65) -> 25.68 | E66: =SUM(E57:E65) -> 52.4 | F66: Total ESE Guarantee | I66: =SUM(I57:I65) -> 346847.34 | P66: =SUM(P57:P65) -> 0 | R66: Total ESE Guarantee | U66: =SUM(U57:U65) -> 0
A68: 3A. Divide school's Unweighted FTE (UFTE) total computed in Section 1, cell E30 above by the district's total UFTE to obtain school's | N68: 3A. Divide school's Unweighted FTE (UFTE) total computed in Section 1, cell E30 above by the District's total UFTE to obtain
A69: UFTE share. CS UFTE: | C69: =E30 -> 72.7 | D69: ÷ District's total UFTE | H69: ='1461'!H69 -> 210166.87 | N69: school's UFTE share. CS UFTE: | P69: =P30 -> 72.7 | Q69: / District's total UFTE: | T69: =H69 -> 210166.87
G70: = | H70: =ROUND(C69/H69,6) -> 0.000346 | T70: =ROUND(P69/T69,6) -> 0.000346
A71: 3B. Divide school's Weighted FTE (WFTE) total computed in Section 1, cell H30 above by the district's total WFTE to obtain school's | N71: 3B. Divide school's Weighted FTE (WFTE) total computed in Section 1, cell H30 above by the District's total WFTE to obtain
A72: WFTE share. CS WFTE: | C72: =H30 -> 126.2963 | D72: ÷ District's total WFTE | H72: ='1461'!H72 -> 237198.6 | N72: school's WFTE share. CS WFTE: | P72: =T30 -> 72.7 | Q72: / District's total WFTE: | T72: =H72 -> 237198.6
